Workbook

Sheet Instructions
B2: Hi and Welcome to this spreadsheet that is aimed at helping you keep your Club's financial records in order & will automatically produce 2 Reports - (1) Income & Expenditure Statement and (2) Cashflow Statement in an easy to read & understand format.
B4: There are a few things you need to do to set up this template each year, once you have downloaded it from the Sported Website.
A6: 1 | B6: Once you have downloaded this file, please save it onto your Club's computer or cloud storage.
A7: 2 | B7: Save the File with a different Name (Example: XXX Football Club Finance Records TEMPLATE - DO NOT OVERWRITE) Keep this copy of the blank File so you can re-use it each year
A8: 3 | B8: Save another copy with the Name for the Year (Example XXX Football Club Finance Records 2024-25 (This is the version of the file you will use for your current financial year)
B10: DATA WORKSHEET
A11: 4 | B11: The next step is to fill in the first Worksheet (Data) This worksheet will populate the other worksheets with headings, dates etc. to keep your reports standard for the whole year and save you time typing the same things repeatedly. (PLEASE DO NOT CUT OR COPY OR PASTE headings from one cell to another as this will corrupt the template - Instead just re-type the data the way you want it)
A12: 5 | B12: In the Data Worksheet, please enter the relevant data in Column B ( the Yellow Highlighted cells.) Examples are given to help you, but please use your own headings that are right for your club.
A13: 6 | B13: You can start your financial year in any month. The example is based on a standard financial year, so please change to suit your Club's own financial year start & end. Example, if your financial year actually starts in January, then Period 1 = "January", Period 2 = "February" and so on. Enter data in Column B (highlighted in yellow)
A14: 7 | B14: The next section are your club's types of INCOME. It is easier to start with the most commonly used Income Type, Example If the most regular Income is "Membership Fees" then enter this as Type 1 in Column B (highlighted in yellow)
A15: 8 | B15: The next section are your club's types of EXPENDITURE. It is easier to start with the most commonly used Expenditure Type, Example If the most regular Expenditure is "Hall Let Costs" then enter this as Type 1 in Column B (highlighted in yellow)
A16: 9 | B16: The last Item you need to input in this worksheet is the opening Bank balance at the start of your financial year. This should be as stated on your Club's Bank Statement.
B18: BUDGET WORKSHEET
B19: The Budget Worksheet is a useful tool to help plan out the year ahead in as much detail as you need. Your Budget can be revised at any time throughout the year, however this should only be done with the approval of the Club's Committee, and recorded in the Minutes of the relevant meeting. In general a budget is normally reviewed & revised once and only updated for significant changes from the original Budget.
A21: 1 | B21: You will note that all Months, and Income & Expenditure Headings have been automatically entered based on the information you enterd in the DATA Worksheet.
A22: 2 | B22: Please enter the data based on the months you expect to receive income or spend in the relevant month. Please use the " Notes / Assumption" section in Column P to record how you worked out the annual budget figure. It is helpful to record this information now so that if actual figures vary a lot from what was originally budgeted you can refer back to your original budget assumptions. You can also add additional notes if the Budget is revised at any time in the year. The cells will automatically expand to include all that you input, so no need for shorthand.
A23: 3 | B23: This Budget Worksheet will produce a Summary of the Surplus / (Deficit) expected as well as noting the Opening & Closing Cash Balances. This helps you adjust your plans to ensure that you do not run out of cash at any point in the coming year.
B25: WORKSHEETS CB1 to CB12
B27: These Worksheets are for you to record the actual Income & Expenditure incurred each month and the data entered here will automatically populate your Income & Expenditure and Cashflow Reports on a monthly basis.
A29: 1 | B29: Enter the date of the Income Transaction in Column A in the format DD/MM/YYYY
A30: 2 | B30: Enter a description for the Type of Income in Column B
A31: 3 | B31: Enter any other reference such as a PayIn number or other bank reference in Column C
A32: 4 | B32: Enter the amount of the Transaction under the Relevant Income Type in Columns E to AH accordingly. The Total should agree to the amount on the Bank Statement. You can enter several types of Income in 1 row as long as they all have the same date on the Bank Statement
A33: 5 | B33: Enter the date of the Expenditure Transaction in Column AJ in the format DD/MM/YYYY
A34: 6 | B34: Enter a description for the Type of Expenditure in Column AK
A35: 7 | B35: Enter any other reference such as a Direct Debit Reference / Cheque Number or other bank reference in Column AL
A36: 8 | B36: Enter the amount of the Transaction under the Relevant Expenditure Type in Columns AN to CF accordingly. The Total should agree to the amount on the Bank Statement. You can enter several types of Expenditure in 1 row as long as they all have the same date on the Bank Statement
B39: WORKSHEETS IE1 to IE12
B41: These worksheets are your Monthly Income & Expenditure Statements and do not need any inputof financial data as they are auto matically completed from the data already entered in the DATA, BUDGET and relevant CB Worksheets. They do however require input in Column J, K and L for the reason for any significant variance from the Budget.
B42: These reports should be reviewed monthly. The Actual figures are compared both monthly and cumulatively against the Budget and will note any variance between the two. For any significant variance, such as above or below 10% or a set amount agreed by the Committee.
A43: 1 | B43: In Column J, please record the reason for any significant variance from Budget. Be completely honest about the reason, even if the original budget assumption was completely incorrect - this demonstrates clear accountability & openness for your Club. It may also help you in future years to improve your budget.
A44: 2 | B44: In Column K, please record the action that is required to rectify any problems now or in the future if this is relevant.
A45: 3 | B45: In Column L, please record a Note Number for easy Reference for the Minute of the Meeting.
B47: WORKSHEETS CF1 to CF12
B49: These worksheets are your Cashflow Statements update each month with actual figures and future months based on the Budget. These Worksheets do not require any input of financial data, as they are automatically completed from the data already entered in the DATA, BUDGET and relevant CB Worksheets. They do require input in Column O for any significant problems identified and action required to ensure that the Cash Balance is always positive.
B51: This Template has been prepared to help your Club record it's financial performance accurately. Formulas have been protected to ensure the validity & accuracy of the Reports, however if you identify any issues with accuracy of reporting please inform Sported.

Sheet Data
C1: Format (Example)
A2: Club Name | C2: XXX Football Club
A3: Financial Year | C3: 2024-25
A4: Period 1 | C4: April
A5: Period 2 | C5: May
A6: Period 3 | C6: June
A7: Period 4 | C7: July
A8: Period 5 | C8: August
A9: Period 6 | C9: September
A10: Period 7 | C10: October
A11: Period 8 | C11: November
A12: Period 9 | C12: December
A13: Period 10 | C13: January
... A15: Period 12 | C15: March
A17: Income Headings
A18: CB Income 1 | C18: Membership Fees
A19: CB Income 2 | C19: Session Fee
A20: CB Income 3 | C20: General Donations
A21: CB Income 4 | C21: Restricted Use Donations
A22: CB Income 5 | C22: Fundraising Event 1 Income
A23: CB Income 6 | C23: Fundraising Event 2 Income
A24: CB Income 7 | C24: Fundraising Event 3 Income
A25: CB Income 8 | C25: Grant 1 Income
A26: CB Income 9 | C26: Grant 2 Income
A27: CB Income 10 | C27: Company Sponsorship
A28: CB Income 11 | C28: Gift Aid
A29: CB Income 12
A30: CB Income 13
A31: CB Income 14
A32: CB Income 15
A33: CB Income 16
A34: CB Income 17
A35: CB Income 18
A36: CB Income 19
A37: CB Income 20
A38: CB Income 21
A39: CB Income 22
A40: CB Income 23
... A49: Expenditure Headings
A50: CB Expend 1 | C50: Employee Salary (NET)
A51: CB Expend 2 | C51: Employer & Employee NI & PAYE
A52: CB Expend 3 | C52: Employer & Employee Pension
A53: CB Expend 4 | C53: Hall Let / Pitch Fee
A54: CB Expend 5 | C54: Gas / Electricity
A55: CB Expend 6 | C55: Travel Costs
A56: CB Expend 7 | C56: Equipment
A57: CB Expend 8 | C57: Food / Drink
A58: CB Expend 9 | C58: Committee Expenses
A59: CB Expend 10 | C59: Restricted Use Donation Expenditure
A60: CB Expend 11 | C60: Fundraising Event 1 Expend
A61: CB Expend 12 | C61: Fundraising Event 2 Expend
A62: CB Expend 13 | C62: Fundraising Event 3 Expend
A63: CB Expend 14
A64: CB Expend 15
A65: CB Expend 16
A66: CB Expend 17
A67: CB Expend 18
A68: CB Expend 19
A69: CB Expend 20
A70: CB Expend 21
A71: CB Expend 22
A72: CB Expend 23
A73: CB Expend 24
A74: CB Expend 25
... A94: CB Expend 45
A96: Opening Cash (Bank) Balance | C96: 1234.56

Sheet Budget
A1: =Data!$B$2 -> 0
A3: =_xlfn.CONCAT("Year ",Data!B3) -> Year
A5: Month | B5: =Data!$B$4 -> 0 | C5: =Data!$B$5 -> 0 | D5: =Data!$B$6 -> 0 | E5: =Data!$B$7 -> 0 | F5: =Data!$B$8 -> 0 | G5: =Data!$B$9 -> 0 | H5: =Data!$B$10 -> 0 | I5: =Data!$B$11 -> 0 | J5: =Data!$B$12 -> 0 | K5: =Data!$B$13 -> 0 | L5: =Data!$B$14 -> 0 | M5: =Data!$B$15 -> 0 | N5: TOTAL | P5: Notes / Assumptions
A6: Income
A7: =Data!$B$18 -> 0 | N7: =SUM(B7:M7) -> 0
A8: =Data!$B$19 -> 0 | N8: =SUM(B8:M8) -> 0
A9: =Data!$B$20 -> 0 | N9: =SUM(B9:M9) -> 0
A10: =Data!$B$21 -> 0 | N10: =SUM(B10:M10) -> 0
A11: =Data!$B$22 -> 0 | N11: =SUM(B11:M11) -> 0
A12: =Data!$B$23 -> 0 | N12: =SUM(B12:M12) -> 0
A13: =Data!$B$24 -> 0 | N13: =SUM(B13:M13) -> 0
A14: =Data!$B$25 -> 0 | N14: =SUM(B14:M14) -> 0
A15: =Data!$B$26 -> 0 | N15: =SUM(B15:M15) -> 0
A16: =Data!$B$27 -> 0 | N16: =SUM(B16:M16) -> 0
A17: =Data!$B$28 -> 0 | N17: =SUM(B17:M17) -> 0
A18: =Data!$B$29 -> 0 | N18: =SUM(B18:M18) -> 0
A19: =Data!$B$30 -> 0 | N19: =SUM(B19:M19) -> 0
A20: =Data!$B$31 -> 0 | N20: =SUM(B20:M20) -> 0
A21: =Data!$B$32 -> 0 | N21: =SUM(B21:M21) -> 0
A22: =Data!$B$33 -> 0 | N22: =SUM(B22:M22) -> 0
A23: =Data!$B$34 -> 0 | N23: =SUM(B23:M23) -> 0
A24: =Data!$B$35 -> 0 | N24: =SUM(B24:M24) -> 0
A25: =Data!$B$36 -> 0 | N25: =SUM(B25:M25) -> 0
A26: =Data!$B$37 -> 0 | N26: =SUM(B26:M26) -> 0
A27: =Data!$B$38 -> 0 | N27: =SUM(B27:M27) -> 0
A28: =Data!$B$39 -> 0 | N28: =SUM(B28:M28) -> 0
A29: =Data!$B$40 -> 0 | N29: =SUM(B29:M29) -> 0
A30: =Data!$B$41 -> 0 | N30: =SUM(B30:M30) -> 0
A31: =Data!$B$42 -> 0 | N31: =SUM(B31:M31) -> 0
A32: =Data!$B$43 -> 0 | N32: =SUM(B32:M32) -> 0
A33: =Data!$B$44 -> 0 | N33: =SUM(B33:M33) -> 0
A34: =Data!$B$45 -> 0 | N34: =SUM(B34:M34) -> 0
A35: =Data!$B$46 -> 0 | N35: =SUM(B35:M35) -> 0
A36: =Data!$B$47 -> 0 | N36: =SUM(B36:M36) -> 0
A37: TOTAL INCOME | B37: =SUM(B7:B36) -> 0 | C37: =SUM(C7:C36) -> 0 | D37: =SUM(D7:D36) -> 0 | E37: =SUM(E7:E36) -> 0 | F37: =SUM(F7:F36) -> 0 | G37: =SUM(G7:G36) -> 0 | H37: =SUM(H7:H36) -> 0 | I37: =SUM(I7:I36) -> 0 | ... N37: =SUM(N7:N36) -> 0
A39: Expenditure
A40: =Data!$B$50 -> 0 | N40: =SUM(B40:M40) -> 0
A41: =Data!$B$51 -> 0 | N41: =SUM(B41:M41) -> 0
A42: =Data!$B$52 -> 0 | N42: =SUM(B42:M42) -> 0
A43: =Data!$B$53 -> 0 | N43: =SUM(B43:M43) -> 0
A44: =Data!$B$54 -> 0 | N44: =SUM(B44:M44) -> 0
A45: =Data!$B$55 -> 0 | N45: =SUM(B45:M45) -> 0
A46: =Data!$B$56 -> 0 | N46: =SUM(B46:M46) -> 0
A47: =Data!$B$57 -> 0 | N47: =SUM(B47:M47) -> 0
A48: =Data!$B$58 -> 0 | N48: =SUM(B48:M48) -> 0
A49: =Data!$B$59 -> 0 | N49: =SUM(B49:M49) -> 0
A50: =Data!$B$60 -> 0 | N50: =SUM(B50:M50) -> 0
A51: =Data!$B$61 -> 0 | N51: =SUM(B51:M51) -> 0
A52: =Data!$B$62 -> 0 | N52: =SUM(B52:M52) -> 0
A53: =Data!$B$63 -> 0 | N53: =SUM(B53:M53) -> 0
A54: =Data!$B$64 -> 0 | N54: =SUM(B54:M54) -> 0
A55: =Data!$B$65 -> 0 | N55: =SUM(B55:M55) -> 0
A56: =Data!$B$66 -> 0 | N56: =SUM(B56:M56) -> 0
A57: =Data!$B$67 -> 0 | N57: =SUM(B57:M57) -> 0
A58: =Data!$B$68 -> 0 | N58: =SUM(B58:M58) -> 0
A59: =Data!$B$69 -> 0 | N59: =SUM(B59:M59) -> 0
A60: =Data!$B$70 -> 0 | N60: =SUM(B60:M60) -> 0
A61: =Data!$B$71 -> 0 | N61: =SUM(B61:M61) -> 0
A62: =Data!$B$72 -> 0 | N62: =SUM(B62:M62) -> 0
A63: =Data!$B$73 -> 0 | N63: =SUM(B63:M63) -> 0
A64: =Data!$B$74 -> 0 | N64: =SUM(B64:M64) -> 0
A65: =Data!$B$75 -> 0 | N65: =SUM(B65:M65) -> 0
A66: =Data!$B$76 -> 0 | N66: =SUM(B66:M66) -> 0
A67: =Data!$B$77 -> 0 | N67: =SUM(B67:M67) -> 0
A68: =Data!$B$78 -> 0 | N68: =SUM(B68:M68) -> 0
A69: =Data!$B$79 -> 0 | N69: =SUM(B69:M69) -> 0
A70: =Data!$B$80 -> 0 | N70: =SUM(B70:M70) -> 0
A71: =Data!$B$81 -> 0 | N71: =SUM(B71:M71) -> 0
A72: =Data!$B$82 -> 0 | N72: =SUM(B72:M72) -> 0
A73: =Data!$B$83 -> 0 | N73: =SUM(B73:M73) -> 0
A74: =Data!$B$84 -> 0 | N74: =SUM(B74:M74) -> 0
A75: =Data!$B$85 -> 0 | N75: =SUM(B75:M75) -> 0
A76: =Data!$B$86 -> 0 | N76: =SUM(B76:M76) -> 0
A77: =Data!$B$87 -> 0 | N77: =SUM(B77:M77) -> 0
A78: =Data!$B$88 -> 0 | N78: =SUM(B78:M78) -> 0
A79: =Data!$B$89 -> 0 | N79: =SUM(B79:M79) -> 0
A80: =Data!$B$90 -> 0 | N80: =SUM(B80:M80) -> 0
A81: =Data!$B$91 -> 0 | N81: =SUM(B81:M81) -> 0
A82: =Data!$B$92 -> 0 | N82: =SUM(B82:M82) -> 0
A83: =Data!$B$93 -> 0 | N83: =SUM(B83:M83) -> 0
A84: =Data!$B$94 -> 0 | N84: =SUM(B84:M84) -> 0
A85: TOTAL EXPENDITURE | B85: =SUM(B40:B84) -> 0 | C85: =SUM(C40:C84) -> 0 | D85: =SUM(D40:D84) -> 0 | E85: =SUM(E40:E84) -> 0 | F85: =SUM(F40:F84) -> 0 | G85: =SUM(G40:G84) -> 0 | H85: =SUM(H40:H84) -> 0 | I85: =SUM(I40:I84) -> 0 | ... N85: =SUM(N40:N84) -> 0
A87: Surplus / (Deficit) in Month | B87: =B37-B85 -> 0 | C87: =C37-C85 -> 0 | D87: =D37-D85 -> 0 | E87: =E37-E85 -> 0 | F87: =F37-F85 -> 0 | G87: =G37-G85 -> 0 | H87: =H37-H85 -> 0 | I87: =I37-I85 -> 0 | ... N87: =N37-N85 -> 0
A89: Surplus / (Deficit) YTD | B89: =B87 -> 0 | C89: =B89+C87 -> 0 | D89: =C89+D87 -> 0 | E89: =D89+E87 -> 0 | F89: =E89+F87 -> 0 | G89: =F89+G87 -> 0 | H89: =G89+H87 -> 0 | I89: =H89+I87 -> 0 | J89: =I89+J87 -> 0 | ... M89: =L89+M87 -> 0 | N89: =M89 -> 0
A91: Opening Cash Balance | B91: =Data!$B$96 -> 0 | C91: =B93 -> 0 | D91: =C93 -> 0 | E91: =D93 -> 0 | F91: =E93 -> 0 | G91: =F93 -> 0 | H91: =G93 -> 0 | I91: =H93 -> 0 | J91: =I93 -> 0 | ... M91: =L93 -> 0
A93: Closing Cash Balance | B93: =B91+B37-B85 -> 0 | C93: =C91+C37-C85 -> 0 | D93: =D91+D37-D85 -> 0 | E93: =E91+E37-E85 -> 0 | F93: =F91+F37-F85 -> 0 | G93: =G91+G37-G85 -> 0 | H93: =H91+H37-H85 -> 0 | I93: =I91+I37-I85 -> 0 | ... M93: =M91+M37-M85 -> 0

Sheet Reports
A1: REPORTS
A3: Links to Reports
A4: Financial Year | B4: =Data!B3 -> 0
B6: Month
A7: Report Name | B7: =Data!$B$4 -> 0 | C7: =Data!$B$5 -> 0 | D7: =Data!$B$6 -> 0 | E7: =Data!$B$7 -> 0 | F7: =Data!$B$8 -> 0 | G7: =Data!$B$9 -> 0 | H7: =Data!$B$10 -> 0 | I7: =Data!$B$11 -> 0 | J7: =Data!$B$12 -> 0 | K7: =Data!$B$13 -> 0 | L7: =Data!$B$14 -> 0 | M7: =Data!$B$15 -> 0
A8: Cashbook | B8: CBook Month 1 | C8: CBook Month 2 | D8: Cbook Month 3 | E8: CBook Month 4 | F8: CBook Month 5 | G8: CBook Month 6 | H8: CBook Month 7 | I8: CBook Month 8 | J8: CBook Month 9 | K8: CBook Month 10 | L8: CBook Month11 | M8: CBook Month 12
A9: Income & Expenditure Account | B9: I&E Month 1 | C9: I&E Month 2 | D9: I&E Month3 | E9: I& E Month 4 | F9: I&E Month 5 | G9: I&E Month6 | H9: I&E Month 7 | I9: I&E Month 8 | J9: I&E Month 9 | K9: I&E Month 10 | L9: I&E Month 11 | M9: I&E Month 12
A10: Cashflow Statement | B10: CFlow Month 1 | C10: CFlow Month 2 | D10: CFlow Month 3 | E10: CFlow Month 4 | F10: CFlow Month 5 | G10: CFlow Month 6 | H10: CFlow Month 7 | I10: CFlow Month 8 | J10: CFlow Month 9 | K10: CFlow Month 10 | L10: CFlow Month 11 | M10: CFlow Month 12

Sheet CB1
A1: =_xlfn.CONCAT(Data!$B$2," Cash Book") -> Cash Book
A3: Year | B3: =Data!$B$3 -> 0
A4: Month | B4: =Data!$B$4 -> 0
A6: Date | B6: Description | C6: Pay In (Bank Ref) | D6: Total Amount | E6: =Data!$B$18 -> 0 | F6: =Data!$B$19 -> 0 | G6: =Data!$B$20 -> 0 | H6: =Data!$B$21 -> 0 | I6: =Data!$B$22 -> 0 | J6: =Data!$B$23 -> 0 | K6: =Data!$B$24 -> 0 | L6: =Data!$B$25 -> 0 | M6: =Data!$B$26 -> 0 | N6: =Data!$B$27 -> 0 | O6: =Data!$B$28 -> 0 | P6: =Data!$B$29 -> 0 | Q6: =Data!$B$30 -> 0 | R6: =Data!$B$31 -> 0 | S6: =Data!$B$32 -> 0 | T6: =Data!$B$33 -> 0 | U6: =Data!$B$34 -> 0 | V6: =Data!$B$35 -> 0 | W6: =Data!$B$36 -> 0 | X6: =Data!$B$37 -> 0 | Y6: =Data!$B$38 -> 0 | Z6: =Data!$B$39 -> 0 | AA6: =Data!$B$40 -> 0 | AB6: =Data!$B$41 -> 0 | AC6: =Data!$B$42 -> 0 | AD6: =Data!$B$43 -> 0 | AE6: =Data!$B$44 -> 0 | AF6: =Data!$B$45 -> 0 | AG6: =Data!$B$46 -> 0 | AH6: =Data!$B$47 -> 0 | AJ6: Date | AK6: Description | AL6: (Bank Ref) | AM6: Total Amount | AN6: =Data!$B$50 -> 0 | AO6: =Data!$B$51 -> 0 | AP6: =Data!$B$52 -> 0 | AQ6: =Data!$B$53 -> 0 | AR6: =Data!$B$54 -> 0 | AS6: =Data!$B$55 -> 0 | AT6: =Data!$B$56 -> 0 | AU6: =Data!$B$57 -> 0 | AV6: =Data!$B$58 -> 0 | AW6: =Data!$B$59 -> 0 | AX6: =Data!$B$60 -> 0 | AY6: =Data!$B$61 -> 0 | AZ6: =Data!$B$62 -> 0 | BA6: =Data!$B$63 -> 0 | BB6: =Data!$B$64 -> 0 | BC6: =Data!$B$65 -> 0 | BD6: =Data!$B$66 -> 0 | BE6: =Data!$B$67 -> 0 | BF6: =Data!$B$68 -> 0 | BG6: =Data!$B$69 -> 0 | BH6: =Data!$B$70 -> 0 | BI6: =Data!$B$71 -> 0 | BJ6: =Data!$B$72 -> 0 | BK6: =Data!$B$73 -> 0 | BL6: =Data!$B$74 -> 0 | BM6: =Data!$B$75 -> 0 | BN6: =Data!$B$76 -> 0 | BO6: =Data!$B$77 -> 0 | BP6: =Data!$B$78 -> 0 | BQ6: =Data!$B$79 -> 0 | BR6: =Data!$B$80 -> 0 | BS6: =Data!$B$81 -> 0 | BT6: =Data!$B$82 -> 0 | BU6: =Data!$B$83 -> 0 | BV6: =Data!$B$84 -> 0 | BW6: =Data!$B$85 -> 0 | BX6: =Data!$B$86 -> 0 | BY6: =Data!$B$87 -> 0 | BZ6: =Data!$B$88 -> 0 | CA6: =Data!$B$89 -> 0 | CB6: =Data!$B$90 -> 0 | CC6: =Data!$B$91 -> 0 | CD6: =Data!$B$92 -> 0 | CE6: =Data!$B$93 -> 0 | CF6: =Data!$B$94 -> 0
A7: Income | AJ7: Expenditure
D8: =SUM(E8:AH8) -> 0 | AM8: =SUM(AN8:CF8) -> 0
D9: =SUM(E9:AH9) -> 0 | AM9: =SUM(AN9:CF9) -> 0
D10: =SUM(E10:AH10) -> 0 | AM10: =SUM(AN10:CF10) -> 0
D11: =SUM(E11:AH11) -> 0 | AM11: =SUM(AN11:CF11) -> 0
D12: =SUM(E12:AH12) -> 0 | AM12: =SUM(AN12:CF12) -> 0
D13: =SUM(E13:AH13) -> 0 | AM13: =SUM(AN13:CF13) -> 0
D14: =SUM(E14:AH14) -> 0 | AM14: =SUM(AN14:CF14) -> 0
D15: =SUM(E15:AH15) -> 0 | AM15: =SUM(AN15:CF15) -> 0
D16: =SUM(E16:AH16) -> 0 | AM16: =SUM(AN16:CF16) -> 0
D17: =SUM(E17:AH17) -> 0 | AM17: =SUM(AN17:CF17) -> 0
D18: =SUM(E18:AH18) -> 0 | AM18: =SUM(AN18:CF18) -> 0
D19: =SUM(E19:AH19) -> 0 | AM19: =SUM(AN19:CF19) -> 0
... D37: =SUM(E37:AH37) -> 0 | AM37: =SUM(AN37:CF37) -> 0
A38: TOTAL | D38: =SUM(D8:D37) -> 0 | E38: =SUM(E8:E37) -> 0 | F38: =SUM(F8:F37) -> 0 | G38: =SUM(G8:G37) -> 0 | H38: =SUM(H8:H37) -> 0 | I38: =SUM(I8:I37) -> 0 | J38: =SUM(J8:J37) -> 0 | K38: =SUM(K8:K37) -> 0 | ... AH38: =SUM(AH8:AH37) -> 0 | AM38: =SUM(AM8:AM37) -> 0 | AN38: =SUM(AN8:AN37) -> 0 | AO38: =SUM(AO8:AO37) -> 0 | AP38: =SUM(AP8:AP37) -> 0 | AQ38: =SUM(AQ8:AQ37) -> 0 | AR38: =SUM(AR8:AR37) -> 0 | AS38: =SUM(AS8:AS37) -> 0 | AT38: =SUM(AT8:AT37) -> 0 | ... CF38: =SUM(CF8:CF37) -> 0
A41: Month Summary
A42: Total Income | D42: =D38 -> 0
A43: Total Expenditure | D43: =AM38 -> 0
A44: Surplus / (Deficit) in Month | D44: =D42-D43 -> 0
A45: Surplus / (Deficit) YTD | D45: =D44 -> 0

Sheet CB2
A1: =_xlfn.CONCAT(Data!$B$2," Cash Book") -> Cash Book
A3: Year | B3: =Data!$B$3 -> 0
A4: Month | B4: =Data!$B$5 -> 0
A6: Date | B6: Description | C6: Pay In (Bank Ref) | D6: Total Amount | E6: =Data!$B$18 -> 0 | F6: =Data!$B$19 -> 0 | G6: =Data!$B$20 -> 0 | H6: =Data!$B$21 -> 0 | I6: =Data!$B$22 -> 0 | J6: =Data!$B$23 -> 0 | K6: =Data!$B$24 -> 0 | L6: =Data!$B$25 -> 0 | M6: =Data!$B$26 -> 0 | N6: =Data!$B$27 -> 0 | O6: =Data!$B$28 -> 0 | P6: =Data!$B$29 -> 0 | Q6: =Data!$B$30 -> 0 | R6: =Data!$B$31 -> 0 | S6: =Data!$B$32 -> 0 | T6: =Data!$B$33 -> 0 | U6: =Data!$B$34 -> 0 | V6: =Data!$B$35 -> 0 | W6: =Data!$B$36 -> 0 | X6: =Data!$B$37 -> 0 | Y6: =Data!$B$38 -> 0 | Z6: =Data!$B$39 -> 0 | AA6: =Data!$B$40 -> 0 | AB6: =Data!$B$41 -> 0 | AC6: =Data!$B$42 -> 0 | AD6: =Data!$B$43 -> 0 | AE6: =Data!$B$44 -> 0 | AF6: =Data!$B$45 -> 0 | AG6: =Data!$B$46 -> 0 | AH6: =Data!$B$47 -> 0 | AJ6: Date | AK6: Description | AL6: (Bank Ref) | AM6: Total Amount | AN6: =Data!$B$50 -> 0 | AO6: =Data!$B$51 -> 0 | AP6: =Data!$B$52 -> 0 | AQ6: =Data!$B$53 -> 0 | AR6: =Data!$B$54 -> 0 | AS6: =Data!$B$55 -> 0 | AT6: =Data!$B$56 -> 0 | AU6: =Data!$B$57 -> 0 | AV6: =Data!$B$58 -> 0 | AW6: =Data!$B$59 -> 0 | AX6: =Data!$B$60 -> 0 | AY6: =Data!$B$61 -> 0 | AZ6: =Data!$B$62 -> 0 | BA6: =Data!$B$63 -> 0 | BB6: =Data!$B$64 -> 0 | BC6: =Data!$B$65 -> 0 | BD6: =Data!$B$66 -> 0 | BE6: =Data!$B$67 -> 0 | BF6: =Data!$B$68 -> 0 | BG6: =Data!$B$69 -> 0 | BH6: =Data!$B$70 -> 0 | BI6: =Data!$B$71 -> 0 | BJ6: =Data!$B$72 -> 0 | BK6: =Data!$B$73 -> 0 | BL6: =Data!$B$74 -> 0 | BM6: =Data!$B$75 -> 0 | BN6: =Data!$B$76 -> 0 | BO6: =Data!$B$77 -> 0 | BP6: =Data!$B$78 -> 0 | BQ6: =Data!$B$79 -> 0 | BR6: =Data!$B$80 -> 0 | BS6: =Data!$B$81 -> 0 | BT6: =Data!$B$82 -> 0 | BU6: =Data!$B$83 -> 0 | BV6: =Data!$B$84 -> 0 | BW6: =Data!$B$85 -> 0 | BX6: =Data!$B$86 -> 0 | BY6: =Data!$B$87 -> 0 | BZ6: =Data!$B$88 -> 0 | CA6: =Data!$B$89 -> 0 | CB6: =Data!$B$90 -> 0 | CC6: =Data!$B$91 -> 0 | CD6: =Data!$B$92 -> 0 | CE6: =Data!$B$93 -> 0 | CF6: =Data!$B$94 -> 0
A7: Income | AJ7: Expenditure
D8: =SUM(E8:AH8) -> 0 | AM8: =SUM(AN8:CF8) -> 0
D9: =SUM(E9:AH9) -> 0 | AM9: =SUM(AN9:CF9) -> 0
D10: =SUM(E10:AH10) -> 0 | AM10: =SUM(AN10:CF10) -> 0
D11: =SUM(E11:AH11) -> 0 | AM11: =SUM(AN11:CF11) -> 0
D12: =SUM(E12:AH12) -> 0 | AM12: =SUM(AN12:CF12) -> 0
D13: =SUM(E13:AH13) -> 0 | AM13: =SUM(AN13:CF13) -> 0
D14: =SUM(E14:AH14) -> 0 | AM14: =SUM(AN14:CF14) -> 0
D15: =SUM(E15:AH15) -> 0 | AM15: =SUM(AN15:CF15) -> 0
D16: =SUM(E16:AH16) -> 0 | AM16: =SUM(AN16:CF16) -> 0
D17: =SUM(E17:AH17) -> 0 | AM17: =SUM(AN17:CF17) -> 0
D18: =SUM(E18:AH18) -> 0 | AM18: =SUM(AN18:CF18) -> 0
D19: =SUM(E19:AH19) -> 0 | AM19: =SUM(AN19:CF19) -> 0
... D37: =SUM(E37:AH37) -> 0 | AM37: =SUM(AN37:CF37) -> 0
A38: TOTAL | D38: =SUM(D8:D37) -> 0 | E38: =SUM(E8:E37) -> 0 | F38: =SUM(F8:F37) -> 0 | G38: =SUM(G8:G37) -> 0 | H38: =SUM(H8:H37) -> 0 | I38: =SUM(I8:I37) -> 0 | J38: =SUM(J8:J37) -> 0 | K38: =SUM(K8:K37) -> 0 | ... AH38: =SUM(AH8:AH37) -> 0 | AM38: =SUM(AM8:AM37) -> 0 | AN38: =SUM(AN8:AN37) -> 0 | AO38: =SUM(AO8:AO37) -> 0 | AP38: =SUM(AP8:AP37) -> 0 | AQ38: =SUM(AQ8:AQ37) -> 0 | AR38: =SUM(AR8:AR37) -> 0 | AS38: =SUM(AS8:AS37) -> 0 | AT38: =SUM(AT8:AT37) -> 0 | ... CF38: =SUM(CF8:CF37) -> 0
A41: Month Summary
A42: Total Income | D42: =D38 -> 0
A43: Total Expenditure | D43: =AM38 -> 0
A44: Surplus / (Deficit) in Month | D44: =D42-D43 -> 0
A45: Surplus / (Deficit) YTD | D45: =D44+'CB1'!D45 -> 0

Sheet CB3
A1: =_xlfn.CONCAT(Data!$B$2," Cash Book") -> Cash Book
A3: Year | B3: =Data!$B$3 -> 0
A4: Month | B4: =Data!$B$6 -> 0
A6: Date | B6: Description | C6: Pay In (Bank Ref) | D6: Total Amount | E6: =Data!$B$18 -> 0 | F6: =Data!$B$19 -> 0 | G6: =Data!$B$20 -> 0 | H6: =Data!$B$21 -> 0 | I6: =Data!$B$22 -> 0 | J6: =Data!$B$23 -> 0 | K6: =Data!$B$24 -> 0 | L6: =Data!$B$25 -> 0 | M6: =Data!$B$26 -> 0 | N6: =Data!$B$27 -> 0 | O6: =Data!$B$28 -> 0 | P6: =Data!$B$29 -> 0 | Q6: =Data!$B$30 -> 0 | R6: =Data!$B$31 -> 0 | S6: =Data!$B$32 -> 0 | T6: =Data!$B$33 -> 0 | U6: =Data!$B$34 -> 0 | V6: =Data!$B$35 -> 0 | W6: =Data!$B$36 -> 0 | X6: =Data!$B$37 -> 0 | Y6: =Data!$B$38 -> 0 | Z6: =Data!$B$39 -> 0 | AA6: =Data!$B$40 -> 0 | AB6: =Data!$B$41 -> 0 | AC6: =Data!$B$42 -> 0 | AD6: =Data!$B$43 -> 0 | AE6: =Data!$B$44 -> 0 | AF6: =Data!$B$45 -> 0 | AG6: =Data!$B$46 -> 0 | AH6: =Data!$B$47 -> 0 | AJ6: Date | AK6: Description | AL6: (Bank Ref) | AM6: Total Amount | AN6: =Data!$B$50 -> 0 | AO6: =Data!$B$51 -> 0 | AP6: =Data!$B$52 -> 0 | AQ6: =Data!$B$53 -> 0 | AR6: =Data!$B$54 -> 0 | AS6: =Data!$B$55 -> 0 | AT6: =Data!$B$56 -> 0 | AU6: =Data!$B$57 -> 0 | AV6: =Data!$B$58 -> 0 | AW6: =Data!$B$59 -> 0 | AX6: =Data!$B$60 -> 0 | AY6: =Data!$B$61 -> 0 | AZ6: =Data!$B$62 -> 0 | BA6: =Data!$B$63 -> 0 | BB6: =Data!$B$64 -> 0 | BC6: =Data!$B$65 -> 0 | BD6: =Data!$B$66 -> 0 | BE6: =Data!$B$67 -> 0 | BF6: =Data!$B$68 -> 0 | BG6: =Data!$B$69 -> 0 | BH6: =Data!$B$70 -> 0 | BI6: =Data!$B$71 -> 0 | BJ6: =Data!$B$72 -> 0 | BK6: =Data!$B$73 -> 0 | BL6: =Data!$B$74 -> 0 | BM6: =Data!$B$75 -> 0 | BN6: =Data!$B$76 -> 0 | BO6: =Data!$B$77 -> 0 | BP6: =Data!$B$78 -> 0 | BQ6: =Data!$B$79 -> 0 | BR6: =Data!$B$80 -> 0 | BS6: =Data!$B$81 -> 0 | BT6: =Data!$B$82 -> 0 | BU6: =Data!$B$83 -> 0 | BV6: =Data!$B$84 -> 0 | BW6: =Data!$B$85 -> 0 | BX6: =Data!$B$86 -> 0 | BY6: =Data!$B$87 -> 0 | BZ6: =Data!$B$88 -> 0 | CA6: =Data!$B$89 -> 0 | CB6: =Data!$B$90 -> 0 | CC6: =Data!$B$91 -> 0 | CD6: =Data!$B$92 -> 0 | CE6: =Data!$B$93 -> 0 | CF6: =Data!$B$94 -> 0
A7: Income | AJ7: Expenditure
D8: =SUM(E8:AH8) -> 0 | AM8: =SUM(AN8:CF8) -> 0
D9: =SUM(E9:AH9) -> 0 | AM9: =SUM(AN9:CF9) -> 0
D10: =SUM(E10:AH10) -> 0 | AM10: =SUM(AN10:CF10) -> 0
D11: =SUM(E11:AH11) -> 0 | AM11: =SUM(AN11:CF11) -> 0
D12: =SUM(E12:AH12) -> 0 | AM12: =SUM(AN12:CF12) -> 0
D13: =SUM(E13:AH13) -> 0 | AM13: =SUM(AN13:CF13) -> 0
D14: =SUM(E14:AH14) -> 0 | AM14: =SUM(AN14:CF14) -> 0
D15: =SUM(E15:AH15) -> 0 | AM15: =SUM(AN15:CF15) -> 0
D16: =SUM(E16:AH16) -> 0 | AM16: =SUM(AN16:CF16) -> 0
D17: =SUM(E17:AH17) -> 0 | AM17: =SUM(AN17:CF17) -> 0
D18: =SUM(E18:AH18) -> 0 | AM18: =SUM(AN18:CF18) -> 0
D19: =SUM(E19:AH19) -> 0 | AM19: =SUM(AN19:CF19) -> 0
... D37: =SUM(E37:AH37) -> 0 | AM37: =SUM(AN37:CF37) -> 0
A38: TOTAL | D38: =SUM(D8:D37) -> 0 | E38: =SUM(E8:E37) -> 0 | F38: =SUM(F8:F37) -> 0 | G38: =SUM(G8:G37) -> 0 | H38: =SUM(H8:H37) -> 0 | I38: =SUM(I8:I37) -> 0 | J38: =SUM(J8:J37) -> 0 | K38: =SUM(K8:K37) -> 0 | ... AH38: =SUM(AH8:AH37) -> 0 | AM38: =SUM(AM8:AM37) -> 0 | AN38: =SUM(AN8:AN37) -> 0 | AO38: =SUM(AO8:AO37) -> 0 | AP38: =SUM(AP8:AP37) -> 0 | AQ38: =SUM(AQ8:AQ37) -> 0 | AR38: =SUM(AR8:AR37) -> 0 | AS38: =SUM(AS8:AS37) -> 0 | AT38: =SUM(AT8:AT37) -> 0 | ... CF38: =SUM(CF8:CF37) -> 0
A41: Month Summary
A42: Total Income | D42: =D38 -> 0
A43: Total Expenditure | D43: =AM38 -> 0
A44: Surplus / (Deficit) in Month | D44: =D42-D43 -> 0
A45: Surplus / (Deficit) YTD | D45: ='CB2'!D45+'CB3'!D44 -> 0

Sheet CB4
A1: =_xlfn.CONCAT(Data!$B$2," Cash Book") -> Cash Book
A3: Year | B3: =Data!$B$3 -> 0
A4: Month | B4: =Data!$B$7 -> 0
A6: Date | B6: Description | C6: Pay In (Bank Ref) | D6: Total Amount | E6: =Data!$B$18 -> 0 | F6: =Data!$B$19 -> 0 | G6: =Data!$B$20 -> 0 | H6: =Data!$B$21 -> 0 | I6: =Data!$B$22 -> 0 | J6: =Data!$B$23 -> 0 | K6: =Data!$B$24 -> 0 | L6: =Data!$B$25 -> 0 | M6: =Data!$B$26 -> 0 | N6: =Data!$B$27 -> 0 | O6: =Data!$B$28 -> 0 | P6: =Data!$B$29 -> 0 | Q6: =Data!$B$30 -> 0 | R6: =Data!$B$31 -> 0 | S6: =Data!$B$32 -> 0 | T6: =Data!$B$33 -> 0 | U6: =Data!$B$34 -> 0 | V6: =Data!$B$35 -> 0 | W6: =Data!$B$36 -> 0 | X6: =Data!$B$37 -> 0 | Y6: =Data!$B$38 -> 0 | Z6: =Data!$B$39 -> 0 | AA6: =Data!$B$40 -> 0 | AB6: =Data!$B$41 -> 0 | AC6: =Data!$B$42 -> 0 | AD6: =Data!$B$43 -> 0 | AE6: =Data!$B$44 -> 0 | AF6: =Data!$B$45 -> 0 | AG6: =Data!$B$46 -> 0 | AH6: =Data!$B$47 -> 0 | AJ6: Date | AK6: Description | AL6: (Bank Ref) | AM6: Total Amount | AN6: =Data!$B$50 -> 0 | AO6: =Data!$B$51 -> 0 | AP6: =Data!$B$52 -> 0 | AQ6: =Data!$B$53 -> 0 | AR6: =Data!$B$54 -> 0 | AS6: =Data!$B$55 -> 0 | AT6: =Data!$B$56 -> 0 | AU6: =Data!$B$57 -> 0 | AV6: =Data!$B$58 -> 0 | AW6: =Data!$B$59 -> 0 | AX6: =Data!$B$60 -> 0 | AY6: =Data!$B$61 -> 0 | AZ6: =Data!$B$62 -> 0 | BA6: =Data!$B$63 -> 0 | BB6: =Data!$B$64 -> 0 | BC6: =Data!$B$65 -> 0 | BD6: =Data!$B$66 -> 0 | BE6: =Data!$B$67 -> 0 | BF6: =Data!$B$68 -> 0 | BG6: =Data!$B$69 -> 0 | BH6: =Data!$B$70 -> 0 | BI6: =Data!$B$71 -> 0 | BJ6: =Data!$B$72 -> 0 | BK6: =Data!$B$73 -> 0 | BL6: =Data!$B$74 -> 0 | BM6: =Data!$B$75 -> 0 | BN6: =Data!$B$76 -> 0 | BO6: =Data!$B$77 -> 0 | BP6: =Data!$B$78 -> 0 | BQ6: =Data!$B$79 -> 0 | BR6: =Data!$B$80 -> 0 | BS6: =Data!$B$81 -> 0 | BT6: =Data!$B$82 -> 0 | BU6: =Data!$B$83 -> 0 | BV6: =Data!$B$84 -> 0 | BW6: =Data!$B$85 -> 0 | BX6: =Data!$B$86 -> 0 | BY6: =Data!$B$87 -> 0 | BZ6: =Data!$B$88 -> 0 | CA6: =Data!$B$89 -> 0 | CB6: =Data!$B$90 -> 0 | CC6: =Data!$B$91 -> 0 | CD6: =Data!$B$92 -> 0 | CE6: =Data!$B$93 -> 0 | CF6: =Data!$B$94 -> 0
A7: Income | AJ7: Expenditure
D8: =SUM(E8:AH8) -> 0 | AM8: =SUM(AN8:CF8) -> 0
D9: =SUM(E9:AH9) -> 0 | AM9: =SUM(AN9:CF9) -> 0
D10: =SUM(E10:AH10) -> 0 | AM10: =SUM(AN10:CF10) -> 0
D11: =SUM(E11:AH11) -> 0 | AM11: =SUM(AN11:CF11) -> 0
D12: =SUM(E12:AH12) -> 0 | AM12: =SUM(AN12:CF12) -> 0
D13: =SUM(E13:AH13) -> 0 | AM13: =SUM(AN13:CF13) -> 0
D14: =SUM(E14:AH14) -> 0 | AM14: =SUM(AN14:CF14) -> 0
D15: =SUM(E15:AH15) -> 0 | AM15: =SUM(AN15:CF15) -> 0
D16: =SUM(E16:AH16) -> 0 | AM16: =SUM(AN16:CF16) -> 0
D17: =SUM(E17:AH17) -> 0 | AM17: =SUM(AN17:CF17) -> 0
D18: =SUM(E18:AH18) -> 0 | AM18: =SUM(AN18:CF18) -> 0
D19: =SUM(E19:AH19) -> 0 | AM19: =SUM(AN19:CF19) -> 0
... D37: =SUM(E37:AH37) -> 0 | AM37: =SUM(AN37:CF37) -> 0
A38: TOTAL | D38: =SUM(D8:D37) -> 0 | E38: =SUM(E8:E37) -> 0 | F38: =SUM(F8:F37) -> 0 | G38: =SUM(G8:G37) -> 0 | H38: =SUM(H8:H37) -> 0 | I38: =SUM(I8:I37) -> 0 | J38: =SUM(J8:J37) -> 0 | K38: =SUM(K8:K37) -> 0 | ... AH38: =SUM(AH8:AH37) -> 0 | AM38: =SUM(AM8:AM37) -> 0 | AN38: =SUM(AN8:AN37) -> 0 | AO38: =SUM(AO8:AO37) -> 0 | AP38: =SUM(AP8:AP37) -> 0 | AQ38: =SUM(AQ8:AQ37) -> 0 | AR38: =SUM(AR8:AR37) -> 0 | AS38: =SUM(AS8:AS37) -> 0 | AT38: =SUM(AT8:AT37) -> 0 | ... CF38: =SUM(CF8:CF37) -> 0
A41: Month Summary
A42: Total Income | D42: =D38 -> 0
A43: Total Expenditure | D43: =AM38 -> 0
A44: Surplus / (Deficit) in Month | D44: =D42-D43 -> 0
A45: Surplus / (Deficit) YTD | D45: ='CB3'!D45+'CB4'!D44 -> 0

Sheet CB5
A1: =_xlfn.CONCAT(Data!$B$2," Cash Book") -> Cash Book
A3: Year | B3: =Data!$B$3 -> 0
A4: Month | B4: =Data!$B$8 -> 0
A6: Date | B6: Description | C6: Pay In (Bank Ref) | D6: Total Amount | E6: =Data!$B$18 -> 0 | F6: =Data!$B$19 -> 0 | G6: =Data!$B$20 -> 0 | H6: =Data!$B$21 -> 0 | I6: =Data!$B$22 -> 0 | J6: =Data!$B$23 -> 0 | K6: =Data!$B$24 -> 0 | L6: =Data!$B$25 -> 0 | M6: =Data!$B$26 -> 0 | N6: =Data!$B$27 -> 0 | O6: =Data!$B$28 -> 0 | P6: =Data!$B$29 -> 0 | Q6: =Data!$B$30 -> 0 | R6: =Data!$B$31 -> 0 | S6: =Data!$B$32 -> 0 | T6: =Data!$B$33 -> 0 | U6: =Data!$B$34 -> 0 | V6: =Data!$B$35 -> 0 | W6: =Data!$B$36 -> 0 | X6: =Data!$B$37 -> 0 | Y6: =Data!$B$38 -> 0 | Z6: =Data!$B$39 -> 0 | AA6: =Data!$B$40 -> 0 | AB6: =Data!$B$41 -> 0 | AC6: =Data!$B$42 -> 0 | AD6: =Data!$B$43 -> 0 | AE6: =Data!$B$44 -> 0 | AF6: =Data!$B$45 -> 0 | AG6: =Data!$B$46 -> 0 | AH6: =Data!$B$47 -> 0 | AJ6: Date | AK6: Description | AL6: (Bank Ref) | AM6: Total Amount | AN6: =Data!$B$50 -> 0 | AO6: =Data!$B$51 -> 0 | AP6: =Data!$B$52 -> 0 | AQ6: =Data!$B$53 -> 0 | AR6: =Data!$B$54 -> 0 | AS6: =Data!$B$55 -> 0 | AT6: =Data!$B$56 -> 0 | AU6: =Data!$B$57 -> 0 | AV6: =Data!$B$58 -> 0 | AW6: =Data!$B$59 -> 0 | AX6: =Data!$B$60 -> 0 | AY6: =Data!$B$61 -> 0 | AZ6: =Data!$B$62 -> 0 | BA6: =Data!$B$63 -> 0 | BB6: =Data!$B$64 -> 0 | BC6: =Data!$B$65 -> 0 | BD6: =Data!$B$66 -> 0 | BE6: =Data!$B$67 -> 0 | BF6: =Data!$B$68 -> 0 | BG6: =Data!$B$69 -> 0 | BH6: =Data!$B$70 -> 0 | BI6: =Data!$B$71 -> 0 | BJ6: =Data!$B$72 -> 0 | BK6: =Data!$B$73 -> 0 | BL6: =Data!$B$74 -> 0 | BM6: =Data!$B$75 -> 0 | BN6: =Data!$B$76 -> 0 | BO6: =Data!$B$77 -> 0 | BP6: =Data!$B$78 -> 0 | BQ6: =Data!$B$79 -> 0 | BR6: =Data!$B$80 -> 0 | BS6: =Data!$B$81 -> 0 | BT6: =Data!$B$82 -> 0 | BU6: =Data!$B$83 -> 0 | BV6: =Data!$B$84 -> 0 | BW6: =Data!$B$85 -> 0 | BX6: =Data!$B$86 -> 0 | BY6: =Data!$B$87 -> 0 | BZ6: =Data!$B$88 -> 0 | CA6: =Data!$B$89 -> 0 | CB6: =Data!$B$90 -> 0 | CC6: =Data!$B$91 -> 0 | CD6: =Data!$B$92 -> 0 | CE6: =Data!$B$93 -> 0 | CF6: =Data!$B$94 -> 0
A7: Income | AJ7: Expenditure
D8: =SUM(E8:AH8) -> 0 | AM8: =SUM(AN8:CF8) -> 0
D9: =SUM(E9:AH9) -> 0 | AM9: =SUM(AN9:CF9) -> 0
D10: =SUM(E10:AH10) -> 0 | AM10: =SUM(AN10:CF10) -> 0
D11: =SUM(E11:AH11) -> 0 | AM11: =SUM(AN11:CF11) -> 0
D12: =SUM(E12:AH12) -> 0 | AM12: =SUM(AN12:CF12) -> 0
D13: =SUM(E13:AH13) -> 0 | AM13: =SUM(AN13:CF13) -> 0
D14: =SUM(E14:AH14) -> 0 | AM14: =SUM(AN14:CF14) -> 0
D15: =SUM(E15:AH15) -> 0 | AM15: =SUM(AN15:CF15) -> 0
D16: =SUM(E16:AH16) -> 0 | AM16: =SUM(AN16:CF16) -> 0
D17: =SUM(E17:AH17) -> 0 | AM17: =SUM(AN17:CF17) -> 0
D18: =SUM(E18:AH18) -> 0 | AM18: =SUM(AN18:CF18) -> 0
D19: =SUM(E19:AH19) -> 0 | AM19: =SUM(AN19:CF19) -> 0
... D37: =SUM(E37:AH37) -> 0 | AM37: =SUM(AN37:CF37) -> 0
A38: TOTAL | D38: =SUM(D8:D37) -> 0 | E38: =SUM(E8:E37) -> 0 | F38: =SUM(F8:F37) -> 0 | G38: =SUM(G8:G37) -> 0 | H38: =SUM(H8:H37) -> 0 | I38: =SUM(I8:I37) -> 0 | J38: =SUM(J8:J37) -> 0 | K38: =SUM(K8:K37) -> 0 | ... AH38: =SUM(AH8:AH37) -> 0 | AM38: =SUM(AM8:AM37) -> 0 | AN38: =SUM(AN8:AN37) -> 0 | AO38: =SUM(AO8:AO37) -> 0 | AP38: =SUM(AP8:AP37) -> 0 | AQ38: =SUM(AQ8:AQ37) -> 0 | AR38: =SUM(AR8:AR37) -> 0 | AS38: =SUM(AS8:AS37) -> 0 | AT38: =SUM(AT8:AT37) -> 0 | ... CF38: =SUM(CF8:CF37) -> 0
A41: Month Summary
A42: Total Income | D42: =D38 -> 0
A43: Total Expenditure | D43: =AM38 -> 0
A44: Surplus / (Deficit) in Month | D44: =D42-D43 -> 0
A45: Surplus / (Deficit) YTD | D45: ='CB4'!D45+'CB5'!D44 -> 0

Sheet CB6
A1: =_xlfn.CONCAT(Data!$B$2," Cash Book") -> Cash Book
A3: Year | B3: =Data!$B$3 -> 0
A4: Month | B4: =Data!$B$9 -> 0
A6: Date | B6: Description | C6: Pay In (Bank Ref) | D6: Total Amount | E6: =Data!$B$18 -> 0 | F6: =Data!$B$19 -> 0 | G6: =Data!$B$20 -> 0 | H6: =Data!$B$21 -> 0 | I6: =Data!$B$22 -> 0 | J6: =Data!$B$23 -> 0 | K6: =Data!$B$24 -> 0 | L6: =Data!$B$25 -> 0 | M6: =Data!$B$26 -> 0 | N6: =Data!$B$27 -> 0 | O6: =Data!$B$28 -> 0 | P6: =Data!$B$29 -> 0 | Q6: =Data!$B$30 -> 0 | R6: =Data!$B$31 -> 0 | S6: =Data!$B$32 -> 0 | T6: =Data!$B$33 -> 0 | U6: =Data!$B$34 -> 0 | V6: =Data!$B$35 -> 0 | W6: =Data!$B$36 -> 0 | X6: =Data!$B$37 -> 0 | Y6: =Data!$B$38 -> 0 | Z6: =Data!$B$39 -> 0 | AA6: =Data!$B$40 -> 0 | AB6: =Data!$B$41 -> 0 | AC6: =Data!$B$42 -> 0 | AD6: =Data!$B$43 -> 0 | AE6: =Data!$B$44 -> 0 | AF6: =Data!$B$45 -> 0 | AG6: =Data!$B$46 -> 0 | AH6: =Data!$B$47 -> 0 | AJ6: Date | AK6: Description | AL6: (Bank Ref) | AM6: Total Amount | AN6: =Data!$B$50 -> 0 | AO6: =Data!$B$51 -> 0 | AP6: =Data!$B$52 -> 0 | AQ6: =Data!$B$53 -> 0 | AR6: =Data!$B$54 -> 0 | AS6: =Data!$B$55 -> 0 | AT6: =Data!$B$56 -> 0 | AU6: =Data!$B$57 -> 0 | AV6: =Data!$B$58 -> 0 | AW6: =Data!$B$59 -> 0 | AX6: =Data!$B$60 -> 0 | AY6: =Data!$B$61 -> 0 | AZ6: =Data!$B$62 -> 0 | BA6: =Data!$B$63 -> 0 | BB6: =Data!$B$64 -> 0 | BC6: =Data!$B$65 -> 0 | BD6: =Data!$B$66 -> 0 | BE6: =Data!$B$67 -> 0 | BF6: =Data!$B$68 -> 0 | BG6: =Data!$B$69 -> 0 | BH6: =Data!$B$70 -> 0 | BI6: =Data!$B$71 -> 0 | BJ6: =Data!$B$72 -> 0 | BK6: =Data!$B$73 -> 0 | BL6: =Data!$B$74 -> 0 | BM6: =Data!$B$75 -> 0 | BN6: =Data!$B$76 -> 0 | BO6: =Data!$B$77 -> 0 | BP6: =Data!$B$78 -> 0 | BQ6: =Data!$B$79 -> 0 | BR6: =Data!$B$80 -> 0 | BS6: =Data!$B$81 -> 0 | BT6: =Data!$B$82 -> 0 | BU6: =Data!$B$83 -> 0 | BV6: =Data!$B$84 -> 0 | BW6: =Data!$B$85 -> 0 | BX6: =Data!$B$86 -> 0 | BY6: =Data!$B$87 -> 0 | BZ6: =Data!$B$88 -> 0 | CA6: =Data!$B$89 -> 0 | CB6: =Data!$B$90 -> 0 | CC6: =Data!$B$91 -> 0 | CD6: =Data!$B$92 -> 0 | CE6: =Data!$B$93 -> 0 | CF6: =Data!$B$94 -> 0
A7: Income | AJ7: Expenditure
D8: =SUM(E8:AH8) -> 0 | AM8: =SUM(AN8:CF8) -> 0
D9: =SUM(E9:AH9) -> 0 | AM9: =SUM(AN9:CF9) -> 0
D10: =SUM(E10:AH10) -> 0 | AM10: =SUM(AN10:CF10) -> 0
D11: =SUM(E11:AH11) -> 0 | AM11: =SUM(AN11:CF11) -> 0
D12: =SUM(E12:AH12) -> 0 | AM12: =SUM(AN12:CF12) -> 0
D13: =SUM(E13:AH13) -> 0 | AM13: =SUM(AN13:CF13) -> 0
D14: =SUM(E14:AH14) -> 0 | AM14: =SUM(AN14:CF14) -> 0
D15: =SUM(E15:AH15) -> 0 | AM15: =SUM(AN15:CF15) -> 0
D16: =SUM(E16:AH16) -> 0 | AM16: =SUM(AN16:CF16) -> 0
D17: =SUM(E17:AH17) -> 0 | AM17: =SUM(AN17:CF17) -> 0
D18: =SUM(E18:AH18) -> 0 | AM18: =SUM(AN18:CF18) -> 0
D19: =SUM(E19:AH19) -> 0 | AM19: =SUM(AN19:CF19) -> 0
... D37: =SUM(E37:AH37) -> 0 | AM37: =SUM(AN37:CF37) -> 0
A38: TOTAL | D38: =SUM(D8:D37) -> 0 | E38: =SUM(E8:E37) -> 0 | F38: =SUM(F8:F37) -> 0 | G38: =SUM(G8:G37) -> 0 | H38: =SUM(H8:H37) -> 0 | I38: =SUM(I8:I37) -> 0 | J38: =SUM(J8:J37) -> 0 | K38: =SUM(K8:K37) -> 0 | ... AH38: =SUM(AH8:AH37) -> 0 | AM38: =SUM(AM8:AM37) -> 0 | AN38: =SUM(AN8:AN37) -> 0 | AO38: =SUM(AO8:AO37) -> 0 | AP38: =SUM(AP8:AP37) -> 0 | AQ38: =SUM(AQ8:AQ37) -> 0 | AR38: =SUM(AR8:AR37) -> 0 | AS38: =SUM(AS8:AS37) -> 0 | AT38: =SUM(AT8:AT37) -> 0 | ... CF38: =SUM(CF8:CF37) -> 0
A41: Month Summary
A42: Total Income | D42: =D38 -> 0
A43: Total Expenditure | D43: =AM38 -> 0
A44: Surplus / (Deficit) in Month | D44: =D42-D43 -> 0
A45: Surplus / (Deficit) YTD | D45: ='CB5'!D45+'CB6'!D44 -> 0

Sheet CB7
A1: =_xlfn.CONCAT(Data!$B$2," Cash Book") -> Cash Book
A3: Year | B3: =Data!$B$3 -> 0
A4: Month | B4: =Data!$B$10 -> 0
A6: Date | B6: Description | C6: Pay In (Bank Ref) | D6: Total Amount | E6: =Data!$B$18 -> 0 | F6: =Data!$B$19 -> 0 | G6: =Data!$B$20 -> 0 | H6: =Data!$B$21 -> 0 | I6: =Data!$B$22 -> 0 | J6: =Data!$B$23 -> 0 | K6: =Data!$B$24 -> 0 | L6: =Data!$B$25 -> 0 | M6: =Data!$B$26 -> 0 | N6: =Data!$B$27 -> 0 | O6: =Data!$B$28 -> 0 | P6: =Data!$B$29 -> 0 | Q6: =Data!$B$30 -> 0 | R6: =Data!$B$31 -> 0 | S6: =Data!$B$32 -> 0 | T6: =Data!$B$33 -> 0 | U6: =Data!$B$34 -> 0 | V6: =Data!$B$35 -> 0 | W6: =Data!$B$36 -> 0 | X6: =Data!$B$37 -> 0 | Y6: =Data!$B$38 -> 0 | Z6: =Data!$B$39 -> 0 | AA6: =Data!$B$40 -> 0 | AB6: =Data!$B$41 -> 0 | AC6: =Data!$B$42 -> 0 | AD6: =Data!$B$43 -> 0 | AE6: =Data!$B$44 -> 0 | AF6: =Data!$B$45 -> 0 | AG6: =Data!$B$46 -> 0 | AH6: =Data!$B$47 -> 0 | AJ6: Date | AK6: Description | AL6: (Bank Ref) | AM6: Total Amount | AN6: =Data!$B$50 -> 0 | AO6: =Data!$B$51 -> 0 | AP6: =Data!$B$52 -> 0 | AQ6: =Data!$B$53 -> 0 | AR6: =Data!$B$54 -> 0 | AS6: =Data!$B$55 -> 0 | AT6: =Data!$B$56 -> 0 | AU6: =Data!$B$57 -> 0 | AV6: =Data!$B$58 -> 0 | AW6: =Data!$B$59 -> 0 | AX6: =Data!$B$60 -> 0 | AY6: =Data!$B$61 -> 0 | AZ6: =Data!$B$62 -> 0 | BA6: =Data!$B$63 -> 0 | BB6: =Data!$B$64 -> 0 | BC6: =Data!$B$65 -> 0 | BD6: =Data!$B$66 -> 0 | BE6: =Data!$B$67 -> 0 | BF6: =Data!$B$68 -> 0 | BG6: =Data!$B$69 -> 0 | BH6: =Data!$B$70 -> 0 | BI6: =Data!$B$71 -> 0 | BJ6: =Data!$B$72 -> 0 | BK6: =Data!$B$73 -> 0 | BL6: =Data!$B$74 -> 0 | BM6: =Data!$B$75 -> 0 | BN6: =Data!$B$76 -> 0 | BO6: =Data!$B$77 -> 0 | BP6: =Data!$B$78 -> 0 | BQ6: =Data!$B$79 -> 0 | BR6: =Data!$B$80 -> 0 | BS6: =Data!$B$81 -> 0 | BT6: =Data!$B$82 -> 0 | BU6: =Data!$B$83 -> 0 | BV6: =Data!$B$84 -> 0 | BW6: =Data!$B$85 -> 0 | BX6: =Data!$B$86 -> 0 | BY6: =Data!$B$87 -> 0 | BZ6: =Data!$B$88 -> 0 | CA6: =Data!$B$89 -> 0 | CB6: =Data!$B$90 -> 0 | CC6: =Data!$B$91 -> 0 | CD6: =Data!$B$92 -> 0 | CE6: =Data!$B$93 -> 0 | CF6: =Data!$B$94 -> 0
A7: Income | AJ7: Expenditure
D8: =SUM(E8:AH8) -> 0 | AM8: =SUM(AN8:CF8) -> 0
D9: =SUM(E9:AH9) -> 0 | AM9: =SUM(AN9:CF9) -> 0
D10: =SUM(E10:AH10) -> 0 | AM10: =SUM(AN10:CF10) -> 0
D11: =SUM(E11:AH11) -> 0 | AM11: =SUM(AN11:CF11) -> 0
D12: =SUM(E12:AH12) -> 0 | AM12: =SUM(AN12:CF12) -> 0
D13: =SUM(E13:AH13) -> 0 | AM13: =SUM(AN13:CF13) -> 0
D14: =SUM(E14:AH14) -> 0 | AM14: =SUM(AN14:CF14) -> 0
D15: =SUM(E15:AH15) -> 0 | AM15: =SUM(AN15:CF15) -> 0
D16: =SUM(E16:AH16) -> 0 | AM16: =SUM(AN16:CF16) -> 0
D17: =SUM(E17:AH17) -> 0 | AM17: =SUM(AN17:CF17) -> 0
D18: =SUM(E18:AH18) -> 0 | AM18: =SUM(AN18:CF18) -> 0
D19: =SUM(E19:AH19) -> 0 | AM19: =SUM(AN19:CF19) -> 0
... D37: =SUM(E37:AH37) -> 0 | AM37: =SUM(AN37:CF37) -> 0
A38: TOTAL | D38: =SUM(D8:D37) -> 0 | E38: =SUM(E8:E37) -> 0 | F38: =SUM(F8:F37) -> 0 | G38: =SUM(G8:G37) -> 0 | H38: =SUM(H8:H37) -> 0 | I38: =SUM(I8:I37) -> 0 | J38: =SUM(J8:J37) -> 0 | K38: =SUM(K8:K37) -> 0 | ... AH38: =SUM(AH8:AH37) -> 0 | AM38: =SUM(AM8:AM37) -> 0 | AN38: =SUM(AN8:AN37) -> 0 | AO38: =SUM(AO8:AO37) -> 0 | AP38: =SUM(AP8:AP37) -> 0 | AQ38: =SUM(AQ8:AQ37) -> 0 | AR38: =SUM(AR8:AR37) -> 0 | AS38: =SUM(AS8:AS37) -> 0 | AT38: =SUM(AT8:AT37) -> 0 | ... CF38: =SUM(CF8:CF37) -> 0
A41: Month Summary
A42: Total Income | D42: =D38 -> 0
A43: Total Expenditure | D43: =AM38 -> 0
A44: Surplus / (Deficit) in Month | D44: =D42-D43 -> 0
A45: Surplus / (Deficit) YTD | D45: ='CB6'!D45+'CB7'!D44 -> 0

Sheet CB8
A1: =_xlfn.CONCAT(Data!$B$2," Cash Book") -> Cash Book
A3: Year | B3: =Data!$B$3 -> 0
A4: Month | B4: =Data!$B$11 -> 0
A6: Date | B6: Description | C6: Pay In (Bank Ref) | D6: Total Amount | E6: =Data!$B$18 -> 0 | F6: =Data!$B$19 -> 0 | G6: =Data!$B$20 -> 0 | H6: =Data!$B$21 -> 0 | I6: =Data!$B$22 -> 0 | J6: =Data!$B$23 -> 0 | K6: =Data!$B$24 -> 0 | L6: =Data!$B$25 -> 0 | M6: =Data!$B$26 -> 0 | N6: =Data!$B$27 -> 0 | O6: =Data!$B$28 -> 0 | P6: =Data!$B$29 -> 0 | Q6: =Data!$B$30 -> 0 | R6: =Data!$B$31 -> 0 | S6: =Data!$B$32 -> 0 | T6: =Data!$B$33 -> 0 | U6: =Data!$B$34 -> 0 | V6: =Data!$B$35 -> 0 | W6: =Data!$B$36 -> 0 | X6: =Data!$B$37 -> 0 | Y6: =Data!$B$38 -> 0 | Z6: =Data!$B$39 -> 0 | AA6: =Data!$B$40 -> 0 | AB6: =Data!$B$41 -> 0 | AC6: =Data!$B$42 -> 0 | AD6: =Data!$B$43 -> 0 | AE6: =Data!$B$44 -> 0 | AF6: =Data!$B$45 -> 0 | AG6: =Data!$B$46 -> 0 | AH6: =Data!$B$47 -> 0 | AJ6: Date | AK6: Description | AL6: (Bank Ref) | AM6: Total Amount | AN6: =Data!$B$50 -> 0 | AO6: =Data!$B$51 -> 0 | AP6: =Data!$B$52 -> 0 | AQ6: =Data!$B$53 -> 0 | AR6: =Data!$B$54 -> 0 | AS6: =Data!$B$55 -> 0 | AT6: =Data!$B$56 -> 0 | AU6: =Data!$B$57 -> 0 | AV6: =Data!$B$58 -> 0 | AW6: =Data!$B$59 -> 0 | AX6: =Data!$B$60 -> 0 | AY6: =Data!$B$61 -> 0 | AZ6: =Data!$B$62 -> 0 | BA6: =Data!$B$63 -> 0 | BB6: =Data!$B$64 -> 0 | BC6: =Data!$B$65 -> 0 | BD6: =Data!$B$66 -> 0 | BE6: =Data!$B$67 -> 0 | BF6: =Data!$B$68 -> 0 | BG6: =Data!$B$69 -> 0 | BH6: =Data!$B$70 -> 0 | BI6: =Data!$B$71 -> 0 | BJ6: =Data!$B$72 -> 0 | BK6: =Data!$B$73 -> 0 | BL6: =Data!$B$74 -> 0 | BM6: =Data!$B$75 -> 0 | BN6: =Data!$B$76 -> 0 | BO6: =Data!$B$77 -> 0 | BP6: =Data!$B$78 -> 0 | BQ6: =Data!$B$79 -> 0 | BR6: =Data!$B$80 -> 0 | BS6: =Data!$B$81 -> 0 | BT6: =Data!$B$82 -> 0 | BU6: =Data!$B$83 -> 0 | BV6: =Data!$B$84 -> 0 | BW6: =Data!$B$85 -> 0 | BX6: =Data!$B$86 -> 0 | BY6: =Data!$B$87 -> 0 | BZ6: =Data!$B$88 -> 0 | CA6: =Data!$B$89 -> 0 | CB6: =Data!$B$90 -> 0 | CC6: =Data!$B$91 -> 0 | CD6: =Data!$B$92 -> 0 | CE6: =Data!$B$93 -> 0 | CF6: =Data!$B$94 -> 0
A7: Income | AJ7: Expenditure
D8: =SUM(E8:AH8) -> 0 | AM8: =SUM(AN8:CF8) -> 0
D9: =SUM(E9:AH9) -> 0 | AM9: =SUM(AN9:CF9) -> 0
D10: =SUM(E10:AH10) -> 0 | AM10: =SUM(AN10:CF10) -> 0
D11: =SUM(E11:AH11) -> 0 | AM11: =SUM(AN11:CF11) -> 0
D12: =SUM(E12:AH12) -> 0 | AM12: =SUM(AN12:CF12) -> 0
D13: =SUM(E13:AH13) -> 0 | AM13: =SUM(AN13:CF13) -> 0
D14: =SUM(E14:AH14) -> 0 | AM14: =SUM(AN14:CF14) -> 0
D15: =SUM(E15:AH15) -> 0 | AM15: =SUM(AN15:CF15) -> 0
D16: =SUM(E16:AH16) -> 0 | AM16: =SUM(AN16:CF16) -> 0
D17: =SUM(E17:AH17) -> 0 | AM17: =SUM(AN17:CF17) -> 0
D18: =SUM(E18:AH18) -> 0 | AM18: =SUM(AN18:CF18) -> 0
D19: =SUM(E19:AH19) -> 0 | AM19: =SUM(AN19:CF19) -> 0
... D37: =SUM(E37:AH37) -> 0 | AM37: =SUM(AN37:CF37) -> 0
A38: TOTAL | D38: =SUM(D8:D37) -> 0 | E38: =SUM(E8:E37) -> 0 | F38: =SUM(F8:F37) -> 0 | G38: =SUM(G8:G37) -> 0 | H38: =SUM(H8:H37) -> 0 | I38: =SUM(I8:I37) -> 0 | J38: =SUM(J8:J37) -> 0 | K38: =SUM(K8:K37) -> 0 | ... AH38: =SUM(AH8:AH37) -> 0 | AM38: =SUM(AM8:AM37) -> 0 | AN38: =SUM(AN8:AN37) -> 0 | AO38: =SUM(AO8:AO37) -> 0 | AP38: =SUM(AP8:AP37) -> 0 | AQ38: =SUM(AQ8:AQ37) -> 0 | AR38: =SUM(AR8:AR37) -> 0 | AS38: =SUM(AS8:AS37) -> 0 | AT38: =SUM(AT8:AT37) -> 0 | ... CF38: =SUM(CF8:CF37) -> 0
A41: Month Summary
A42: Total Income | D42: =D38 -> 0
A43: Total Expenditure | D43: =AM38 -> 0
A44: Surplus / (Deficit) in Month | D44: =D42-D43 -> 0
A45: Surplus / (Deficit) YTD | D45: ='CB7'!D45+'CB8'!D44 -> 0

Sheet CB9
A1: =_xlfn.CONCAT(Data!$B$2," Cash Book") -> Cash Book
A3: Year | B3: =Data!$B$3 -> 0
A4: Month | B4: =Data!$B$12 -> 0
A6: Date | B6: Description | C6: Pay In (Bank Ref) | D6: Total Amount | E6: =Data!$B$18 -> 0 | F6: =Data!$B$19 -> 0 | G6: =Data!$B$20 -> 0 | H6: =Data!$B$21 -> 0 | I6: =Data!$B$22 -> 0 | J6: =Data!$B$23 -> 0 | K6: =Data!$B$24 -> 0 | L6: =Data!$B$25 -> 0 | M6: =Data!$B$26 -> 0 | N6: =Data!$B$27 -> 0 | O6: =Data!$B$28 -> 0 | P6: =Data!$B$29 -> 0 | Q6: =Data!$B$30 -> 0 | R6: =Data!$B$31 -> 0 | S6: =Data!$B$32 -> 0 | T6: =Data!$B$33 -> 0 | U6: =Data!$B$34 -> 0 | V6: =Data!$B$35 -> 0 | W6: =Data!$B$36 -> 0 | X6: =Data!$B$37 -> 0 | Y6: =Data!$B$38 -> 0 | Z6: =Data!$B$39 -> 0 | AA6: =Data!$B$40 -> 0 | AB6: =Data!$B$41 -> 0 | AC6: =Data!$B$42 -> 0 | AD6: =Data!$B$43 -> 0 | AE6: =Data!$B$44 -> 0 | AF6: =Data!$B$45 -> 0 | AG6: =Data!$B$46 -> 0 | AH6: =Data!$B$47 -> 0 | AJ6: Date | AK6: Description | AL6: (Bank Ref) | AM6: Total Amount | AN6: =Data!$B$50 -> 0 | AO6: =Data!$B$51 -> 0 | AP6: =Data!$B$52 -> 0 | AQ6: =Data!$B$53 -> 0 | AR6: =Data!$B$54 -> 0 | AS6: =Data!$B$55 -> 0 | AT6: =Data!$B$56 -> 0 | AU6: =Data!$B$57 -> 0 | AV6: =Data!$B$58 -> 0 | AW6: =Data!$B$59 -> 0 | AX6: =Data!$B$60 -> 0 | AY6: =Data!$B$61 -> 0 | AZ6: =Data!$B$62 -> 0 | BA6: =Data!$B$63 -> 0 | BB6: =Data!$B$64 -> 0 | BC6: =Data!$B$65 -> 0 | BD6: =Data!$B$66 -> 0 | BE6: =Data!$B$67 -> 0 | BF6: =Data!$B$68 -> 0 | BG6: =Data!$B$69 -> 0 | BH6: =Data!$B$70 -> 0 | BI6: =Data!$B$71 -> 0 | BJ6: =Data!$B$72 -> 0 | BK6: =Data!$B$73 -> 0 | BL6: =Data!$B$74 -> 0 | BM6: =Data!$B$75 -> 0 | BN6: =Data!$B$76 -> 0 | BO6: =Data!$B$77 -> 0 | BP6: =Data!$B$78 -> 0 | BQ6: =Data!$B$79 -> 0 | BR6: =Data!$B$80 -> 0 | BS6: =Data!$B$81 -> 0 | BT6: =Data!$B$82 -> 0 | BU6: =Data!$B$83 -> 0 | BV6: =Data!$B$84 -> 0 | BW6: =Data!$B$85 -> 0 | BX6: =Data!$B$86 -> 0 | BY6: =Data!$B$87 -> 0 | BZ6: =Data!$B$88 -> 0 | CA6: =Data!$B$89 -> 0 | CB6: =Data!$B$90 -> 0 | CC6: =Data!$B$91 -> 0 | CD6: =Data!$B$92 -> 0 | CE6: =Data!$B$93 -> 0 | CF6: =Data!$B$94 -> 0
A7: Income | AJ7: Expenditure
D8: =SUM(E8:AH8) -> 0 | AM8: =SUM(AN8:CF8) -> 0
D9: =SUM(E9:AH9) -> 0 | AM9: =SUM(AN9:CF9) -> 0
D10: =SUM(E10:AH10) -> 0 | AM10: =SUM(AN10:CF10) -> 0
D11: =SUM(E11:AH11) -> 0 | AM11: =SUM(AN11:CF11) -> 0
D12: =SUM(E12:AH12) -> 0 | AM12: =SUM(AN12:CF12) -> 0
D13: =SUM(E13:AH13) -> 0 | AM13: =SUM(AN13:CF13) -> 0
D14: =SUM(E14:AH14) -> 0 | AM14: =SUM(AN14:CF14) -> 0
D15: =SUM(E15:AH15) -> 0 | AM15: =SUM(AN15:CF15) -> 0
D16: =SUM(E16:AH16) -> 0 | AM16: =SUM(AN16:CF16) -> 0
D17: =SUM(E17:AH17) -> 0 | AM17: =SUM(AN17:CF17) -> 0
D18: =SUM(E18:AH18) -> 0 | AM18: =SUM(AN18:CF18) -> 0
D19: =SUM(E19:AH19) -> 0 | AM19: =SUM(AN19:CF19) -> 0
... D37: =SUM(E37:AH37) -> 0 | AM37: =SUM(AN37:CF37) -> 0
A38: TOTAL | D38: =SUM(D8:D37) -> 0 | E38: =SUM(E8:E37) -> 0 | F38: =SUM(F8:F37) -> 0 | G38: =SUM(G8:G37) -> 0 | H38: =SUM(H8:H37) -> 0 | I38: =SUM(I8:I37) -> 0 | J38: =SUM(J8:J37) -> 0 | K38: =SUM(K8:K37) -> 0 | ... AH38: =SUM(AH8:AH37) -> 0 | AM38: =SUM(AM8:AM37) -> 0 | AN38: =SUM(AN8:AN37) -> 0 | AO38: =SUM(AO8:AO37) -> 0 | AP38: =SUM(AP8:AP37) -> 0 | AQ38: =SUM(AQ8:AQ37) -> 0 | AR38: =SUM(AR8:AR37) -> 0 | AS38: =SUM(AS8:AS37) -> 0 | AT38: =SUM(AT8:AT37) -> 0 | ... CF38: =SUM(CF8:CF37) -> 0
A41: Month Summary
A42: Total Income | D42: =D38 -> 0
A43: Total Expenditure | D43: =AM38 -> 0
A44: Surplus / (Deficit) in Month | D44: =D42-D43 -> 0
A45: Surplus / (Deficit) YTD | D45: ='CB8'!D45+'CB9'!D44 -> 0

Sheet CB10
A1: =_xlfn.CONCAT(Data!$B$2," Cash Book") -> Cash Book
A3: Year | B3: =Data!$B$3 -> 0
A4: Month | B4: =Data!$B$13 -> 0
A6: Date | B6: Description | C6: Pay In (Bank Ref) | D6: Total Amount | E6: =Data!$B$18 -> 0 | F6: =Data!$B$19 -> 0 | G6: =Data!$B$20 -> 0 | H6: =Data!$B$21 -> 0 | I6: =Data!$B$22 -> 0 | J6: =Data!$B$23 -> 0 | K6: =Data!$B$24 -> 0 | L6: =Data!$B$25 -> 0 | M6: =Data!$B$26 -> 0 | N6: =Data!$B$27 -> 0 | O6: =Data!$B$28 -> 0 | P6: =Data!$B$29 -> 0 | Q6: =Data!$B$30 -> 0 | R6: =Data!$B$31 -> 0 | S6: =Data!$B$32 -> 0 | T6: =Data!$B$33 -> 0 | U6: =Data!$B$34 -> 0 | V6: =Data!$B$35 -> 0 | W6: =Data!$B$36 -> 0 | X6: =Data!$B$37 -> 0 | Y6: =Data!$B$38 -> 0 | Z6: =Data!$B$39 -> 0 | AA6: =Data!$B$40 -> 0 | AB6: =Data!$B$41 -> 0 | AC6: =Data!$B$42 -> 0 | AD6: =Data!$B$43 -> 0 | AE6: =Data!$B$44 -> 0 | AF6: =Data!$B$45 -> 0 | AG6: =Data!$B$46 -> 0 | AH6: =Data!$B$47 -> 0 | AJ6: Date | AK6: Description | AL6: (Bank Ref) | AM6: Total Amount | AN6: =Data!$B$50 -> 0 | AO6: =Data!$B$51 -> 0 | AP6: =Data!$B$52 -> 0 | AQ6: =Data!$B$53 -> 0 | AR6: =Data!$B$54 -> 0 | AS6: =Data!$B$55 -> 0 | AT6: =Data!$B$56 -> 0 | AU6: =Data!$B$57 -> 0 | AV6: =Data!$B$58 -> 0 | AW6: =Data!$B$59 -> 0 | AX6: =Data!$B$60 -> 0 | AY6: =Data!$B$61 -> 0 | AZ6: =Data!$B$62 -> 0 | BA6: =Data!$B$63 -> 0 | BB6: =Data!$B$64 -> 0 | BC6: =Data!$B$65 -> 0 | BD6: =Data!$B$66 -> 0 | BE6: =Data!$B$67 -> 0 | BF6: =Data!$B$68 -> 0 | BG6: =Data!$B$69 -> 0 | BH6: =Data!$B$70 -> 0 | BI6: =Data!$B$71 -> 0 | BJ6: =Data!$B$72 -> 0 | BK6: =Data!$B$73 -> 0 | BL6: =Data!$B$74 -> 0 | BM6: =Data!$B$75 -> 0 | BN6: =Data!$B$76 -> 0 | BO6: =Data!$B$77 -> 0 | BP6: =Data!$B$78 -> 0 | BQ6: =Data!$B$79 -> 0 | BR6: =Data!$B$80 -> 0 | BS6: =Data!$B$81 -> 0 | BT6: =Data!$B$82 -> 0 | BU6: =Data!$B$83 -> 0 | BV6: =Data!$B$84 -> 0 | BW6: =Data!$B$85 -> 0 | BX6: =Data!$B$86 -> 0 | BY6: =Data!$B$87 -> 0 | BZ6: =Data!$B$88 -> 0 | CA6: =Data!$B$89 -> 0 | CB6: =Data!$B$90 -> 0 | CC6: =Data!$B$91 -> 0 | CD6: =Data!$B$92 -> 0 | CE6: =Data!$B$93 -> 0 | CF6: =Data!$B$94 -> 0
A7: Income | AJ7: Expenditure
D8: =SUM(E8:AH8) -> 0 | AM8: =SUM(AN8:CF8) -> 0
D9: =SUM(E9:AH9) -> 0 | AM9: =SUM(AN9:CF9) -> 0
D10: =SUM(E10:AH10) -> 0 | AM10: =SUM(AN10:CF10) -> 0
D11: =SUM(E11:AH11) -> 0 | AM11: =SUM(AN11:CF11) -> 0
D12: =SUM(E12:AH12) -> 0 | AM12: =SUM(AN12:CF12) -> 0
D13: =SUM(E13:AH13) -> 0 | AM13: =SUM(AN13:CF13) -> 0
D14: =SUM(E14:AH14) -> 0 | AM14: =SUM(AN14:CF14) -> 0
D15: =SUM(E15:AH15) -> 0 | AM15: =SUM(AN15:CF15) -> 0
D16: =SUM(E16:AH16) -> 0 | AM16: =SUM(AN16:CF16) -> 0
D17: =SUM(E17:AH17) -> 0 | AM17: =SUM(AN17:CF17) -> 0
D18: =SUM(E18:AH18) -> 0 | AM18: =SUM(AN18:CF18) -> 0
D19: =SUM(E19:AH19) -> 0 | AM19: =SUM(AN19:CF19) -> 0
... D37: =SUM(E37:AH37) -> 0 | AM37: =SUM(AN37:CF37) -> 0
A38: TOTAL | D38: =SUM(D8:D37) -> 0 | E38: =SUM(E8:E37) -> 0 | F38: =SUM(F8:F37) -> 0 | G38: =SUM(G8:G37) -> 0 | H38: =SUM(H8:H37) -> 0 | I38: =SUM(I8:I37) -> 0 | J38: =SUM(J8:J37) -> 0 | K38: =SUM(K8:K37) -> 0 | ... AH38: =SUM(AH8:AH37) -> 0 | AM38: =SUM(AM8:AM37) -> 0 | AN38: =SUM(AN8:AN37) -> 0 | AO38: =SUM(AO8:AO37) -> 0 | AP38: =SUM(AP8:AP37) -> 0 | AQ38: =SUM(AQ8:AQ37) -> 0 | AR38: =SUM(AR8:AR37) -> 0 | AS38: =SUM(AS8:AS37) -> 0 | AT38: =SUM(AT8:AT37) -> 0 | ... CF38: =SUM(CF8:CF37) -> 0
A41: Month Summary
A42: Total Income | D42: =D38 -> 0
A43: Total Expenditure | D43: =AM38 -> 0
A44: Surplus / (Deficit) in Month | D44: =D42-D43 -> 0
A45: Surplus / (Deficit) YTD | D45: ='CB9'!D45+'CB10'!D44 -> 0

Sheet CB11
A1: =_xlfn.CONCAT(Data!$B$2," Cash Book") -> Cash Book
A3: Year | B3: =Data!$B$3 -> 0
A4: Month | B4: =Data!$B$14 -> 0
A6: Date | B6: Description | C6: Pay In (Bank Ref) | D6: Total Amount | E6: =Data!$B$18 -> 0 | F6: =Data!$B$19 -> 0 | G6: =Data!$B$20 -> 0 | H6: =Data!$B$21 -> 0 | I6: =Data!$B$22 -> 0 | J6: =Data!$B$23 -> 0 | K6: =Data!$B$24 -> 0 | L6: =Data!$B$25 -> 0 | M6: =Data!$B$26 -> 0 | N6: =Data!$B$27 -> 0 | O6: =Data!$B$28 -> 0 | P6: =Data!$B$29 -> 0 | Q6: =Data!$B$30 -> 0 | R6: =Data!$B$31 -> 0 | S6: =Data!$B$32 -> 0 | T6: =Data!$B$33 -> 0 | U6: =Data!$B$34 -> 0 | V6: =Data!$B$35 -> 0 | W6: =Data!$B$36 -> 0 | X6: =Data!$B$37 -> 0 | Y6: =Data!$B$38 -> 0 | Z6: =Data!$B$39 -> 0 | AA6: =Data!$B$40 -> 0 | AB6: =Data!$B$41 -> 0 | AC6: =Data!$B$42 -> 0 | AD6: =Data!$B$43 -> 0 | AE6: =Data!$B$44 -> 0 | AF6: =Data!$B$45 -> 0 | AG6: =Data!$B$46 -> 0 | AH6: =Data!$B$47 -> 0 | AJ6: Date | AK6: Description | AL6: (Bank Ref) | AM6: Total Amount | AN6: =Data!$B$50 -> 0 | AO6: =Data!$B$51 -> 0 | AP6: =Data!$B$52 -> 0 | AQ6: =Data!$B$53 -> 0 | AR6: =Data!$B$54 -> 0 | AS6: =Data!$B$55 -> 0 | AT6: =Data!$B$56 -> 0 | AU6: =Data!$B$57 -> 0 | AV6: =Data!$B$58 -> 0 | AW6: =Data!$B$59 -> 0 | AX6: =Data!$B$60 -> 0 | AY6: =Data!$B$61 -> 0 | AZ6: =Data!$B$62 -> 0 | BA6: =Data!$B$63 -> 0 | BB6: =Data!$B$64 -> 0 | BC6: =Data!$B$65 -> 0 | BD6: =Data!$B$66 -> 0 | BE6: =Data!$B$67 -> 0 | BF6: =Data!$B$68 -> 0 | BG6: =Data!$B$69 -> 0 | BH6: =Data!$B$70 -> 0 | BI6: =Data!$B$71 -> 0 | BJ6: =Data!$B$72 -> 0 | BK6: =Data!$B$73 -> 0 | BL6: =Data!$B$74 -> 0 | BM6: =Data!$B$75 -> 0 | BN6: =Data!$B$76 -> 0 | BO6: =Data!$B$77 -> 0 | BP6: =Data!$B$78 -> 0 | BQ6: =Data!$B$79 -> 0 | BR6: =Data!$B$80 -> 0 | BS6: =Data!$B$81 -> 0 | BT6: =Data!$B$82 -> 0 | BU6: =Data!$B$83 -> 0 | BV6: =Data!$B$84 -> 0 | BW6: =Data!$B$85 -> 0 | BX6: =Data!$B$86 -> 0 | BY6: =Data!$B$87 -> 0 | BZ6: =Data!$B$88 -> 0 | CA6: =Data!$B$89 -> 0 | CB6: =Data!$B$90 -> 0 | CC6: =Data!$B$91 -> 0 | CD6: =Data!$B$92 -> 0 | CE6: =Data!$B$93 -> 0 | CF6: =Data!$B$94 -> 0
A7: Income | AJ7: Expenditure
D8: =SUM(E8:AH8) -> 0 | AM8: =SUM(AN8:CF8) -> 0
D9: =SUM(E9:AH9) -> 0 | AM9: =SUM(AN9:CF9) -> 0
D10: =SUM(E10:AH10) -> 0 | AM10: =SUM(AN10:CF10) -> 0
D11: =SUM(E11:AH11) -> 0 | AM11: =SUM(AN11:CF11) -> 0
D12: =SUM(E12:AH12) -> 0 | AM12: =SUM(AN12:CF12) -> 0
D13: =SUM(E13:AH13) -> 0 | AM13: =SUM(AN13:CF13) -> 0
D14: =SUM(E14:AH14) -> 0 | AM14: =SUM(AN14:CF14) -> 0
D15: =SUM(E15:AH15) -> 0 | AM15: =SUM(AN15:CF15) -> 0
D16: =SUM(E16:AH16) -> 0 | AM16: =SUM(AN16:CF16) -> 0
D17: =SUM(E17:AH17) -> 0 | AM17: =SUM(AN17:CF17) -> 0
D18: =SUM(E18:AH18) -> 0 | AM18: =SUM(AN18:CF18) -> 0
D19: =SUM(E19:AH19) -> 0 | AM19: =SUM(AN19:CF19) -> 0
... D37: =SUM(E37:AH37) -> 0 | AM37: =SUM(AN37:CF37) -> 0
A38: TOTAL | D38: =SUM(D8:D37) -> 0 | E38: =SUM(E8:E37) -> 0 | F38: =SUM(F8:F37) -> 0 | G38: =SUM(G8:G37) -> 0 | H38: =SUM(H8:H37) -> 0 | I38: =SUM(I8:I37) -> 0 | J38: =SUM(J8:J37) -> 0 | K38: =SUM(K8:K37) -> 0 | ... AH38: =SUM(AH8:AH37) -> 0 | AM38: =SUM(AM8:AM37) -> 0 | AN38: =SUM(AN8:AN37) -> 0 | AO38: =SUM(AO8:AO37) -> 0 | AP38: =SUM(AP8:AP37) -> 0 | AQ38: =SUM(AQ8:AQ37) -> 0 | AR38: =SUM(AR8:AR37) -> 0 | AS38: =SUM(AS8:AS37) -> 0 | AT38: =SUM(AT8:AT37) -> 0 | ... CF38: =SUM(CF8:CF37) -> 0
A41: Month Summary
A42: Total Income | D42: =D38 -> 0
A43: Total Expenditure | D43: =AM38 -> 0
A44: Surplus / (Deficit) in Month | D44: =D42-D43 -> 0
A45: Surplus / (Deficit) YTD | D45: ='CB10'!D45+'CB11'!D44 -> 0

Sheet CB12
A1: =_xlfn.CONCAT(Data!$B$2," Cash Book") -> Cash Book
A3: Year | B3: =Data!$B$3 -> 0
A4: Month | B4: =Data!$B$15 -> 0
A6: Date | B6: Description | C6: Pay In (Bank Ref) | D6: Total Amount | E6: =Data!$B$18 -> 0 | F6: =Data!$B$19 -> 0 | G6: =Data!$B$20 -> 0 | H6: =Data!$B$21 -> 0 | I6: =Data!$B$22 -> 0 | J6: =Data!$B$23 -> 0 | K6: =Data!$B$24 -> 0 | L6: =Data!$B$25 -> 0 | M6: =Data!$B$26 -> 0 | N6: =Data!$B$27 -> 0 | O6: =Data!$B$28 -> 0 | P6: =Data!$B$29 -> 0 | Q6: =Data!$B$30 -> 0 | R6: =Data!$B$31 -> 0 | S6: =Data!$B$32 -> 0 | T6: =Data!$B$33 -> 0 | U6: =Data!$B$34 -> 0 | V6: =Data!$B$35 -> 0 | W6: =Data!$B$36 -> 0 | X6: =Data!$B$37 -> 0 | Y6: =Data!$B$38 -> 0 | Z6: =Data!$B$39 -> 0 | AA6: =Data!$B$40 -> 0 | AB6: =Data!$B$41 -> 0 | AC6: =Data!$B$42 -> 0 | AD6: =Data!$B$43 -> 0 | AE6: =Data!$B$44 -> 0 | AF6: =Data!$B$45 -> 0 | AG6: =Data!$B$46 -> 0 | AH6: =Data!$B$47 -> 0 | AJ6: Date | AK6: Description | AL6: (Bank Ref) | AM6: Total Amount | AN6: =Data!$B$50 -> 0 | AO6: =Data!$B$51 -> 0 | AP6: =Data!$B$52 -> 0 | AQ6: =Data!$B$53 -> 0 | AR6: =Data!$B$54 -> 0 | AS6: =Data!$B$55 -> 0 | AT6: =Data!$B$56 -> 0 | AU6: =Data!$B$57 -> 0 | AV6: =Data!$B$58 -> 0 | AW6: =Data!$B$59 -> 0 | AX6: =Data!$B$60 -> 0 | AY6: =Data!$B$61 -> 0 | AZ6: =Data!$B$62 -> 0 | BA6: =Data!$B$63 -> 0 | BB6: =Data!$B$64 -> 0 | BC6: =Data!$B$65 -> 0 | BD6: =Data!$B$66 -> 0 | BE6: =Data!$B$67 -> 0 | BF6: =Data!$B$68 -> 0 | BG6: =Data!$B$69 -> 0 | BH6: =Data!$B$70 -> 0 | BI6: =Data!$B$71 -> 0 | BJ6: =Data!$B$72 -> 0 | BK6: =Data!$B$73 -> 0 | BL6: =Data!$B$74 -> 0 | BM6: =Data!$B$75 -> 0 | BN6: =Data!$B$76 -> 0 | BO6: =Data!$B$77 -> 0 | BP6: =Data!$B$78 -> 0 | BQ6: =Data!$B$79 -> 0 | BR6: =Data!$B$80 -> 0 | BS6: =Data!$B$81 -> 0 | BT6: =Data!$B$82 -> 0 | BU6: =Data!$B$83 -> 0 | BV6: =Data!$B$84 -> 0 | BW6: =Data!$B$85 -> 0 | BX6: =Data!$B$86 -> 0 | BY6: =Data!$B$87 -> 0 | BZ6: =Data!$B$88 -> 0 | CA6: =Data!$B$89 -> 0 | CB6: =Data!$B$90 -> 0 | CC6: =Data!$B$91 -> 0 | CD6: =Data!$B$92 -> 0 | CE6: =Data!$B$93 -> 0 | CF6: =Data!$B$94 -> 0
A7: Income | AJ7: Expenditure
D8: =SUM(E8:AH8) -> 0 | AM8: =SUM(AN8:CF8) -> 0
D9: =SUM(E9:AH9) -> 0 | AM9: =SUM(AN9:CF9) -> 0
D10: =SUM(E10:AH10) -> 0 | AM10: =SUM(AN10:CF10) -> 0
D11: =SUM(E11:AH11) -> 0 | AM11: =SUM(AN11:CF11) -> 0
D12: =SUM(E12:AH12) -> 0 | AM12: =SUM(AN12:CF12) -> 0
D13: =SUM(E13:AH13) -> 0 | AM13: =SUM(AN13:CF13) -> 0
D14: =SUM(E14:AH14) -> 0 | AM14: =SUM(AN14:CF14) -> 0
D15: =SUM(E15:AH15) -> 0 | AM15: =SUM(AN15:CF15) -> 0
D16: =SUM(E16:AH16) -> 0 | AM16: =SUM(AN16:CF16) -> 0
D17: =SUM(E17:AH17) -> 0 | AM17: =SUM(AN17:CF17) -> 0
D18: =SUM(E18:AH18) -> 0 | AM18: =SUM(AN18:CF18) -> 0
D19: =SUM(E19:AH19) -> 0 | AM19: =SUM(AN19:CF19) -> 0
... D37: =SUM(E37:AH37) -> 0 | AM37: =SUM(AN37:CF37) -> 0
A38: TOTAL | D38: =SUM(D8:D37) -> 0 | E38: =SUM(E8:E37) -> 0 | F38: =SUM(F8:F37) -> 0 | G38: =SUM(G8:G37) -> 0 | H38: =SUM(H8:H37) -> 0 | I38: =SUM(I8:I37) -> 0 | J38: =SUM(J8:J37) -> 0 | K38: =SUM(K8:K37) -> 0 | ... AH38: =SUM(AH8:AH37) -> 0 | AM38: =SUM(AM8:AM37) -> 0 | AN38: =SUM(AN8:AN37) -> 0 | AO38: =SUM(AO8:AO37) -> 0 | AP38: =SUM(AP8:AP37) -> 0 | AQ38: =SUM(AQ8:AQ37) -> 0 | AR38: =SUM(AR8:AR37) -> 0 | AS38: =SUM(AS8:AS37) -> 0 | AT38: =SUM(AT8:AT37) -> 0 | ... CF38: =SUM(CF8:CF37) -> 0
A41: Month Summary
A42: Total Income | D42: =D38 -> 0
A43: Total Expenditure | D43: =AM38 -> 0
A44: Surplus / (Deficit) in Month | D44: =D42-D43 -> 0
A45: Surplus / (Deficit) YTD | D45: ='CB11'!D45+'CB12'!D44 -> 0

Sheet IE1
A1: =_xlfn.CONCAT(Data!$B$2," Income & Expenditure Account") -> Income & Expenditure Account
A3: Year | B3: =Data!$B$3 -> 0
A4: Month | B4: =Data!B4 -> 0
B7: Actual | C7: Budget | D7: Variance | F7: Actual | G7: Budget | H7: Variance
B8: Month | C8: Month | D8: Month | F8: YTD | G8: YTD | H8: YTD
A9: Income | B9: £ | C9: £ | D9: £ | F9: £ | G9: £ | H9: £ | J9: Reason for Variance above or below 10% of budget | K9: Action Required | L9: Note No.
A10: =Data!B18 -> 0 | B10: ='CB1'!$E$38 -> 0 | C10: =Budget!$B$7 -> 0 | D10: =B10-C10 -> 0 | F10: ='CB1'!$E$38 -> 0 | G10: =Budget!$B$7 -> 0 | H10: =F10-G10 -> 0
A11: =Data!$B$19 -> 0 | B11: ='CB1'!$F$38 -> 0 | C11: =Budget!$B$8 -> 0 | D11: =B11-C11 -> 0 | F11: ='CB1'!$F$38 -> 0 | G11: =Budget!$B$8 -> 0 | H11: =F11-G11 -> 0
A12: =Data!$B$20 -> 0 | B12: ='CB1'!$G$38 -> 0 | C12: =Budget!$B$9 -> 0 | D12: =B12-C12 -> 0 | F12: ='CB1'!$G$38 -> 0 | G12: =Budget!$B$9 -> 0 | H12: =F12-G12 -> 0
A13: =Data!$B$21 -> 0 | B13: ='CB1'!$H$38 -> 0 | C13: =Budget!$B$10 -> 0 | D13: =B13-C13 -> 0 | F13: ='CB1'!$H$38 -> 0 | G13: =Budget!$B$10 -> 0 | H13: =F13-G13 -> 0
A14: =Data!$B$22 -> 0 | B14: ='CB1'!$I$38 -> 0 | C14: =Budget!$B$11 -> 0 | D14: =B14-C14 -> 0 | F14: ='CB1'!$I$38 -> 0 | G14: =Budget!$B$11 -> 0 | H14: =F14-G14 -> 0
A15: =Data!$B$23 -> 0 | B15: ='CB1'!$J$38 -> 0 | C15: =Budget!$B$12 -> 0 | D15: =B15-C15 -> 0 | F15: ='CB1'!$J$38 -> 0 | G15: =Budget!$B$12 -> 0 | H15: =F15-G15 -> 0
A16: =Data!$B$24 -> 0 | B16: ='CB1'!$K$38 -> 0 | C16: =Budget!$B$13 -> 0 | D16: =B16-C16 -> 0 | F16: ='CB1'!$K$38 -> 0 | G16: =Budget!$B$13 -> 0 | H16: =F16-G16 -> 0
A17: =Data!$B$25 -> 0 | B17: ='CB1'!$L$38 -> 0 | C17: =Budget!$B$14 -> 0 | D17: =B17-C17 -> 0 | F17: ='CB1'!$L$38 -> 0 | G17: =Budget!$B$14 -> 0 | H17: =F17-G17 -> 0
A18: =Data!$B$26 -> 0 | B18: ='CB1'!$M$38 -> 0 | C18: =Budget!$B$15 -> 0 | D18: =B18-C18 -> 0 | F18: ='CB1'!$M$38 -> 0 | G18: =Budget!$B$15 -> 0 | H18: =F18-G18 -> 0
A19: =Data!$B$27 -> 0 | B19: ='CB1'!$N$38 -> 0 | C19: =Budget!$B$16 -> 0 | D19: =B19-C19 -> 0 | F19: ='CB1'!$N$38 -> 0 | G19: =Budget!$B$16 -> 0 | H19: =F19-G19 -> 0
A20: =Data!$B$28 -> 0 | B20: ='CB1'!$O$38 -> 0 | C20: =Budget!$B$17 -> 0 | D20: =B20-C20 -> 0 | F20: ='CB1'!$O$38 -> 0 | G20: =Budget!$B$17 -> 0 | H20: =F20-G20 -> 0
A21: =Data!$B$29 -> 0 | B21: ='CB1'!$P$38 -> 0 | C21: =Budget!$B$18 -> 0 | D21: =B21-C21 -> 0 | F21: ='CB1'!$P$38 -> 0 | G21: =Budget!$B$18 -> 0 | H21: =F21-G21 -> 0
A22: =Data!$B$30 -> 0 | B22: ='CB1'!$Q$38 -> 0 | C22: =Budget!$B$19 -> 0 | D22: =B22-C22 -> 0 | F22: ='CB1'!$Q$38 -> 0 | G22: =Budget!$B$19 -> 0 | H22: =F22-G22 -> 0
A23: =Data!$B$31 -> 0 | B23: ='CB1'!$R$38 -> 0 | C23: =Budget!$B$20 -> 0 | D23: =B23-C23 -> 0 | F23: ='CB1'!$R$38 -> 0 | G23: =Budget!$B$20 -> 0 | H23: =F23-G23 -> 0
A24: =Data!$B$32 -> 0 | B24: ='CB1'!$S$38 -> 0 | C24: =Budget!$B$21 -> 0 | D24: =B24-C24 -> 0 | F24: ='CB1'!$S$38 -> 0 | G24: =Budget!$B$21 -> 0 | H24: =F24-G24 -> 0
A25: =Data!$B$33 -> 0 | B25: ='CB1'!$T$38 -> 0 | C25: =Budget!$B$22 -> 0 | D25: =B25-C25 -> 0 | F25: ='CB1'!$T$38 -> 0 | G25: =Budget!$B$22 -> 0 | H25: =F25-G25 -> 0
A26: =Data!$B$34 -> 0 | B26: ='CB1'!$U$38 -> 0 | C26: =Budget!$B$23 -> 0 | D26: =B26-C26 -> 0 | F26: ='CB1'!$U$38 -> 0 | G26: =Budget!$B$23 -> 0 | H26: =F26-G26 -> 0
A27: =Data!$B$35 -> 0 | B27: ='CB1'!$V$38 -> 0 | C27: =Budget!$B$24 -> 0 | D27: =B27-C27 -> 0 | F27: ='CB1'!$V$38 -> 0 | G27: =Budget!$B$24 -> 0 | H27: =F27-G27 -> 0
A28: =Data!$B$36 -> 0 | B28: ='CB1'!$W$38 -> 0 | C28: =Budget!$B$25 -> 0 | D28: =B28-C28 -> 0 | F28: ='CB1'!$W$38 -> 0 | G28: =Budget!$B$25 -> 0 | H28: =F28-G28 -> 0
A29: =Data!$B$37 -> 0 | B29: ='CB1'!$X$38 -> 0 | C29: =Budget!$B$26 -> 0 | D29: =B29-C29 -> 0 | F29: ='CB1'!$X$38 -> 0 | G29: =Budget!$B$26 -> 0 | H29: =F29-G29 -> 0
A30: =Data!$B$38 -> 0 | B30: ='CB1'!$Y$38 -> 0 | C30: =Budget!$B$27 -> 0 | D30: =B30-C30 -> 0 | F30: ='CB1'!$Y$38 -> 0 | G30: =Budget!$B$27 -> 0 | H30: =F30-G30 -> 0
A31: =Data!$B$39 -> 0 | B31: ='CB1'!$Z$38 -> 0 | C31: =Budget!$B$28 -> 0 | D31: =B31-C31 -> 0 | F31: ='CB1'!$Z$38 -> 0 | G31: =Budget!$B$28 -> 0 | H31: =F31-G31 -> 0
A32: =Data!$B$40 -> 0 | B32: ='CB1'!$AA$38 -> 0 | C32: =Budget!$B$29 -> 0 | D32: =B32-C32 -> 0 | F32: ='CB1'!$AA$38 -> 0 | G32: =Budget!$B$29 -> 0 | H32: =F32-G32 -> 0
A33: =Data!$B$41 -> 0 | B33: ='CB1'!$AB$38 -> 0 | C33: =Budget!$B$30 -> 0 | D33: =B33-C33 -> 0 | F33: ='CB1'!$AB$38 -> 0 | G33: =Budget!$B$30 -> 0 | H33: =F33-G33 -> 0
A34: =Data!$B$42 -> 0 | B34: ='CB1'!$AC$38 -> 0 | C34: =Budget!$B$31 -> 0 | D34: =B34-C34 -> 0 | F34: ='CB1'!$AC$38 -> 0 | G34: =Budget!$B$31 -> 0 | H34: =F34-G34 -> 0
A35: =Data!$B$43 -> 0 | B35: ='CB1'!$AD$38 -> 0 | C35: =Budget!$B$32 -> 0 | D35: =B35-C35 -> 0 | F35: ='CB1'!$AD$38 -> 0 | G35: =Budget!$B$32 -> 0 | H35: =F35-G35 -> 0
A36: =Data!$B$44 -> 0 | B36: ='CB1'!$AE$38 -> 0 | C36: =Budget!$B$33 -> 0 | D36: =B36-C36 -> 0 | F36: ='CB1'!$AE$38 -> 0 | G36: =Budget!$B$33 -> 0 | H36: =F36-G36 -> 0
A37: =Data!$B$45 -> 0 | B37: ='CB1'!$AF$38 -> 0 | C37: =Budget!$B$34 -> 0 | D37: =B37-C37 -> 0 | F37: ='CB1'!$AF$38 -> 0 | G37: =Budget!$B$34 -> 0 | H37: =F37-G37 -> 0
A38: =Data!$B$46 -> 0 | B38: ='CB1'!$AG$38 -> 0 | C38: =Budget!$B$35 -> 0 | D38: =B38-C38 -> 0 | F38: ='CB1'!$AG$38 -> 0 | G38: =Budget!$B$35 -> 0 | H38: =F38-G38 -> 0
A39: =Data!$B$47 -> 0 | B39: ='CB1'!$AH$38 -> 0 | C39: =Budget!$B$36 -> 0 | D39: =B39-C39 -> 0 | F39: ='CB1'!$AH$38 -> 0 | G39: =Budget!$B$36 -> 0 | H39: =F39-G39 -> 0
A40: TOTAL INCOME | B40: =SUM(B10:B39) -> 0 | C40: =SUM(C10:C39) -> 0 | D40: =SUM(D10:D39) -> 0 | F40: =SUM(F10:F39) -> 0 | G40: =SUM(G10:G39) -> 0 | H40: =F40-G40 -> 0
A42: Expenditure
A43: =Data!$B$50 -> 0 | B43: ='CB1'!$AN$38 -> 0 | C43: =Budget!$B$40 -> 0 | D43: =C43-B43 -> 0 | F43: ='CB1'!$AN$38 -> 0 | G43: =Budget!$B$40 -> 0 | H43: =G43-F43 -> 0
A44: =Data!$B$51 -> 0 | B44: ='CB1'!$AO$38 -> 0 | C44: =Budget!$B$41 -> 0 | D44: =C44-B44 -> 0 | F44: ='CB1'!$AO$38 -> 0 | G44: =Budget!$B$41 -> 0 | H44: =G44-F44 -> 0
A45: =Data!$B$52 -> 0 | B45: ='CB1'!$AP$38 -> 0 | C45: =Budget!$B$42 -> 0 | D45: =C45-B45 -> 0 | F45: ='CB1'!$AP$38 -> 0 | G45: =Budget!$B$42 -> 0 | H45: =G45-F45 -> 0
A46: =Data!$B$53 -> 0 | B46: ='CB1'!$AQ$38 -> 0 | C46: =Budget!$B$43 -> 0 | D46: =C46-B46 -> 0 | F46: ='CB1'!$AQ$38 -> 0 | G46: =Budget!$B$43 -> 0 | H46: =G46-F46 -> 0
A47: =Data!$B$54 -> 0 | B47: ='CB1'!$AR$38 -> 0 | C47: =Budget!$B$44 -> 0 | D47: =C47-B47 -> 0 | F47: ='CB1'!$AR$38 -> 0 | G47: =Budget!$B$44 -> 0 | H47: =G47-F47 -> 0
A48: =Data!$B$55 -> 0 | B48: ='CB1'!$AS$38 -> 0 | C48: =Budget!$B$45 -> 0 | D48: =C48-B48 -> 0 | F48: ='CB1'!$AS$38 -> 0 | G48: =Budget!$B$45 -> 0 | H48: =G48-F48 -> 0
A49: =Data!$B$56 -> 0 | B49: ='CB1'!$AT$38 -> 0 | C49: =Budget!$B$46 -> 0 | D49: =C49-B49 -> 0 | F49: ='CB1'!$AT$38 -> 0 | G49: =Budget!$B$46 -> 0 | H49: =G49-F49 -> 0
A50: =Data!$B$57 -> 0 | B50: ='CB1'!$AU$38 -> 0 | C50: =Budget!$B$47 -> 0 | D50: =C50-B50 -> 0 | F50: ='CB1'!$AU$38 -> 0 | G50: =Budget!$B$47 -> 0 | H50: =G50-F50 -> 0
A51: =Data!$B$58 -> 0 | B51: ='CB1'!$AV$38 -> 0 | C51: =Budget!$B$48 -> 0 | D51: =C51-B51 -> 0 | F51: ='CB1'!$AV$38 -> 0 | G51: =Budget!$B$48 -> 0 | H51: =G51-F51 -> 0
A52: =Data!$B$59 -> 0 | B52: ='CB1'!$AW$38 -> 0 | C52: =Budget!$B$49 -> 0 | D52: =C52-B52 -> 0 | F52: ='CB1'!$AW$38 -> 0 | G52: =Budget!$B$49 -> 0 | H52: =G52-F52 -> 0
A53: =Data!$B$60 -> 0 | B53: ='CB1'!$AX$38 -> 0 | C53: =Budget!$B$50 -> 0 | D53: =C53-B53 -> 0 | F53: ='CB1'!$AX$38 -> 0 | G53: =Budget!$B$50 -> 0 | H53: =G53-F53 -> 0
A54: =Data!$B$61 -> 0 | B54: ='CB1'!$AY$38 -> 0 | C54: =Budget!$B$51 -> 0 | D54: =C54-B54 -> 0 | F54: ='CB1'!$AY$38 -> 0 | G54: =Budget!$B$51 -> 0 | H54: =G54-F54 -> 0
A55: =Data!$B$62 -> 0 | B55: ='CB1'!$AZ$38 -> 0 | C55: =Budget!$B$52 -> 0 | D55: =C55-B55 -> 0 | F55: ='CB1'!$AZ$38 -> 0 | G55: =Budget!$B$52 -> 0 | H55: =G55-F55 -> 0
A56: =Data!$B$63 -> 0 | B56: ='CB1'!$BA$38 -> 0 | C56: =Budget!$B$53 -> 0 | D56: =C56-B56 -> 0 | F56: ='CB1'!$BA$38 -> 0 | G56: =Budget!$B$53 -> 0 | H56: =G56-F56 -> 0
A57: =Data!B64 -> 0 | B57: ='CB1'!$BB$38 -> 0 | C57: =Budget!$B$54 -> 0 | D57: =C57-B57 -> 0 | F57: ='CB1'!$BB$38 -> 0 | G57: =Budget!$B$54 -> 0 | H57: =G57-F57 -> 0
A58: =Data!B65 -> 0 | B58: ='CB1'!$BC$38 -> 0 | C58: =Budget!$B$55 -> 0 | D58: =C58-B58 -> 0 | F58: ='CB1'!$BC$38 -> 0 | G58: =Budget!$B$55 -> 0 | H58: =G58-F58 -> 0
A59: =Data!B66 -> 0 | B59: ='CB1'!$BD$38 -> 0 | C59: =Budget!$B$56 -> 0 | D59: =C59-B59 -> 0 | F59: ='CB1'!$BD$38 -> 0 | G59: =Budget!$B$56 -> 0 | H59: =G59-F59 -> 0
A60: =Data!B67 -> 0 | B60: ='CB1'!$BE$38 -> 0 | C60: =Budget!$B$57 -> 0 | D60: =C60-B60 -> 0 | F60: ='CB1'!$BE$38 -> 0 | G60: =Budget!$B$57 -> 0 | H60: =G60-F60 -> 0
A61: =Data!B68 -> 0 | B61: ='CB1'!$BF$38 -> 0 | C61: =Budget!$B$58 -> 0 | D61: =C61-B61 -> 0 | F61: ='CB1'!$BF$38 -> 0 | G61: =Budget!$B$58 -> 0 | H61: =G61-F61 -> 0
A62: =Data!B69 -> 0 | B62: ='CB1'!$BG$38 -> 0 | C62: =Budget!$B$59 -> 0 | D62: =C62-B62 -> 0 | F62: ='CB1'!$BG$38 -> 0 | G62: =Budget!$B$59 -> 0 | H62: =G62-F62 -> 0
A63: =Data!B70 -> 0 | B63: ='CB1'!$BH$38 -> 0 | C63: =Budget!$B$60 -> 0 | D63: =C63-B63 -> 0 | F63: ='CB1'!$BH$38 -> 0 | G63: =Budget!$B$60 -> 0 | H63: =G63-F63 -> 0
A64: =Data!B71 -> 0 | B64: ='CB1'!$BI$38 -> 0 | C64: =Budget!$B$61 -> 0 | D64: =C64-B64 -> 0 | F64: ='CB1'!$BI$38 -> 0 | G64: =Budget!$B$61 -> 0 | H64: =G64-F64 -> 0
A65: =Data!B72 -> 0 | B65: ='CB1'!$BJ$38 -> 0 | C65: =Budget!$B$62 -> 0 | D65: =C65-B65 -> 0 | F65: ='CB1'!$BJ$38 -> 0 | G65: =Budget!$B$62 -> 0 | H65: =G65-F65 -> 0
A66: =Data!B73 -> 0 | B66: ='CB1'!$BK$38 -> 0 | C66: =Budget!$B$63 -> 0 | D66: =C66-B66 -> 0 | F66: ='CB1'!$BK$38 -> 0 | G66: =Budget!$B$63 -> 0 | H66: =G66-F66 -> 0
A67: =Data!B74 -> 0 | B67: ='CB1'!$BL$38 -> 0 | C67: =Budget!$B$64 -> 0 | D67: =C67-B67 -> 0 | F67: ='CB1'!$BL$38 -> 0 | G67: =Budget!$B$64 -> 0 | H67: =G67-F67 -> 0
A68: =Data!B75 -> 0 | B68: ='CB1'!$BM$38 -> 0 | C68: =Budget!$B$65 -> 0 | D68: =C68-B68 -> 0 | F68: ='CB1'!$BM$38 -> 0 | G68: =Budget!$B$65 -> 0 | H68: =G68-F68 -> 0
A69: =Data!B76 -> 0 | B69: ='CB1'!$BN$38 -> 0 | C69: =Budget!$B$66 -> 0 | D69: =C69-B69 -> 0 | F69: ='CB1'!$BN$38 -> 0 | G69: =Budget!$B$66 -> 0 | H69: =G69-F69 -> 0
A70: =Data!B77 -> 0 | B70: ='CB1'!BO$38 -> 0 | C70: =Budget!$B$67 -> 0 | D70: =C70-B70 -> 0 | F70: ='CB1'!$BO$38 -> 0 | G70: =Budget!$B$67 -> 0 | H70: =G70-F70 -> 0
A71: =Data!B78 -> 0 | B71: ='CB1'!$BP$38 -> 0 | C71: =Budget!$B$68 -> 0 | D71: =C71-B71 -> 0 | F71: ='CB1'!$BP$38 -> 0 | G71: =Budget!$B$68 -> 0 | H71: =G71-F71 -> 0
A72: =Data!B79 -> 0 | B72: ='CB1'!$BQ$38 -> 0 | C72: =Budget!$B$69 -> 0 | D72: =C72-B72 -> 0 | F72: ='CB1'!$BQ$38 -> 0 | G72: =Budget!$B$69 -> 0 | H72: =G72-F72 -> 0
A73: =Data!B80 -> 0 | B73: ='CB1'!$BR$38 -> 0 | C73: =Budget!$B$70 -> 0 | D73: =C73-B73 -> 0 | F73: ='CB1'!$BR$38 -> 0 | G73: =Budget!$B$70 -> 0 | H73: =G73-F73 -> 0
A74: =Data!B81 -> 0 | B74: ='CB1'!$BS$38 -> 0 | C74: =Budget!$B$71 -> 0 | D74: =C74-B74 -> 0 | F74: ='CB1'!$BS$38 -> 0 | G74: =Budget!$B$71 -> 0 | H74: =G74-F74 -> 0
A75: =Data!B82 -> 0 | B75: ='CB1'!$BT$38 -> 0 | C75: =Budget!$B$72 -> 0 | D75: =C75-B75 -> 0 | F75: ='CB1'!$BT$38 -> 0 | G75: =Budget!$B$72 -> 0 | H75: =G75-F75 -> 0
A76: =Data!B83 -> 0 | B76: ='CB1'!$BU$38 -> 0 | C76: =Budget!$B$73 -> 0 | D76: =C76-B76 -> 0 | F76: ='CB1'!$BU$38 -> 0 | G76: =Budget!$B$73 -> 0 | H76: =G76-F76 -> 0
A77: =Data!B84 -> 0 | B77: ='CB1'!$BV$38 -> 0 | C77: =Budget!$B$74 -> 0 | D77: =C77-B77 -> 0 | F77: ='CB1'!$BV$38 -> 0 | G77: =Budget!$B$74 -> 0 | H77: =G77-F77 -> 0
A78: =Data!B85 -> 0 | B78: ='CB1'!$BW$38 -> 0 | C78: =Budget!$B$75 -> 0 | D78: =C78-B78 -> 0 | F78: ='CB1'!$BW$38 -> 0 | G78: =Budget!$B$75 -> 0 | H78: =G78-F78 -> 0
A79: =Data!B86 -> 0 | B79: ='CB1'!$BX$38 -> 0 | C79: =Budget!$B$76 -> 0 | D79: =C79-B79 -> 0 | F79: ='CB1'!$BX$38 -> 0 | G79: =Budget!$B$76 -> 0 | H79: =G79-F79 -> 0
A80: =Data!B87 -> 0 | B80: ='CB1'!$BY$38 -> 0 | C80: =Budget!$B$77 -> 0 | D80: =C80-B80 -> 0 | F80: ='CB1'!$BY$38 -> 0 | G80: =Budget!$B$77 -> 0 | H80: =G80-F80 -> 0
A81: =Data!B88 -> 0 | B81: ='CB1'!$BZ$38 -> 0 | C81: =Budget!$B$78 -> 0 | D81: =C81-B81 -> 0 | F81: ='CB1'!$BZ$38 -> 0 | G81: =Budget!$B$78 -> 0 | H81: =G81-F81 -> 0
A82: =Data!B89 -> 0 | B82: ='CB1'!$CA$38 -> 0 | C82: =Budget!$B$79 -> 0 | D82: =C82-B82 -> 0 | F82: ='CB1'!$CA$38 -> 0 | G82: =Budget!$B$79 -> 0 | H82: =G82-F82 -> 0
A83: =Data!B90 -> 0 | B83: ='CB1'!$CB$38 -> 0 | C83: =Budget!$B$80 -> 0 | D83: =C83-B83 -> 0 | F83: ='CB1'!$CB$38 -> 0 | G83: =Budget!$B$80 -> 0 | H83: =G83-F83 -> 0
A84: =Data!B91 -> 0 | B84: ='CB1'!$CC$38 -> 0 | C84: =Budget!$B$81 -> 0 | D84: =C84-B84 -> 0 | F84: ='CB1'!$CC$38 -> 0 | G84: =Budget!$B$81 -> 0 | H84: =G84-F84 -> 0
A85: =Data!B92 -> 0 | B85: ='CB1'!$CD$38 -> 0 | C85: =Budget!$B$82 -> 0 | D85: =C85-B85 -> 0 | F85: ='CB1'!$CD$38 -> 0 | G85: =Budget!$B$82 -> 0 | H85: =G85-F85 -> 0
A86: =Data!B93 -> 0 | B86: ='CB1'!$CE$38 -> 0 | C86: =Budget!$B$83 -> 0 | D86: =C86-B86 -> 0 | F86: ='CB1'!$CE$38 -> 0 | G86: =Budget!$B$83 -> 0 | H86: =G86-F86 -> 0
A87: =Data!B94 -> 0 | B87: ='CB1'!$CF$38 -> 0 | C87: =Budget!$B$84 -> 0 | D87: =C87-B87 -> 0 | F87: ='CB1'!$CF$38 -> 0 | G87: =Budget!$B$84 -> 0 | H87: =G87-F87 -> 0
A88: TOTAL EXPENDITURE | B88: =SUM(B43:B87) -> 0 | C88: =SUM(C43:C87) -> 0 | D88: =C88-B88 -> 0 | F88: =SUM(F43:F87) -> 0 | G88: =SUM(G43:G87) -> 0 | H88: =G88-F88 -> 0
A90: Surplus / (Deficit) | B90: =B40-B88 -> 0 | C90: =C40-C88 -> 0 | D90: =D40+D88 -> 0 | F90: =F40-F88 -> 0 | G90: =G40-G88 -> 0 | H90: =H40+H88 -> 0

Sheet IE2
A1: =_xlfn.CONCAT(Data!$B$2," Income & Expenditure Account") -> Income & Expenditure Account
A3: Year | B3: =Data!$B$3 -> 0
A4: Month | B4: =Data!B5 -> 0
B7: Actual | C7: Budget | D7: Variance | F7: Actual | G7: Budget | H7: Variance
B8: Month | C8: Month | D8: Month | F8: YTD | G8: YTD | H8: YTD
A9: Income | B9: £ | C9: £ | D9: £ | F9: £ | G9: £ | H9: £ | J9: Reason for Variance above or below 10% of budget | K9: Action Required | L9: Note No.
A10: =Data!$B$18 -> 0 | B10: ='CB2'!$E$38 -> 0 | C10: =Budget!$C$7 -> 0 | D10: =B10-C10 -> 0 | F10: ='IE1'!F10+'IE2'!B10 -> 0 | G10: =SUM(Budget!$B$7:$C$7) -> 0 | H10: =F10-G10 -> 0
A11: =Data!$B$19 -> 0 | B11: ='CB2'!$F$38 -> 0 | C11: =Budget!$C$8 -> 0 | D11: =B11-C11 -> 0 | F11: ='IE1'!F11+'IE2'!B11 -> 0 | G11: =SUM(Budget!$B$8:$C$8) -> 0 | H11: =F11-G11 -> 0
A12: =Data!$B$20 -> 0 | B12: ='CB2'!$G$38 -> 0 | C12: =Budget!$C$9 -> 0 | D12: =B12-C12 -> 0 | F12: ='IE1'!F12+'IE2'!B12 -> 0 | G12: =SUM(Budget!$B$9:$C$9) -> 0 | H12: =F12-G12 -> 0
A13: =Data!$B$21 -> 0 | B13: ='CB2'!$H$38 -> 0 | C13: =Budget!$C$10 -> 0 | D13: =B13-C13 -> 0 | F13: ='IE1'!F13+'IE2'!B13 -> 0 | G13: =SUM(Budget!$B$10:$C$10) -> 0 | H13: =F13-G13 -> 0
A14: =Data!$B$22 -> 0 | B14: ='CB2'!$I$38 -> 0 | C14: =Budget!$C$11 -> 0 | D14: =B14-C14 -> 0 | F14: ='IE1'!F14+'IE2'!B14 -> 0 | G14: =SUM(Budget!$B$11:$C$11) -> 0 | H14: =F14-G14 -> 0
A15: =Data!$B$23 -> 0 | B15: ='CB2'!$J$38 -> 0 | C15: =Budget!$C$12 -> 0 | D15: =B15-C15 -> 0 | F15: ='IE1'!F15+'IE2'!B15 -> 0 | G15: =SUM(Budget!$B$12:$C$12) -> 0 | H15: =F15-G15 -> 0
A16: =Data!$B$24 -> 0 | B16: ='CB2'!$K$38 -> 0 | C16: =Budget!$C$13 -> 0 | D16: =B16-C16 -> 0 | F16: ='IE1'!F16+'IE2'!B16 -> 0 | G16: =SUM(Budget!$B$13:$C$13) -> 0 | H16: =F16-G16 -> 0
A17: =Data!$B$25 -> 0 | B17: ='CB2'!$L$38 -> 0 | C17: =Budget!$C$14 -> 0 | D17: =B17-C17 -> 0 | F17: ='IE1'!F17+'IE2'!B17 -> 0 | G17: =SUM(Budget!$B$14:$C$14) -> 0 | H17: =F17-G17 -> 0
A18: =Data!$B$26 -> 0 | B18: ='CB2'!$M$38 -> 0 | C18: =Budget!$C$15 -> 0 | D18: =B18-C18 -> 0 | F18: ='IE1'!F18+'IE2'!B18 -> 0 | G18: =SUM(Budget!$B$15:$C$15) -> 0 | H18: =F18-G18 -> 0
A19: =Data!$B$27 -> 0 | B19: ='CB2'!$N$38 -> 0 | C19: =Budget!$C$16 -> 0 | D19: =B19-C19 -> 0 | F19: ='IE1'!F19+'IE2'!B19 -> 0 | G19: =SUM(Budget!$B$16:$C$16) -> 0 | H19: =F19-G19 -> 0
A20: =Data!$B$28 -> 0 | B20: ='CB2'!$O$38 -> 0 | C20: =Budget!$C$17 -> 0 | D20: =B20-C20 -> 0 | F20: ='IE1'!F20+'IE2'!B20 -> 0 | G20: =SUM(Budget!$B$17:$C$17) -> 0 | H20: =F20-G20 -> 0
A21: =Data!$B$29 -> 0 | B21: ='CB2'!$P$38 -> 0 | C21: =Budget!$C$18 -> 0 | D21: =B21-C21 -> 0 | F21: ='IE1'!F21+'IE2'!B21 -> 0 | G21: =SUM(Budget!$B$18:$C$18) -> 0 | H21: =F21-G21 -> 0
A22: =Data!$B$30 -> 0 | B22: ='CB2'!$Q$38 -> 0 | C22: =Budget!$C$19 -> 0 | D22: =B22-C22 -> 0 | F22: ='IE1'!F22+'IE2'!B22 -> 0 | G22: =SUM(Budget!$B$19:$C$19) -> 0 | H22: =F22-G22 -> 0
A23: =Data!$B$31 -> 0 | B23: ='CB2'!$R$38 -> 0 | C23: =Budget!$C$20 -> 0 | D23: =B23-C23 -> 0 | F23: ='IE1'!F23+'IE2'!B23 -> 0 | G23: =SUM(Budget!$B$20:$C$20) -> 0 | H23: =F23-G23 -> 0
A24: =Data!$B$32 -> 0 | B24: ='CB2'!$S$38 -> 0 | C24: =Budget!$C$21 -> 0 | D24: =B24-C24 -> 0 | F24: ='IE1'!F24+'IE2'!B24 -> 0 | G24: =SUM(Budget!$B$21:$C$21) -> 0 | H24: =F24-G24 -> 0
A25: =Data!$B$33 -> 0 | B25: ='CB2'!$T$38 -> 0 | C25: =Budget!$C$22 -> 0 | D25: =B25-C25 -> 0 | F25: ='IE1'!F25+'IE2'!B25 -> 0 | G25: =SUM(Budget!$B$22:$C$22) -> 0 | H25: =F25-G25 -> 0
A26: =Data!$B$34 -> 0 | B26: ='CB2'!$U$38 -> 0 | C26: =Budget!$C$23 -> 0 | D26: =B26-C26 -> 0 | F26: ='IE1'!F26+'IE2'!B26 -> 0 | G26: =SUM(Budget!$B$23:$C$23) -> 0 | H26: =F26-G26 -> 0
A27: =Data!$B$35 -> 0 | B27: ='CB2'!$V$38 -> 0 | C27: =Budget!$C$24 -> 0 | D27: =B27-C27 -> 0 | F27: ='IE1'!F27+'IE2'!B27 -> 0 | G27: =SUM(Budget!$B$24:$C$24) -> 0 | H27: =F27-G27 -> 0
A28: =Data!$B$36 -> 0 | B28: ='CB2'!$W$38 -> 0 | C28: =Budget!$C$25 -> 0 | D28: =B28-C28 -> 0 | F28: ='IE1'!F28+'IE2'!B28 -> 0 | G28: =SUM(Budget!$B$25:$C$25) -> 0 | H28: =F28-G28 -> 0
A29: =Data!$B$37 -> 0 | B29: ='CB2'!$X$38 -> 0 | C29: =Budget!$C$26 -> 0 | D29: =B29-C29 -> 0 | F29: ='IE1'!F29+'IE2'!B29 -> 0 | G29: =SUM(Budget!$B$26:$C$26) -> 0 | H29: =F29-G29 -> 0
A30: =Data!$B$38 -> 0 | B30: ='CB2'!$Y$38 -> 0 | C30: =Budget!$C$27 -> 0 | D30: =B30-C30 -> 0 | F30: ='IE1'!F30+'IE2'!B30 -> 0 | G30: =SUM(Budget!$B$27:$C$27) -> 0 | H30: =F30-G30 -> 0
A31: =Data!$B$39 -> 0 | B31: ='CB2'!$Z$38 -> 0 | C31: =Budget!$C$28 -> 0 | D31: =B31-C31 -> 0 | F31: ='IE1'!F31+'IE2'!B31 -> 0 | G31: =SUM(Budget!$B$28:$C$28) -> 0 | H31: =F31-G31 -> 0
A32: =Data!$B$40 -> 0 | B32: ='CB2'!$AA$38 -> 0 | C32: =Budget!$C$29 -> 0 | D32: =B32-C32 -> 0 | F32: ='IE1'!F32+'IE2'!B32 -> 0 | G32: =SUM(Budget!$B$29:$C$29) -> 0 | H32: =F32-G32 -> 0
A33: =Data!$B$41 -> 0 | B33: ='CB2'!$AB$38 -> 0 | C33: =Budget!$C$30 -> 0 | D33: =B33-C33 -> 0 | F33: ='IE1'!F33+'IE2'!B33 -> 0 | G33: =SUM(Budget!$B$30:$C$30) -> 0 | H33: =F33-G33 -> 0
A34: =Data!$B$42 -> 0 | B34: ='CB2'!$AC$38 -> 0 | C34: =Budget!$C$31 -> 0 | D34: =B34-C34 -> 0 | F34: ='IE1'!F34+'IE2'!B34 -> 0 | G34: =SUM(Budget!$B$31:$C$31) -> 0 | H34: =F34-G34 -> 0
A35: =Data!$B$43 -> 0 | B35: ='CB2'!$AD$38 -> 0 | C35: =Budget!$C$32 -> 0 | D35: =B35-C35 -> 0 | F35: ='IE1'!F35+'IE2'!B35 -> 0 | G35: =SUM(Budget!$B$32:$C$32) -> 0 | H35: =F35-G35 -> 0
A36: =Data!$B$44 -> 0 | B36: ='CB2'!$AE$38 -> 0 | C36: =Budget!$C$33 -> 0 | D36: =B36-C36 -> 0 | F36: ='IE1'!F36+'IE2'!B36 -> 0 | G36: =SUM(Budget!$B$33:$C$33) -> 0 | H36: =F36-G36 -> 0
A37: =Data!$B$45 -> 0 | B37: ='CB2'!$AF$38 -> 0 | C37: =Budget!$C$34 -> 0 | D37: =B37-C37 -> 0 | F37: ='IE1'!F37+'IE2'!B37 -> 0 | G37: =SUM(Budget!$B$34:$C$34) -> 0 | H37: =F37-G37 -> 0
A38: =Data!$B$46 -> 0 | B38: ='CB2'!$AG$38 -> 0 | C38: =Budget!$C$35 -> 0 | D38: =B38-C38 -> 0 | F38: ='IE1'!F38+'IE2'!B38 -> 0 | G38: =SUM(Budget!$B$35:$C$35) -> 0 | H38: =F38-G38 -> 0
A39: =Data!$B$47 -> 0 | B39: ='CB2'!$AH$38 -> 0 | C39: =Budget!$C$36 -> 0 | D39: =B39-C39 -> 0 | F39: ='IE1'!F39+'IE2'!B39 -> 0 | G39: =SUM(Budget!$B$36:$C$36) -> 0 | H39: =F39-G39 -> 0
A40: TOTAL INCOME | B40: =SUM(B10:B39) -> 0 | C40: =SUM(C10:C39) -> 0 | D40: =SUM(D10:D39) -> 0 | F40: =SUM(F10:F39) -> 0 | G40: =SUM(G10:G39) -> 0 | H40: =SUM(H10:H39) -> 0
A42: Expenditure
A43: =Data!$B$50 -> 0 | B43: ='CB2'!$AN$38 -> 0 | C43: =Budget!$C$40 -> 0 | D43: =C43-B43 -> 0 | F43: ='IE1'!F43+'IE2'!B43 -> 0 | G43: =SUM(Budget!$B$40:$C$40) -> 0 | H43: =G43-F43 -> 0
A44: =Data!$B$51 -> 0 | B44: ='CB2'!$AO$38 -> 0 | C44: =Budget!$C$41 -> 0 | D44: =C44-B44 -> 0 | F44: ='IE1'!F44+'IE2'!B44 -> 0 | G44: =SUM(Budget!$B$41:$C$41) -> 0 | H44: =G44-F44 -> 0
A45: =Data!$B$52 -> 0 | B45: ='CB2'!$AP$38 -> 0 | C45: =Budget!$C$42 -> 0 | D45: =C45-B45 -> 0 | F45: ='IE1'!F45+'IE2'!B45 -> 0 | G45: =SUM(Budget!$B$42:$C$42) -> 0 | H45: =G45-F45 -> 0
A46: =Data!$B$53 -> 0 | B46: ='CB2'!$AQ$38 -> 0 | C46: =Budget!$C$43 -> 0 | D46: =C46-B46 -> 0 | F46: ='IE1'!F46+'IE2'!B46 -> 0 | G46: =SUM(Budget!$B$43:$C$43) -> 0 | H46: =G46-F46 -> 0
A47: =Data!$B$54 -> 0 | B47: ='CB2'!$AR$38 -> 0 | C47: =Budget!$C$44 -> 0 | D47: =C47-B47 -> 0 | F47: ='IE1'!F47+'IE2'!B47 -> 0 | G47: =SUM(Budget!$B$44:$C$44) -> 0 | H47: =G47-F47 -> 0
A48: =Data!$B$55 -> 0 | B48: ='CB2'!$AS$38 -> 0 | C48: =Budget!$C$45 -> 0 | D48: =C48-B48 -> 0 | F48: ='IE1'!F48+'IE2'!B48 -> 0 | G48: =SUM(Budget!$B$45:$C$45) -> 0 | H48: =G48-F48 -> 0
A49: =Data!$B$56 -> 0 | B49: ='CB2'!$AT$38 -> 0 | C49: =Budget!$C$46 -> 0 | D49: =C49-B49 -> 0 | F49: ='IE1'!F49+'IE2'!B49 -> 0 | G49: =SUM(Budget!$B$46:$C$46) -> 0 | H49: =G49-F49 -> 0
A50: =Data!$B$57 -> 0 | B50: ='CB2'!$AU$38 -> 0 | C50: =Budget!$C$47 -> 0 | D50: =C50-B50 -> 0 | F50: ='IE1'!F50+'IE2'!B50 -> 0 | G50: =SUM(Budget!$B$47:$C$47) -> 0 | H50: =G50-F50 -> 0
A51: =Data!$B$58 -> 0 | B51: ='CB2'!$AV$38 -> 0 | C51: =Budget!$C$48 -> 0 | D51: =C51-B51 -> 0 | F51: ='IE1'!F51+'IE2'!B51 -> 0 | G51: =SUM(Budget!$B$48:$C$48) -> 0 | H51: =G51-F51 -> 0
A52: =Data!$B$59 -> 0 | B52: ='CB2'!$AW$38 -> 0 | C52: =Budget!$C$49 -> 0 | D52: =C52-B52 -> 0 | F52: ='IE1'!F52+'IE2'!B52 -> 0 | G52: =SUM(Budget!$B$49:$C$49) -> 0 | H52: =G52-F52 -> 0
A53: =Data!$B$60 -> 0 | B53: ='CB2'!$AX$38 -> 0 | C53: =Budget!$C$50 -> 0 | D53: =C53-B53 -> 0 | F53: ='IE1'!F53+'IE2'!B53 -> 0 | G53: =SUM(Budget!$B$50:$C$50) -> 0 | H53: =G53-F53 -> 0
A54: =Data!$B$61 -> 0 | B54: ='CB2'!$AY$38 -> 0 | C54: =Budget!$C$51 -> 0 | D54: =C54-B54 -> 0 | F54: ='IE1'!F54+'IE2'!B54 -> 0 | G54: =SUM(Budget!$B$51:$C$51) -> 0 | H54: =G54-F54 -> 0
A55: =Data!$B$62 -> 0 | B55: ='CB2'!$AZ$38 -> 0 | C55: =Budget!$C$52 -> 0 | D55: =C55-B55 -> 0 | F55: ='IE1'!F55+'IE2'!B55 -> 0 | G55: =SUM(Budget!$B$52:$C$52) -> 0 | H55: =G55-F55 -> 0
A56: =Data!$B$63 -> 0 | B56: ='CB2'!$BA$38 -> 0 | C56: =Budget!$C$53 -> 0 | D56: =C56-B56 -> 0 | F56: ='IE1'!F56+'IE2'!B56 -> 0 | G56: =SUM(Budget!$B$53:$C$53) -> 0 | H56: =G56-F56 -> 0
A57: =Data!B64 -> 0 | B57: ='CB2'!$BB$38 -> 0 | C57: =Budget!$C$54 -> 0 | D57: =C57-B57 -> 0 | F57: ='IE1'!F57+'IE2'!B57 -> 0 | G57: =SUM(Budget!$B$54:$C$54) -> 0 | H57: =G57-F57 -> 0
A58: =Data!B65 -> 0 | B58: ='CB2'!$BC$38 -> 0 | C58: =Budget!$C$55 -> 0 | D58: =C58-B58 -> 0 | F58: ='IE1'!F58+'IE2'!B58 -> 0 | G58: =SUM(Budget!$B$55:$C$55) -> 0 | H58: =G58-F58 -> 0
A59: =Data!B66 -> 0 | B59: ='CB2'!$BD$38 -> 0 | C59: =Budget!$C$56 -> 0 | D59: =C59-B59 -> 0 | F59: ='IE1'!F59+'IE2'!B59 -> 0 | G59: =SUM(Budget!$B$56:$C$56) -> 0 | H59: =G59-F59 -> 0
A60: =Data!B67 -> 0 | B60: ='CB2'!$BE$38 -> 0 | C60: =Budget!$C$57 -> 0 | D60: =C60-B60 -> 0 | F60: ='IE1'!F60+'IE2'!B60 -> 0 | G60: =SUM(Budget!$B$57:$C$57) -> 0 | H60: =G60-F60 -> 0
A61: =Data!B68 -> 0 | B61: ='CB2'!$BF$38 -> 0 | C61: =Budget!$C$58 -> 0 | D61: =C61-B61 -> 0 | F61: ='IE1'!F61+'IE2'!B61 -> 0 | G61: =SUM(Budget!$B$58:$C$58) -> 0 | H61: =G61-F61 -> 0
A62: =Data!B69 -> 0 | B62: ='CB2'!$BG$38 -> 0 | C62: =Budget!$C$59 -> 0 | D62: =C62-B62 -> 0 | F62: ='IE1'!F62+'IE2'!B62 -> 0 | G62: =SUM(Budget!$B$59:$C$59) -> 0 | H62: =G62-F62 -> 0
A63: =Data!B70 -> 0 | B63: ='CB2'!$BH$38 -> 0 | C63: =Budget!$C$60 -> 0 | D63: =C63-B63 -> 0 | F63: ='IE1'!F63+'IE2'!B63 -> 0 | G63: =SUM(Budget!$B$60:$C$60) -> 0 | H63: =G63-F63 -> 0
A64: =Data!B71 -> 0 | B64: ='CB2'!$BI$38 -> 0 | C64: =Budget!$C$61 -> 0 | D64: =C64-B64 -> 0 | F64: ='IE1'!F64+'IE2'!B64 -> 0 | G64: =SUM(Budget!$B$61:$C$61) -> 0 | H64: =G64-F64 -> 0
A65: =Data!B72 -> 0 | B65: ='CB2'!$BJ$38 -> 0 | C65: =Budget!$C$62 -> 0 | D65: =C65-B65 -> 0 | F65: ='IE1'!F65+'IE2'!B65 -> 0 | G65: =SUM(Budget!$B$62:$C$62) -> 0 | H65: =G65-F65 -> 0
A66: =Data!B73 -> 0 | B66: ='CB2'!$BK$38 -> 0 | C66: =Budget!$C$63 -> 0 | D66: =C66-B66 -> 0 | F66: ='IE1'!F66+'IE2'!B66 -> 0 | G66: =SUM(Budget!$B$63:$C$63) -> 0 | H66: =G66-F66 -> 0
A67: =Data!B74 -> 0 | B67: ='CB2'!$BL$38 -> 0 | C67: =Budget!$C$64 -> 0 | D67: =C67-B67 -> 0 | F67: ='IE1'!F67+'IE2'!B67 -> 0 | G67: =SUM(Budget!$B$64:$C$64) -> 0 | H67: =G67-F67 -> 0
A68: =Data!B75 -> 0 | B68: ='CB2'!$BM$38 -> 0 | C68: =Budget!$C$65 -> 0 | D68: =C68-B68 -> 0 | F68: ='IE1'!F68+'IE2'!B68 -> 0 | G68: =SUM(Budget!$B$65:$C$65) -> 0 | H68: =G68-F68 -> 0
A69: =Data!B76 -> 0 | B69: ='CB2'!$BN$38 -> 0 | C69: =Budget!$C$66 -> 0 | D69: =C69-B69 -> 0 | F69: ='IE1'!F69+'IE2'!B69 -> 0 | G69: =SUM(Budget!$B$66:$C$66) -> 0 | H69: =G69-F69 -> 0
A70: =Data!B77 -> 0 | B70: ='CB2'!BO$38 -> 0 | C70: =Budget!$C$67 -> 0 | D70: =C70-B70 -> 0 | F70: ='IE1'!F70+'IE2'!B70 -> 0 | G70: =SUM(Budget!$B$67:$C$67) -> 0 | H70: =G70-F70 -> 0
A71: =Data!B78 -> 0 | B71: ='CB2'!$BP$38 -> 0 | C71: =Budget!$C$68 -> 0 | D71: =C71-B71 -> 0 | F71: ='IE1'!F71+'IE2'!B71 -> 0 | G71: =SUM(Budget!$B$68:$C$68) -> 0 | H71: =G71-F71 -> 0
A72: =Data!B79 -> 0 | B72: ='CB2'!$BQ$38 -> 0 | C72: =Budget!$C$69 -> 0 | D72: =C72-B72 -> 0 | F72: ='IE1'!F72+'IE2'!B72 -> 0 | G72: =SUM(Budget!$B$69:$C$69) -> 0 | H72: =G72-F72 -> 0
A73: =Data!B80 -> 0 | B73: ='CB2'!$BR$38 -> 0 | C73: =Budget!$C$70 -> 0 | D73: =C73-B73 -> 0 | F73: ='IE1'!F73+'IE2'!B73 -> 0 | G73: =SUM(Budget!$B$70:$C$70) -> 0 | H73: =G73-F73 -> 0
A74: =Data!B81 -> 0 | B74: ='CB2'!$BS$38 -> 0 | C74: =Budget!$C$71 -> 0 | D74: =C74-B74 -> 0 | F74: ='IE1'!F74+'IE2'!B74 -> 0 | G74: =SUM(Budget!$B$71:$C$71) -> 0 | H74: =G74-F74 -> 0
A75: =Data!B82 -> 0 | B75: ='CB2'!$BT$38 -> 0 | C75: =Budget!$C$72 -> 0 | D75: =C75-B75 -> 0 | F75: ='IE1'!F75+'IE2'!B75 -> 0 | G75: =SUM(Budget!$B$72:$C$72) -> 0 | H75: =G75-F75 -> 0
A76: =Data!B83 -> 0 | B76: ='CB2'!$BU$38 -> 0 | C76: =Budget!$C$73 -> 0 | D76: =C76-B76 -> 0 | F76: ='IE1'!F76+'IE2'!B76 -> 0 | G76: =SUM(Budget!$B$73:$C$73) -> 0 | H76: =G76-F76 -> 0
A77: =Data!B84 -> 0 | B77: ='CB2'!$BV$38 -> 0 | C77: =Budget!$C$74 -> 0 | D77: =C77-B77 -> 0 | F77: ='IE1'!F77+'IE2'!B77 -> 0 | G77: =SUM(Budget!$B$74:$C$74) -> 0 | H77: =G77-F77 -> 0
A78: =Data!B85 -> 0 | B78: ='CB2'!$BW$38 -> 0 | C78: =Budget!$C$75 -> 0 | D78: =C78-B78 -> 0 | F78: ='IE1'!F78+'IE2'!B78 -> 0 | G78: =SUM(Budget!$B$75:$C$75) -> 0 | H78: =G78-F78 -> 0
A79: =Data!B86 -> 0 | B79: ='CB2'!$BX$38 -> 0 | C79: =Budget!$C$76 -> 0 | D79: =C79-B79 -> 0 | F79: ='IE1'!F79+'IE2'!B79 -> 0 | G79: =SUM(Budget!$B$76:$C$76) -> 0 | H79: =G79-F79 -> 0
A80: =Data!B87 -> 0 | B80: ='CB2'!$BY$38 -> 0 | C80: =Budget!$C$77 -> 0 | D80: =C80-B80 -> 0 | F80: ='IE1'!F80+'IE2'!B80 -> 0 | G80: =SUM(Budget!$B$77:$C$77) -> 0 | H80: =G80-F80 -> 0
A81: =Data!B88 -> 0 | B81: ='CB2'!$BZ$38 -> 0 | C81: =Budget!$C$78 -> 0 | D81: =C81-B81 -> 0 | F81: ='IE1'!F81+'IE2'!B81 -> 0 | G81: =SUM(Budget!$B$78:$C$78) -> 0 | H81: =G81-F81 -> 0
A82: =Data!B89 -> 0 | B82: ='CB2'!$CA$38 -> 0 | C82: =Budget!$C$79 -> 0 | D82: =C82-B82 -> 0 | F82: ='IE1'!F82+'IE2'!B82 -> 0 | G82: =SUM(Budget!$B$79:$C$79) -> 0 | H82: =G82-F82 -> 0
A83: =Data!B90 -> 0 | B83: ='CB2'!$CB$38 -> 0 | C83: =Budget!$C$80 -> 0 | D83: =C83-B83 -> 0 | F83: ='IE1'!F83+'IE2'!B83 -> 0 | G83: =SUM(Budget!$B$80:$C$80) -> 0 | H83: =G83-F83 -> 0
A84: =Data!B91 -> 0 | B84: ='CB2'!$CC$38 -> 0 | C84: =Budget!$C$81 -> 0 | D84: =C84-B84 -> 0 | F84: ='IE1'!F84+'IE2'!B84 -> 0 | G84: =SUM(Budget!$B$81:$C$81) -> 0 | H84: =G84-F84 -> 0
A85: =Data!B92 -> 0 | B85: ='CB2'!$CD$38 -> 0 | C85: =Budget!$C$82 -> 0 | D85: =C85-B85 -> 0 | F85: ='IE1'!F85+'IE2'!B85 -> 0 | G85: =SUM(Budget!$B$82:$C$82) -> 0 | H85: =G85-F85 -> 0
A86: =Data!B93 -> 0 | B86: ='CB2'!$CE$38 -> 0 | C86: =Budget!$C$83 -> 0 | D86: =C86-B86 -> 0 | F86: ='IE1'!F86+'IE2'!B86 -> 0 | G86: =SUM(Budget!$B$83:$C$83) -> 0 | H86: =G86-F86 -> 0
A87: =Data!B94 -> 0 | B87: ='CB2'!$CF$38 -> 0 | C87: =Budget!$C$84 -> 0 | D87: =C87-B87 -> 0 | F87: ='IE1'!F87+'IE2'!B87 -> 0 | G87: =SUM(Budget!$B$84:$C$84) -> 0 | H87: =G87-F87 -> 0
A88: TOTAL EXPENDITURE | B88: =SUM(B43:B87) -> 0 | C88: =SUM(C43:C87) -> 0 | D88: =SUM(D43:D87) -> 0 | F88: =SUM(F43:F87) -> 0 | G88: =SUM(G43:G87) -> 0 | H88: =SUM(H43:H87) -> 0
A90: Surplus / (Deficit) | B90: =B40-B88 -> 0 | C90: =C40-C88 -> 0 | D90: =D40+D88 -> 0 | F90: =F40-F88 -> 0 | G90: =G40-G88 -> 0 | H90: =H40+H88 -> 0

Sheet IE3
A1: =_xlfn.CONCAT(Data!$B$2," Income & Expenditure Account") -> Income & Expenditure Account
A3: Year | B3: =Data!$B$3 -> 0
A4: Month | B4: =Data!B6 -> 0
B7: Actual | C7: Budget | D7: Variance | F7: Actual | G7: Budget | H7: Variance
B8: Month | C8: Month | D8: Month | F8: YTD | G8: YTD | H8: YTD
A9: Income | B9: £ | C9: £ | D9: £ | F9: £ | G9: £ | H9: £ | J9: Reason for Variance above or below 10% of budget | K9: Action Required | L9: Note No.
A10: =Data!$B$18 -> 0 | B10: ='CB3'!$E$38 -> 0 | C10: =Budget!$D$7 -> 0 | D10: =B10-C10 -> 0 | F10: ='IE2'!F10+'IE3'!B10 -> 0 | G10: =SUM(Budget!$B$7:$D$7) -> 0 | H10: =F10-G10 -> 0
A11: =Data!$B$19 -> 0 | B11: ='CB3'!$F$38 -> 0 | C11: =Budget!$D$8 -> 0 | D11: =B11-C11 -> 0 | F11: ='IE2'!F11+'IE3'!B11 -> 0 | G11: =SUM(Budget!$B$8:$D$8) -> 0 | H11: =F11-G11 -> 0
A12: =Data!$B$20 -> 0 | B12: ='CB3'!$G$38 -> 0 | C12: =Budget!$D$9 -> 0 | D12: =B12-C12 -> 0 | F12: ='IE2'!F12+'IE3'!B12 -> 0 | G12: =SUM(Budget!$B$9:$D$9) -> 0 | H12: =F12-G12 -> 0
A13: =Data!$B$21 -> 0 | B13: ='CB3'!$H$38 -> 0 | C13: =Budget!$D$10 -> 0 | D13: =B13-C13 -> 0 | F13: ='IE2'!F13+'IE3'!B13 -> 0 | G13: =SUM(Budget!$B$10:$D$10) -> 0 | H13: =F13-G13 -> 0
A14: =Data!$B$22 -> 0 | B14: ='CB3'!$I$38 -> 0 | C14: =Budget!$D$11 -> 0 | D14: =B14-C14 -> 0 | F14: ='IE2'!F14+'IE3'!B14 -> 0 | G14: =SUM(Budget!$B$11:$D$11) -> 0 | H14: =F14-G14 -> 0
A15: =Data!$B$23 -> 0 | B15: ='CB3'!$J$38 -> 0 | C15: =Budget!$D$12 -> 0 | D15: =B15-C15 -> 0 | F15: ='IE2'!F15+'IE3'!B15 -> 0 | G15: =SUM(Budget!$B$12:$D$12) -> 0 | H15: =F15-G15 -> 0
A16: =Data!$B$24 -> 0 | B16: ='CB3'!$K$38 -> 0 | C16: =Budget!$D$13 -> 0 | D16: =B16-C16 -> 0 | F16: ='IE2'!F16+'IE3'!B16 -> 0 | G16: =SUM(Budget!$B$13:$D$13) -> 0 | H16: =F16-G16 -> 0
A17: =Data!$B$25 -> 0 | B17: ='CB3'!$L$38 -> 0 | C17: =Budget!$D$14 -> 0 | D17: =B17-C17 -> 0 | F17: ='IE2'!F17+'IE3'!B17 -> 0 | G17: =SUM(Budget!$B$14:$D$14) -> 0 | H17: =F17-G17 -> 0
A18: =Data!$B$26 -> 0 | B18: ='CB3'!$M$38 -> 0 | C18: =Budget!$D$15 -> 0 | D18: =B18-C18 -> 0 | F18: ='IE2'!F18+'IE3'!B18 -> 0 | G18: =SUM(Budget!$B$15:$D$15) -> 0 | H18: =F18-G18 -> 0
A19: =Data!$B$27 -> 0 | B19: ='CB3'!$N$38 -> 0 | C19: =Budget!$D$16 -> 0 | D19: =B19-C19 -> 0 | F19: ='IE2'!F19+'IE3'!B19 -> 0 | G19: =SUM(Budget!$B$16:$D$16) -> 0 | H19: =F19-G19 -> 0
A20: =Data!$B$28 -> 0 | B20: ='CB3'!$O$38 -> 0 | C20: =Budget!$D$17 -> 0 | D20: =B20-C20 -> 0 | F20: ='IE2'!F20+'IE3'!B20 -> 0 | G20: =SUM(Budget!$B$17:$D$17) -> 0 | H20: =F20-G20 -> 0
A21: =Data!$B$29 -> 0 | B21: ='CB3'!$P$38 -> 0 | C21: =Budget!$D$18 -> 0 | D21: =B21-C21 -> 0 | F21: ='IE2'!F21+'IE3'!B21 -> 0 | G21: =SUM(Budget!$B$18:$D$18) -> 0 | H21: =F21-G21 -> 0
A22: =Data!$B$30 -> 0 | B22: ='CB3'!$Q$38 -> 0 | C22: =Budget!$D$19 -> 0 | D22: =B22-C22 -> 0 | F22: ='IE2'!F22+'IE3'!B22 -> 0 | G22: =SUM(Budget!$B$19:$D$19) -> 0 | H22: =F22-G22 -> 0
A23: =Data!$B$31 -> 0 | B23: ='CB3'!$R$38 -> 0 | C23: =Budget!$D$20 -> 0 | D23: =B23-C23 -> 0 | F23: ='IE2'!F23+'IE3'!B23 -> 0 | G23: =SUM(Budget!$B$20:$D$20) -> 0 | H23: =F23-G23 -> 0
A24: =Data!$B$32 -> 0 | B24: ='CB3'!$S$38 -> 0 | C24: =Budget!$D$21 -> 0 | D24: =B24-C24 -> 0 | F24: ='IE2'!F24+'IE3'!B24 -> 0 | G24: =SUM(Budget!$B$21:$D$21) -> 0 | H24: =F24-G24 -> 0
A25: =Data!$B$33 -> 0 | B25: ='CB3'!$T$38 -> 0 | C25: =Budget!$D$22 -> 0 | D25: =B25-C25 -> 0 | F25: ='IE2'!F25+'IE3'!B25 -> 0 | G25: =SUM(Budget!$B$22:$D$22) -> 0 | H25: =F25-G25 -> 0
A26: =Data!$B$34 -> 0 | B26: ='CB3'!$U$38 -> 0 | C26: =Budget!$D$23 -> 0 | D26: =B26-C26 -> 0 | F26: ='IE2'!F26+'IE3'!B26 -> 0 | G26: =SUM(Budget!$B$23:$D$23) -> 0 | H26: =F26-G26 -> 0
A27: =Data!$B$35 -> 0 | B27: ='CB3'!$V$38 -> 0 | C27: =Budget!$D$24 -> 0 | D27: =B27-C27 -> 0 | F27: ='IE2'!F27+'IE3'!B27 -> 0 | G27: =SUM(Budget!$B$24:$D$24) -> 0 | H27: =F27-G27 -> 0
A28: =Data!$B$36 -> 0 | B28: ='CB3'!$W$38 -> 0 | C28: =Budget!$D$25 -> 0 | D28: =B28-C28 -> 0 | F28: ='IE2'!F28+'IE3'!B28 -> 0 | G28: =SUM(Budget!$B$25:$D$25) -> 0 | H28: =F28-G28 -> 0
A29: =Data!$B$37 -> 0 | B29: ='CB3'!$X$38 -> 0 | C29: =Budget!$D$26 -> 0 | D29: =B29-C29 -> 0 | F29: ='IE2'!F29+'IE3'!B29 -> 0 | G29: =SUM(Budget!$B$26:$D$26) -> 0 | H29: =F29-G29 -> 0
A30: =Data!$B$38 -> 0 | B30: ='CB3'!$Y$38 -> 0 | C30: =Budget!$D$27 -> 0 | D30: =B30-C30 -> 0 | F30: ='IE2'!F30+'IE3'!B30 -> 0 | G30: =SUM(Budget!$B$27:$D$27) -> 0 | H30: =F30-G30 -> 0
A31: =Data!$B$39 -> 0 | B31: ='CB3'!$Z$38 -> 0 | C31: =Budget!$D$28 -> 0 | D31: =B31-C31 -> 0 | F31: ='IE2'!F31+'IE3'!B31 -> 0 | G31: =SUM(Budget!$B$28:$D$28) -> 0 | H31: =F31-G31 -> 0
A32: =Data!$B$40 -> 0 | B32: ='CB3'!$AA$38 -> 0 | C32: =Budget!$D$29 -> 0 | D32: =B32-C32 -> 0 | F32: ='IE2'!F32+'IE3'!B32 -> 0 | G32: =SUM(Budget!$B$29:$D$29) -> 0 | H32: =F32-G32 -> 0
A33: =Data!$B$41 -> 0 | B33: ='CB3'!$AB$38 -> 0 | C33: =Budget!$D$30 -> 0 | D33: =B33-C33 -> 0 | F33: ='IE2'!F33+'IE3'!B33 -> 0 | G33: =SUM(Budget!$B$30:$D$30) -> 0 | H33: =F33-G33 -> 0
A34: =Data!$B$42 -> 0 | B34: ='CB3'!$AC$38 -> 0 | C34: =Budget!$D$31 -> 0 | D34: =B34-C34 -> 0 | F34: ='IE2'!F34+'IE3'!B34 -> 0 | G34: =SUM(Budget!$B$31:$D$31) -> 0 | H34: =F34-G34 -> 0
A35: =Data!$B$43 -> 0 | B35: ='CB3'!$AD$38 -> 0 | C35: =Budget!$D$32 -> 0 | D35: =B35-C35 -> 0 | F35: ='IE2'!F35+'IE3'!B35 -> 0 | G35: =SUM(Budget!$B$32:$D$32) -> 0 | H35: =F35-G35 -> 0
A36: =Data!$B$44 -> 0 | B36: ='CB3'!$AE$38 -> 0 | C36: =Budget!$D$33 -> 0 | D36: =B36-C36 -> 0 | F36: ='IE2'!F36+'IE3'!B36 -> 0 | G36: =SUM(Budget!$B$33:$D$33) -> 0 | H36: =F36-G36 -> 0
A37: =Data!$B$45 -> 0 | B37: ='CB3'!$AF$38 -> 0 | C37: =Budget!$D$34 -> 0 | D37: =B37-C37 -> 0 | F37: ='IE2'!F37+'IE3'!B37 -> 0 | G37: =SUM(Budget!$B$34:$D$34) -> 0 | H37: =F37-G37 -> 0
A38: =Data!$B$46 -> 0 | B38: ='CB3'!$AG$38 -> 0 | C38: =Budget!$D$35 -> 0 | D38: =B38-C38 -> 0 | F38: ='IE2'!F38+'IE3'!B38 -> 0 | G38: =SUM(Budget!$B$35:$D$35) -> 0 | H38: =F38-G38 -> 0
A39: =Data!$B$47 -> 0 | B39: ='CB3'!$AH$38 -> 0 | C39: =Budget!$D$36 -> 0 | D39: =B39-C39 -> 0 | F39: ='IE2'!F39+'IE3'!B39 -> 0 | G39: =SUM(Budget!$B$36:$D$36) -> 0 | H39: =F39-G39 -> 0
A40: TOTAL INCOME | B40: =SUM(B10:B39) -> 0 | C40: =SUM(C10:C39) -> 0 | D40: =SUM(D10:D39) -> 0 | F40: =SUM(F10:F39) -> 0 | G40: =SUM(G10:G39) -> 0 | H40: =SUM(H10:H39) -> 0
A42: Expenditure
A43: =Data!$B$50 -> 0 | B43: ='CB3'!$AN$38 -> 0 | C43: =Budget!$D$40 -> 0 | D43: =C43-B43 -> 0 | F43: ='IE2'!F43+'IE3'!B43 -> 0 | G43: =SUM(Budget!$B$40:$D$40) -> 0 | H43: =G43-F43 -> 0
A44: =Data!$B$51 -> 0 | B44: ='CB3'!$AO$38 -> 0 | C44: =Budget!$D$41 -> 0 | D44: =C44-B44 -> 0 | F44: ='IE2'!F44+'IE3'!B44 -> 0 | G44: =SUM(Budget!$B$41:$D$41) -> 0 | H44: =G44-F44 -> 0
A45: =Data!$B$52 -> 0 | B45: ='CB3'!$AP$38 -> 0 | C45: =Budget!$D$42 -> 0 | D45: =C45-B45 -> 0 | F45: ='IE2'!F45+'IE3'!B45 -> 0 | G45: =SUM(Budget!$B$42:$D$42) -> 0 | H45: =G45-F45 -> 0
A46: =Data!$B$53 -> 0 | B46: ='CB3'!$AQ$38 -> 0 | C46: =Budget!$D$43 -> 0 | D46: =C46-B46 -> 0 | F46: ='IE2'!F46+'IE3'!B46 -> 0 | G46: =SUM(Budget!$B$43:$D$43) -> 0 | H46: =G46-F46 -> 0
A47: =Data!$B$54 -> 0 | B47: ='CB3'!$AR$38 -> 0 | C47: =Budget!$D$44 -> 0 | D47: =C47-B47 -> 0 | F47: ='IE2'!F47+'IE3'!B47 -> 0 | G47: =SUM(Budget!$B$44:$D$44) -> 0 | H47: =G47-F47 -> 0
A48: =Data!$B$55 -> 0 | B48: ='CB3'!$AS$38 -> 0 | C48: =Budget!$D$45 -> 0 | D48: =C48-B48 -> 0 | F48: ='IE2'!F48+'IE3'!B48 -> 0 | G48: =SUM(Budget!$B$45:$D$45) -> 0 | H48: =G48-F48 -> 0
A49: =Data!$B$56 -> 0 | B49: ='CB3'!$AT$38 -> 0 | C49: =Budget!$D$46 -> 0 | D49: =C49-B49 -> 0 | F49: ='IE2'!F49+'IE3'!B49 -> 0 | G49: =SUM(Budget!$B$46:$D$46) -> 0 | H49: =G49-F49 -> 0
A50: =Data!$B$57 -> 0 | B50: ='CB3'!$AU$38 -> 0 | C50: =Budget!$D$47 -> 0 | D50: =C50-B50 -> 0 | F50: ='IE2'!F50+'IE3'!B50 -> 0 | G50: =SUM(Budget!$B$47:$D$47) -> 0 | H50: =G50-F50 -> 0
A51: =Data!$B$58 -> 0 | B51: ='CB3'!$AV$38 -> 0 | C51: =Budget!$D$48 -> 0 | D51: =C51-B51 -> 0 | F51: ='IE2'!F51+'IE3'!B51 -> 0 | G51: =SUM(Budget!$B$48:$D$48) -> 0 | H51: =G51-F51 -> 0
A52: =Data!$B$59 -> 0 | B52: ='CB3'!$AW$38 -> 0 | C52: =Budget!$D$49 -> 0 | D52: =C52-B52 -> 0 | F52: ='IE2'!F52+'IE3'!B52 -> 0 | G52: =SUM(Budget!$B$49:$D$49) -> 0 | H52: =G52-F52 -> 0
A53: =Data!$B$60 -> 0 | B53: ='CB3'!$AX$38 -> 0 | C53: =Budget!$D$50 -> 0 | D53: =C53-B53 -> 0 | F53: ='IE2'!F53+'IE3'!B53 -> 0 | G53: =SUM(Budget!$B$50:$D$50) -> 0 | H53: =G53-F53 -> 0
A54: =Data!$B$61 -> 0 | B54: ='CB3'!$AY$38 -> 0 | C54: =Budget!$D$51 -> 0 | D54: =C54-B54 -> 0 | F54: ='IE2'!F54+'IE3'!B54 -> 0 | G54: =SUM(Budget!$B$51:$D$51) -> 0 | H54: =G54-F54 -> 0
A55: =Data!$B$62 -> 0 | B55: ='CB3'!$AZ$38 -> 0 | C55: =Budget!$D$52 -> 0 | D55: =C55-B55 -> 0 | F55: ='IE2'!F55+'IE3'!B55 -> 0 | G55: =SUM(Budget!$B$52:$D$52) -> 0 | H55: =G55-F55 -> 0
A56: =Data!$B$63 -> 0 | B56: ='CB3'!$BA$38 -> 0 | C56: =Budget!$D$53 -> 0 | D56: =C56-B56 -> 0 | F56: ='IE2'!F56+'IE3'!B56 -> 0 | G56: =SUM(Budget!$B$53:$D$53) -> 0 | H56: =G56-F56 -> 0
A57: =Data!B64 -> 0 | B57: ='CB3'!$BB$38 -> 0 | C57: =Budget!$D$54 -> 0 | D57: =C57-B57 -> 0 | F57: ='IE2'!F57+'IE3'!B57 -> 0 | G57: =SUM(Budget!$B$54:$D$54) -> 0 | H57: =G57-F57 -> 0
A58: =Data!B65 -> 0 | B58: ='CB3'!$BC$38 -> 0 | C58: =Budget!$D$55 -> 0 | D58: =C58-B58 -> 0 | F58: ='IE2'!F58+'IE3'!B58 -> 0 | G58: =SUM(Budget!$B$55:$D$55) -> 0 | H58: =G58-F58 -> 0
A59: =Data!B66 -> 0 | B59: ='CB3'!$BD$38 -> 0 | C59: =Budget!$D$56 -> 0 | D59: =C59-B59 -> 0 | F59: ='IE2'!F59+'IE3'!B59 -> 0 | G59: =SUM(Budget!$B$56:$D$56) -> 0 | H59: =G59-F59 -> 0
A60: =Data!B67 -> 0 | B60: ='CB3'!$BE$38 -> 0 | C60: =Budget!$D$57 -> 0 | D60: =C60-B60 -> 0 | F60: ='IE2'!F60+'IE3'!B60 -> 0 | G60: =SUM(Budget!$B$57:$D$57) -> 0 | H60: =G60-F60 -> 0
A61: =Data!B68 -> 0 | B61: ='CB3'!$BF$38 -> 0 | C61: =Budget!$D$58 -> 0 | D61: =C61-B61 -> 0 | F61: ='IE2'!F61+'IE3'!B61 -> 0 | G61: =SUM(Budget!$B$58:$D$58) -> 0 | H61: =G61-F61 -> 0
A62: =Data!B69 -> 0 | B62: ='CB3'!$BG$38 -> 0 | C62: =Budget!$D$59 -> 0 | D62: =C62-B62 -> 0 | F62: ='IE2'!F62+'IE3'!B62 -> 0 | G62: =SUM(Budget!$B$59:$D$59) -> 0 | H62: =G62-F62 -> 0
A63: =Data!B70 -> 0 | B63: ='CB3'!$BH$38 -> 0 | C63: =Budget!$D$60 -> 0 | D63: =C63-B63 -> 0 | F63: ='IE2'!F63+'IE3'!B63 -> 0 | G63: =SUM(Budget!$B$60:$D$60) -> 0 | H63: =G63-F63 -> 0
A64: =Data!B71 -> 0 | B64: ='CB3'!$BI$38 -> 0 | C64: =Budget!$D$61 -> 0 | D64: =C64-B64 -> 0 | F64: ='IE2'!F64+'IE3'!B64 -> 0 | G64: =SUM(Budget!$B$61:$D$61) -> 0 | H64: =G64-F64 -> 0
A65: =Data!B72 -> 0 | B65: ='CB3'!$BJ$38 -> 0 | C65: =Budget!$D$62 -> 0 | D65: =C65-B65 -> 0 | F65: ='IE2'!F65+'IE3'!B65 -> 0 | G65: =SUM(Budget!$B$62:$D$62) -> 0 | H65: =G65-F65 -> 0
A66: =Data!B73 -> 0 | B66: ='CB3'!$BK$38 -> 0 | C66: =Budget!$D$63 -> 0 | D66: =C66-B66 -> 0 | F66: ='IE2'!F66+'IE3'!B66 -> 0 | G66: =SUM(Budget!$B$63:$D$63) -> 0 | H66: =G66-F66 -> 0
A67: =Data!B74 -> 0 | B67: ='CB3'!$BL$38 -> 0 | C67: =Budget!$D$64 -> 0 | D67: =C67-B67 -> 0 | F67: ='IE2'!F67+'IE3'!B67 -> 0 | G67: =SUM(Budget!$B$64:$D$64) -> 0 | H67: =G67-F67 -> 0
A68: =Data!B75 -> 0 | B68: ='CB3'!$BM$38 -> 0 | C68: =Budget!$D$65 -> 0 | D68: =C68-B68 -> 0 | F68: ='IE2'!F68+'IE3'!B68 -> 0 | G68: =SUM(Budget!$B$65:$D$65) -> 0 | H68: =G68-F68 -> 0
A69: =Data!B76 -> 0 | B69: ='CB3'!$BN$38 -> 0 | C69: =Budget!$D$66 -> 0 | D69: =C69-B69 -> 0 | F69: ='IE2'!F69+'IE3'!B69 -> 0 | G69: =SUM(Budget!$B$66:$D$66) -> 0 | H69: =G69-F69 -> 0
A70: =Data!B77 -> 0 | B70: ='CB3'!BO$38 -> 0 | C70: =Budget!$D$67 -> 0 | D70: =C70-B70 -> 0 | F70: ='IE2'!F70+'IE3'!B70 -> 0 | G70: =SUM(Budget!$B$67:$D$67) -> 0 | H70: =G70-F70 -> 0
A71: =Data!B78 -> 0 | B71: ='CB3'!$BP$38 -> 0 | C71: =Budget!$D$68 -> 0 | D71: =C71-B71 -> 0 | F71: ='IE2'!F71+'IE3'!B71 -> 0 | G71: =SUM(Budget!$B$68:$D$68) -> 0 | H71: =G71-F71 -> 0
A72: =Data!B79 -> 0 | B72: ='CB3'!$BQ$38 -> 0 | C72: =Budget!$D$69 -> 0 | D72: =C72-B72 -> 0 | F72: ='IE2'!F72+'IE3'!B72 -> 0 | G72: =SUM(Budget!$B$69:$D$69) -> 0 | H72: =G72-F72 -> 0
A73: =Data!B80 -> 0 | B73: ='CB3'!$BR$38 -> 0 | C73: =Budget!$D$70 -> 0 | D73: =C73-B73 -> 0 | F73: ='IE2'!F73+'IE3'!B73 -> 0 | G73: =SUM(Budget!$B$70:$D$70) -> 0 | H73: =G73-F73 -> 0
A74: =Data!B81 -> 0 | B74: ='CB3'!$BS$38 -> 0 | C74: =Budget!$D$71 -> 0 | D74: =C74-B74 -> 0 | F74: ='IE2'!F74+'IE3'!B74 -> 0 | G74: =SUM(Budget!$B$71:$D$71) -> 0 | H74: =G74-F74 -> 0
A75: =Data!B82 -> 0 | B75: ='CB3'!$BT$38 -> 0 | C75: =Budget!$D$72 -> 0 | D75: =C75-B75 -> 0 | F75: ='IE2'!F75+'IE3'!B75 -> 0 | G75: =SUM(Budget!$B$72:$D$72) -> 0 | H75: =G75-F75 -> 0
A76: =Data!B83 -> 0 | B76: ='CB3'!$BU$38 -> 0 | C76: =Budget!$D$73 -> 0 | D76: =C76-B76 -> 0 | F76: ='IE2'!F76+'IE3'!B76 -> 0 | G76: =SUM(Budget!$B$73:$D$73) -> 0 | H76: =G76-F76 -> 0
A77: =Data!B84 -> 0 | B77: ='CB3'!$BV$38 -> 0 | C77: =Budget!$D$74 -> 0 | D77: =C77-B77 -> 0 | F77: ='IE2'!F77+'IE3'!B77 -> 0 | G77: =SUM(Budget!$B$74:$D$74) -> 0 | H77: =G77-F77 -> 0
A78: =Data!B85 -> 0 | B78: ='CB3'!$BW$38 -> 0 | C78: =Budget!$D$75 -> 0 | D78: =C78-B78 -> 0 | F78: ='IE2'!F78+'IE3'!B78 -> 0 | G78: =SUM(Budget!$B$75:$D$75) -> 0 | H78: =G78-F78 -> 0
A79: =Data!B86 -> 0 | B79: ='CB3'!$BX$38 -> 0 | C79: =Budget!$D$76 -> 0 | D79: =C79-B79 -> 0 | F79: ='IE2'!F79+'IE3'!B79 -> 0 | G79: =SUM(Budget!$B$76:$D$76) -> 0 | H79: =G79-F79 -> 0
A80: =Data!B87 -> 0 | B80: ='CB3'!$BY$38 -> 0 | C80: =Budget!$D$77 -> 0 | D80: =C80-B80 -> 0 | F80: ='IE2'!F80+'IE3'!B80 -> 0 | G80: =SUM(Budget!$B$77:$D$77) -> 0 | H80: =G80-F80 -> 0
A81: =Data!B88 -> 0 | B81: ='CB3'!$BZ$38 -> 0 | C81: =Budget!$D$78 -> 0 | D81: =C81-B81 -> 0 | F81: ='IE2'!F81+'IE3'!B81 -> 0 | G81: =SUM(Budget!$B$78:$D$78) -> 0 | H81: =G81-F81 -> 0
A82: =Data!B89 -> 0 | B82: ='CB3'!$CA$38 -> 0 | C82: =Budget!$D$79 -> 0 | D82: =C82-B82 -> 0 | F82: ='IE2'!F82+'IE3'!B82 -> 0 | G82: =SUM(Budget!$B$79:$D$79) -> 0 | H82: =G82-F82 -> 0
A83: =Data!B90 -> 0 | B83: ='CB3'!$CB$38 -> 0 | C83: =Budget!$D$80 -> 0 | D83: =C83-B83 -> 0 | F83: ='IE2'!F83+'IE3'!B83 -> 0 | G83: =SUM(Budget!$B$80:$D$80) -> 0 | H83: =G83-F83 -> 0
A84: =Data!B91 -> 0 | B84: ='CB3'!$CC$38 -> 0 | C84: =Budget!$D$81 -> 0 | D84: =C84-B84 -> 0 | F84: ='IE2'!F84+'IE3'!B84 -> 0 | G84: =SUM(Budget!$B$81:$D$81) -> 0 | H84: =G84-F84 -> 0
A85: =Data!B92 -> 0 | B85: ='CB3'!$CD$38 -> 0 | C85: =Budget!$D$82 -> 0 | D85: =C85-B85 -> 0 | F85: ='IE2'!F85+'IE3'!B85 -> 0 | G85: =SUM(Budget!$B$82:$D$82) -> 0 | H85: =G85-F85 -> 0
A86: =Data!B93 -> 0 | B86: ='CB3'!$CE$38 -> 0 | C86: =Budget!$D$83 -> 0 | D86: =C86-B86 -> 0 | F86: ='IE2'!F86+'IE3'!B86 -> 0 | G86: =SUM(Budget!$B$83:$D$83) -> 0 | H86: =G86-F86 -> 0
A87: =Data!B94 -> 0 | B87: ='CB3'!$CF$38 -> 0 | C87: =Budget!$D$84 -> 0 | D87: =C87-B87 -> 0 | F87: ='IE2'!F87+'IE3'!B87 -> 0 | G87: =SUM(Budget!$B$84:$D$84) -> 0 | H87: =G87-F87 -> 0
A88: TOTAL EXPENDITURE | B88: =SUM(B43:B87) -> 0 | C88: =SUM(C43:C87) -> 0 | D88: =SUM(D43:D87) -> 0 | F88: =SUM(F43:F87) -> 0 | G88: =SUM(G43:G87) -> 0 | H88: =SUM(H43:H87) -> 0
A90: Surplus / (Deficit) | B90: =B40-B88 -> 0 | C90: =C40-C88 -> 0 | D90: =D40+D88 -> 0 | F90: =F40-F88 -> 0 | G90: =G40-G88 -> 0 | H90: =H40+H88 -> 0

Sheet IE4
A1: =_xlfn.CONCAT(Data!$B$2," Income & Expenditure Account") -> Income & Expenditure Account
A3: Year | B3: =Data!$B$3 -> 0
A4: Month | B4: =Data!B7 -> 0
B7: Actual | C7: Budget | D7: Variance | F7: Actual | G7: Budget | H7: Variance
B8: Month | C8: Month | D8: Month | F8: YTD | G8: YTD | H8: YTD
A9: Income | B9: £ | C9: £ | D9: £ | F9: £ | G9: £ | H9: £ | J9: Reason for Variance above or below 10% of budget | K9: Action Required | L9: Note No.
A10: =Data!$B$18 -> 0 | B10: ='CB4'!$E$38 -> 0 | C10: =Budget!$E$7 -> 0 | D10: =B10-C10 -> 0 | F10: ='IE3'!F10+'IE4'!B10 -> 0 | G10: =SUM(Budget!$B$7:$E$7) -> 0 | H10: =F10-G10 -> 0
A11: =Data!$B$19 -> 0 | B11: ='CB4'!$F$38 -> 0 | C11: =Budget!$E$8 -> 0 | D11: =B11-C11 -> 0 | F11: ='IE3'!F11+'IE4'!B11 -> 0 | G11: =SUM(Budget!$B$8:$E$8) -> 0 | H11: =F11-G11 -> 0
A12: =Data!$B$20 -> 0 | B12: ='CB4'!$G$38 -> 0 | C12: =Budget!$E$9 -> 0 | D12: =B12-C12 -> 0 | F12: ='IE3'!F12+'IE4'!B12 -> 0 | G12: =SUM(Budget!$B$9:$E$9) -> 0 | H12: =F12-G12 -> 0
A13: =Data!$B$21 -> 0 | B13: ='CB4'!$H$38 -> 0 | C13: =Budget!$E$10 -> 0 | D13: =B13-C13 -> 0 | F13: ='IE3'!F13+'IE4'!B13 -> 0 | G13: =SUM(Budget!$B$10:$E$10) -> 0 | H13: =F13-G13 -> 0
A14: =Data!$B$22 -> 0 | B14: ='CB4'!$I$38 -> 0 | C14: =Budget!$E$11 -> 0 | D14: =B14-C14 -> 0 | F14: ='IE3'!F14+'IE4'!B14 -> 0 | G14: =SUM(Budget!$B$11:$E$11) -> 0 | H14: =F14-G14 -> 0
A15: =Data!$B$23 -> 0 | B15: ='CB4'!$J$38 -> 0 | C15: =Budget!$E$12 -> 0 | D15: =B15-C15 -> 0 | F15: ='IE3'!F15+'IE4'!B15 -> 0 | G15: =SUM(Budget!$B$12:$E$12) -> 0 | H15: =F15-G15 -> 0
A16: =Data!$B$24 -> 0 | B16: ='CB4'!$K$38 -> 0 | C16: =Budget!$E$13 -> 0 | D16: =B16-C16 -> 0 | F16: ='IE3'!F16+'IE4'!B16 -> 0 | G16: =SUM(Budget!$B$13:$E$13) -> 0 | H16: =F16-G16 -> 0
A17: =Data!$B$25 -> 0 | B17: ='CB4'!$L$38 -> 0 | C17: =Budget!$E$14 -> 0 | D17: =B17-C17 -> 0 | F17: ='IE3'!F17+'IE4'!B17 -> 0 | G17: =SUM(Budget!$B$14:$E$14) -> 0 | H17: =F17-G17 -> 0
A18: =Data!$B$26 -> 0 | B18: ='CB4'!$M$38 -> 0 | C18: =Budget!$E$15 -> 0 | D18: =B18-C18 -> 0 | F18: ='IE3'!F18+'IE4'!B18 -> 0 | G18: =SUM(Budget!$B$15:$E$15) -> 0 | H18: =F18-G18 -> 0
A19: =Data!$B$27 -> 0 | B19: ='CB4'!$N$38 -> 0 | C19: =Budget!$E$16 -> 0 | D19: =B19-C19 -> 0 | F19: ='IE3'!F19+'IE4'!B19 -> 0 | G19: =SUM(Budget!$B$16:$E$16) -> 0 | H19: =F19-G19 -> 0
A20: =Data!$B$28 -> 0 | B20: ='CB4'!$O$38 -> 0 | C20: =Budget!$E$17 -> 0 | D20: =B20-C20 -> 0 | F20: ='IE3'!F20+'IE4'!B20 -> 0 | G20: =SUM(Budget!$B$17:$E$17) -> 0 | H20: =F20-G20 -> 0
A21: =Data!$B$29 -> 0 | B21: ='CB4'!$P$38 -> 0 | C21: =Budget!$E$18 -> 0 | D21: =B21-C21 -> 0 | F21: ='IE3'!F21+'IE4'!B21 -> 0 | G21: =SUM(Budget!$B$18:$E$18) -> 0 | H21: =F21-G21 -> 0
A22: =Data!$B$30 -> 0 | B22: ='CB4'!$Q$38 -> 0 | C22: =Budget!$E$19 -> 0 | D22: =B22-C22 -> 0 | F22: ='IE3'!F22+'IE4'!B22 -> 0 | G22: =SUM(Budget!$B$19:$E$19) -> 0 | H22: =F22-G22 -> 0
A23: =Data!$B$31 -> 0 | B23: ='CB4'!$R$38 -> 0 | C23: =Budget!$E$20 -> 0 | D23: =B23-C23 -> 0 | F23: ='IE3'!F23+'IE4'!B23 -> 0 | G23: =SUM(Budget!$B$20:$E$20) -> 0 | H23: =F23-G23 -> 0
A24: =Data!$B$32 -> 0 | B24: ='CB4'!$S$38 -> 0 | C24: =Budget!$E$21 -> 0 | D24: =B24-C24 -> 0 | F24: ='IE3'!F24+'IE4'!B24 -> 0 | G24: =SUM(Budget!$B$21:$E$21) -> 0 | H24: =F24-G24 -> 0
A25: =Data!$B$33 -> 0 | B25: ='CB4'!$T$38 -> 0 | C25: =Budget!$E$22 -> 0 | D25: =B25-C25 -> 0 | F25: ='IE3'!F25+'IE4'!B25 -> 0 | G25: =SUM(Budget!$B$22:$E$22) -> 0 | H25: =F25-G25 -> 0
A26: =Data!$B$34 -> 0 | B26: ='CB4'!$U$38 -> 0 | C26: =Budget!$E$23 -> 0 | D26: =B26-C26 -> 0 | F26: ='IE3'!F26+'IE4'!B26 -> 0 | G26: =SUM(Budget!$B$23:$E$23) -> 0 | H26: =F26-G26 -> 0
A27: =Data!$B$35 -> 0 | B27: ='CB4'!$V$38 -> 0 | C27: =Budget!$E$24 -> 0 | D27: =B27-C27 -> 0 | F27: ='IE3'!F27+'IE4'!B27 -> 0 | G27: =SUM(Budget!$B$24:$E$24) -> 0 | H27: =F27-G27 -> 0
A28: =Data!$B$36 -> 0 | B28: ='CB4'!$W$38 -> 0 | C28: =Budget!$E$25 -> 0 | D28: =B28-C28 -> 0 | F28: ='IE3'!F28+'IE4'!B28 -> 0 | G28: =SUM(Budget!$B$25:$E$25) -> 0 | H28: =F28-G28 -> 0
A29: =Data!$B$37 -> 0 | B29: ='CB4'!$X$38 -> 0 | C29: =Budget!$E$26 -> 0 | D29: =B29-C29 -> 0 | F29: ='IE3'!F29+'IE4'!B29 -> 0 | G29: =SUM(Budget!$B$26:$E$26) -> 0 | H29: =F29-G29 -> 0
A30: =Data!$B$38 -> 0 | B30: ='CB4'!$Y$38 -> 0 | C30: =Budget!$E$27 -> 0 | D30: =B30-C30 -> 0 | F30: ='IE3'!F30+'IE4'!B30 -> 0 | G30: =SUM(Budget!$B$27:$E$27) -> 0 | H30: =F30-G30 -> 0
A31: =Data!$B$39 -> 0 | B31: ='CB4'!$Z$38 -> 0 | C31: =Budget!$E$28 -> 0 | D31: =B31-C31 -> 0 | F31: ='IE3'!F31+'IE4'!B31 -> 0 | G31: =SUM(Budget!$B$28:$E$28) -> 0 | H31: =F31-G31 -> 0
A32: =Data!$B$40 -> 0 | B32: ='CB4'!$AA$38 -> 0 | C32: =Budget!$E$29 -> 0 | D32: =B32-C32 -> 0 | F32: ='IE3'!F32+'IE4'!B32 -> 0 | G32: =SUM(Budget!$B$29:$E$29) -> 0 | H32: =F32-G32 -> 0
A33: =Data!$B$41 -> 0 | B33: ='CB4'!$AB$38 -> 0 | C33: =Budget!$E$30 -> 0 | D33: =B33-C33 -> 0 | F33: ='IE3'!F33+'IE4'!B33 -> 0 | G33: =SUM(Budget!$B$30:$E$30) -> 0 | H33: =F33-G33 -> 0
A34: =Data!$B$42 -> 0 | B34: ='CB4'!$AC$38 -> 0 | C34: =Budget!$E$31 -> 0 | D34: =B34-C34 -> 0 | F34: ='IE3'!F34+'IE4'!B34 -> 0 | G34: =SUM(Budget!$B$31:$E$31) -> 0 | H34: =F34-G34 -> 0
A35: =Data!$B$43 -> 0 | B35: ='CB4'!$AD$38 -> 0 | C35: =Budget!$E$32 -> 0 | D35: =B35-C35 -> 0 | F35: ='IE3'!F35+'IE4'!B35 -> 0 | G35: =SUM(Budget!$B$32:$E$32) -> 0 | H35: =F35-G35 -> 0
A36: =Data!$B$44 -> 0 | B36: ='CB4'!$AE$38 -> 0 | C36: =Budget!$E$33 -> 0 | D36: =B36-C36 -> 0 | F36: ='IE3'!F36+'IE4'!B36 -> 0 | G36: =SUM(Budget!$B$33:$E$33) -> 0 | H36: =F36-G36 -> 0
A37: =Data!$B$45 -> 0 | B37: ='CB4'!$AF$38 -> 0 | C37: =Budget!$E$34 -> 0 | D37: =B37-C37 -> 0 | F37: ='IE3'!F37+'IE4'!B37 -> 0 | G37: =SUM(Budget!$B$34:$E$34) -> 0 | H37: =F37-G37 -> 0
A38: =Data!$B$46 -> 0 | B38: ='CB4'!$AG$38 -> 0 | C38: =Budget!$E$35 -> 0 | D38: =B38-C38 -> 0 | F38: ='IE3'!F38+'IE4'!B38 -> 0 | G38: =SUM(Budget!$B$35:$E$35) -> 0 | H38: =F38-G38 -> 0
A39: =Data!$B$47 -> 0 | B39: ='CB4'!$AH$38 -> 0 | C39: =Budget!$E$36 -> 0 | D39: =B39-C39 -> 0 | F39: ='IE3'!F39+'IE4'!B39 -> 0 | G39: =SUM(Budget!$B$36:$E$36) -> 0 | H39: =F39-G39 -> 0
A40: TOTAL INCOME | B40: =SUM(B10:B39) -> 0 | C40: =SUM(C10:C39) -> 0 | D40: =SUM(D10:D39) -> 0 | F40: =SUM(F10:F39) -> 0 | G40: =SUM(G10:G39) -> 0 | H40: =SUM(H10:H39) -> 0
A42: Expenditure
A43: =Data!$B$50 -> 0 | B43: ='CB4'!$AN$38 -> 0 | C43: =Budget!$E$40 -> 0 | D43: =C43-B43 -> 0 | F43: ='IE3'!F43+'IE4'!B43 -> 0 | G43: =SUM(Budget!$B$40:$E$40) -> 0 | H43: =G43-F43 -> 0
A44: =Data!$B$51 -> 0 | B44: ='CB4'!$AO$38 -> 0 | C44: =Budget!$E$41 -> 0 | D44: =C44-B44 -> 0 | F44: ='IE3'!F44+'IE4'!B44 -> 0 | G44: =SUM(Budget!$B$41:$E$41) -> 0 | H44: =G44-F44 -> 0
A45: =Data!$B$52 -> 0 | B45: ='CB4'!$AP$38 -> 0 | C45: =Budget!$E$42 -> 0 | D45: =C45-B45 -> 0 | F45: ='IE3'!F45+'IE4'!B45 -> 0 | G45: =SUM(Budget!$B$42:$E$42) -> 0 | H45: =G45-F45 -> 0
A46: =Data!$B$53 -> 0 | B46: ='CB4'!$AQ$38 -> 0 | C46: =Budget!$E$43 -> 0 | D46: =C46-B46 -> 0 | F46: ='IE3'!F46+'IE4'!B46 -> 0 | G46: =SUM(Budget!$B$43:$E$43) -> 0 | H46: =G46-F46 -> 0
A47: =Data!$B$54 -> 0 | B47: ='CB4'!$AR$38 -> 0 | C47: =Budget!$E$44 -> 0 | D47: =C47-B47 -> 0 | F47: ='IE3'!F47+'IE4'!B47 -> 0 | G47: =SUM(Budget!$B$44:$E$44) -> 0 | H47: =G47-F47 -> 0
A48: =Data!$B$55 -> 0 | B48: ='CB4'!$AS$38 -> 0 | C48: =Budget!$E$45 -> 0 | D48: =C48-B48 -> 0 | F48: ='IE3'!F48+'IE4'!B48 -> 0 | G48: =SUM(Budget!$B$45:$E$45) -> 0 | H48: =G48-F48 -> 0
A49: =Data!$B$56 -> 0 | B49: ='CB4'!$AT$38 -> 0 | C49: =Budget!$E$46 -> 0 | D49: =C49-B49 -> 0 | F49: ='IE3'!F49+'IE4'!B49 -> 0 | G49: =SUM(Budget!$B$46:$E$46) -> 0 | H49: =G49-F49 -> 0
A50: =Data!$B$57 -> 0 | B50: ='CB4'!$AU$38 -> 0 | C50: =Budget!$E$47 -> 0 | D50: =C50-B50 -> 0 | F50: ='IE3'!F50+'IE4'!B50 -> 0 | G50: =SUM(Budget!$B$47:$E$47) -> 0 | H50: =G50-F50 -> 0
A51: =Data!$B$58 -> 0 | B51: ='CB4'!$AV$38 -> 0 | C51: =Budget!$E$48 -> 0 | D51: =C51-B51 -> 0 | F51: ='IE3'!F51+'IE4'!B51 -> 0 | G51: =SUM(Budget!$B$48:$E$48) -> 0 | H51: =G51-F51 -> 0
A52: =Data!$B$59 -> 0 | B52: ='CB4'!$AW$38 -> 0 | C52: =Budget!$E$49 -> 0 | D52: =C52-B52 -> 0 | F52: ='IE3'!F52+'IE4'!B52 -> 0 | G52: =SUM(Budget!$B$49:$E$49) -> 0 | H52: =G52-F52 -> 0
A53: =Data!$B$60 -> 0 | B53: ='CB4'!$AX$38 -> 0 | C53: =Budget!$E$50 -> 0 | D53: =C53-B53 -> 0 | F53: ='IE3'!F53+'IE4'!B53 -> 0 | G53: =SUM(Budget!$B$50:$E$50) -> 0 | H53: =G53-F53 -> 0
A54: =Data!$B$61 -> 0 | B54: ='CB4'!$AY$38 -> 0 | C54: =Budget!$E$51 -> 0 | D54: =C54-B54 -> 0 | F54: ='IE3'!F54+'IE4'!B54 -> 0 | G54: =SUM(Budget!$B$51:$E$51) -> 0 | H54: =G54-F54 -> 0
A55: =Data!$B$62 -> 0 | B55: ='CB4'!$AZ$38 -> 0 | C55: =Budget!$E$52 -> 0 | D55: =C55-B55 -> 0 | F55: ='IE3'!F55+'IE4'!B55 -> 0 | G55: =SUM(Budget!$B$52:$E$52) -> 0 | H55: =G55-F55 -> 0
A56: =Data!$B$63 -> 0 | B56: ='CB4'!$BA$38 -> 0 | C56: =Budget!$E$53 -> 0 | D56: =C56-B56 -> 0 | F56: ='IE3'!F56+'IE4'!B56 -> 0 | G56: =SUM(Budget!$B$53:$E$53) -> 0 | H56: =G56-F56 -> 0
A57: =Data!B64 -> 0 | B57: ='CB4'!$BB$38 -> 0 | C57: =Budget!$E$54 -> 0 | D57: =C57-B57 -> 0 | F57: ='IE3'!F57+'IE4'!B57 -> 0 | G57: =SUM(Budget!$B$54:$E$54) -> 0 | H57: =G57-F57 -> 0
A58: =Data!B65 -> 0 | B58: ='CB4'!$BC$38 -> 0 | C58: =Budget!$E$55 -> 0 | D58: =C58-B58 -> 0 | F58: ='IE3'!F58+'IE4'!B58 -> 0 | G58: =SUM(Budget!$B$55:$E$55) -> 0 | H58: =G58-F58 -> 0
A59: =Data!B66 -> 0 | B59: ='CB4'!$BD$38 -> 0 | C59: =Budget!$E$56 -> 0 | D59: =C59-B59 -> 0 | F59: ='IE3'!F59+'IE4'!B59 -> 0 | G59: =SUM(Budget!$B$56:$E$56) -> 0 | H59: =G59-F59 -> 0
A60: =Data!B67 -> 0 | B60: ='CB4'!$BE$38 -> 0 | C60: =Budget!$E$57 -> 0 | D60: =C60-B60 -> 0 | F60: ='IE3'!F60+'IE4'!B60 -> 0 | G60: =SUM(Budget!$B$57:$E$57) -> 0 | H60: =G60-F60 -> 0
A61: =Data!B68 -> 0 | B61: ='CB4'!$BF$38 -> 0 | C61: =Budget!$E$58 -> 0 | D61: =C61-B61 -> 0 | F61: ='IE3'!F61+'IE4'!B61 -> 0 | G61: =SUM(Budget!$B$58:$E$58) -> 0 | H61: =G61-F61 -> 0
A62: =Data!B69 -> 0 | B62: ='CB4'!$BG$38 -> 0 | C62: =Budget!$E$59 -> 0 | D62: =C62-B62 -> 0 | F62: ='IE3'!F62+'IE4'!B62 -> 0 | G62: =SUM(Budget!$B$59:$E$59) -> 0 | H62: =G62-F62 -> 0
A63: =Data!B70 -> 0 | B63: ='CB4'!$BH$38 -> 0 | C63: =Budget!$E$60 -> 0 | D63: =C63-B63 -> 0 | F63: ='IE3'!F63+'IE4'!B63 -> 0 | G63: =SUM(Budget!$B$60:$E$60) -> 0 | H63: =G63-F63 -> 0
A64: =Data!B71 -> 0 | B64: ='CB4'!$BI$38 -> 0 | C64: =Budget!$E$61 -> 0 | D64: =C64-B64 -> 0 | F64: ='IE3'!F64+'IE4'!B64 -> 0 | G64: =SUM(Budget!$B$61:$E$61) -> 0 | H64: =G64-F64 -> 0
A65: =Data!B72 -> 0 | B65: ='CB4'!$BJ$38 -> 0 | C65: =Budget!$E$62 -> 0 | D65: =C65-B65 -> 0 | F65: ='IE3'!F65+'IE4'!B65 -> 0 | G65: =SUM(Budget!$B$62:$E$62) -> 0 | H65: =G65-F65 -> 0
A66: =Data!B73 -> 0 | B66: ='CB4'!$BK$38 -> 0 | C66: =Budget!$E$63 -> 0 | D66: =C66-B66 -> 0 | F66: ='IE3'!F66+'IE4'!B66 -> 0 | G66: =SUM(Budget!$B$63:$E$63) -> 0 | H66: =G66-F66 -> 0
A67: =Data!B74 -> 0 | B67: ='CB4'!$BL$38 -> 0 | C67: =Budget!$E$64 -> 0 | D67: =C67-B67 -> 0 | F67: ='IE3'!F67+'IE4'!B67 -> 0 | G67: =SUM(Budget!$B$64:$E$64) -> 0 | H67: =G67-F67 -> 0
A68: =Data!B75 -> 0 | B68: ='CB4'!$BM$38 -> 0 | C68: =Budget!$E$65 -> 0 | D68: =C68-B68 -> 0 | F68: ='IE3'!F68+'IE4'!B68 -> 0 | G68: =SUM(Budget!$B$65:$E$65) -> 0 | H68: =G68-F68 -> 0
A69: =Data!B76 -> 0 | B69: ='CB4'!$BN$38 -> 0 | C69: =Budget!$E$66 -> 0 | D69: =C69-B69 -> 0 | F69: ='IE3'!F69+'IE4'!B69 -> 0 | G69: =SUM(Budget!$B$66:$E$66) -> 0 | H69: =G69-F69 -> 0
A70: =Data!B77 -> 0 | B70: ='CB4'!BO$38 -> 0 | C70: =Budget!$E$67 -> 0 | D70: =C70-B70 -> 0 | F70: ='IE3'!F70+'IE4'!B70 -> 0 | G70: =SUM(Budget!$B$67:$E$67) -> 0 | H70: =G70-F70 -> 0
A71: =Data!B78 -> 0 | B71: ='CB4'!$BP$38 -> 0 | C71: =Budget!$E$68 -> 0 | D71: =C71-B71 -> 0 | F71: ='IE3'!F71+'IE4'!B71 -> 0 | G71: =SUM(Budget!$B$68:$E$68) -> 0 | H71: =G71-F71 -> 0
A72: =Data!B79 -> 0 | B72: ='CB4'!$BQ$38 -> 0 | C72: =Budget!$E$69 -> 0 | D72: =C72-B72 -> 0 | F72: ='IE3'!F72+'IE4'!B72 -> 0 | G72: =SUM(Budget!$B$69:$E$69) -> 0 | H72: =G72-F72 -> 0
A73: =Data!B80 -> 0 | B73: ='CB4'!$BR$38 -> 0 | C73: =Budget!$E$70 -> 0 | D73: =C73-B73 -> 0 | F73: ='IE3'!F73+'IE4'!B73 -> 0 | G73: =SUM(Budget!$B$70:$E$70) -> 0 | H73: =G73-F73 -> 0
A74: =Data!B81 -> 0 | B74: ='CB4'!$BS$38 -> 0 | C74: =Budget!$E$71 -> 0 | D74: =C74-B74 -> 0 | F74: ='IE3'!F74+'IE4'!B74 -> 0 | G74: =SUM(Budget!$B$71:$E$71) -> 0 | H74: =G74-F74 -> 0
A75: =Data!B82 -> 0 | B75: ='CB4'!$BT$38 -> 0 | C75: =Budget!$E$72 -> 0 | D75: =C75-B75 -> 0 | F75: ='IE3'!F75+'IE4'!B75 -> 0 | G75: =SUM(Budget!$B$72:$E$72) -> 0 | H75: =G75-F75 -> 0
A76: =Data!B83 -> 0 | B76: ='CB4'!$BU$38 -> 0 | C76: =Budget!$E$73 -> 0 | D76: =C76-B76 -> 0 | F76: ='IE3'!F76+'IE4'!B76 -> 0 | G76: =SUM(Budget!$B$73:$E$73) -> 0 | H76: =G76-F76 -> 0
A77: =Data!B84 -> 0 | B77: ='CB4'!$BV$38 -> 0 | C77: =Budget!$E$74 -> 0 | D77: =C77-B77 -> 0 | F77: ='IE3'!F77+'IE4'!B77 -> 0 | G77: =SUM(Budget!$B$74:$E$74) -> 0 | H77: =G77-F77 -> 0
A78: =Data!B85 -> 0 | B78: ='CB4'!$BW$38 -> 0 | C78: =Budget!$E$75 -> 0 | D78: =C78-B78 -> 0 | F78: ='IE3'!F78+'IE4'!B78 -> 0 | G78: =SUM(Budget!$B$75:$E$75) -> 0 | H78: =G78-F78 -> 0
A79: =Data!B86 -> 0 | B79: ='CB4'!$BX$38 -> 0 | C79: =Budget!$E$76 -> 0 | D79: =C79-B79 -> 0 | F79: ='IE3'!F79+'IE4'!B79 -> 0 | G79: =SUM(Budget!$B$76:$E$76) -> 0 | H79: =G79-F79 -> 0
A80: =Data!B87 -> 0 | B80: ='CB4'!$BY$38 -> 0 | C80: =Budget!$E$77 -> 0 | D80: =C80-B80 -> 0 | F80: ='IE3'!F80+'IE4'!B80 -> 0 | G80: =SUM(Budget!$B$77:$E$77) -> 0 | H80: =G80-F80 -> 0
A81: =Data!B88 -> 0 | B81: ='CB4'!$BZ$38 -> 0 | C81: =Budget!$E$78 -> 0 | D81: =C81-B81 -> 0 | F81: ='IE3'!F81+'IE4'!B81 -> 0 | G81: =SUM(Budget!$B$78:$E$78) -> 0 | H81: =G81-F81 -> 0
A82: =Data!B89 -> 0 | B82: ='CB4'!$CA$38 -> 0 | C82: =Budget!$E$79 -> 0 | D82: =C82-B82 -> 0 | F82: ='IE3'!F82+'IE4'!B82 -> 0 | G82: =SUM(Budget!$B$79:$E$79) -> 0 | H82: =G82-F82 -> 0
A83: =Data!B90 -> 0 | B83: ='CB4'!$CB$38 -> 0 | C83: =Budget!$E$80 -> 0 | D83: =C83-B83 -> 0 | F83: ='IE3'!F83+'IE4'!B83 -> 0 | G83: =SUM(Budget!$B$80:$E$80) -> 0 | H83: =G83-F83 -> 0
A84: =Data!B91 -> 0 | B84: ='CB4'!$CC$38 -> 0 | C84: =Budget!$E$81 -> 0 | D84: =C84-B84 -> 0 | F84: ='IE3'!F84+'IE4'!B84 -> 0 | G84: =SUM(Budget!$B$81:$E$81) -> 0 | H84: =G84-F84 -> 0
A85: =Data!B92 -> 0 | B85: ='CB4'!$CD$38 -> 0 | C85: =Budget!$E$82 -> 0 | D85: =C85-B85 -> 0 | F85: ='IE3'!F85+'IE4'!B85 -> 0 | G85: =SUM(Budget!$B$82:$E$82) -> 0 | H85: =G85-F85 -> 0
A86: =Data!B93 -> 0 | B86: ='CB4'!$CE$38 -> 0 | C86: =Budget!$E$83 -> 0 | D86: =C86-B86 -> 0 | F86: ='IE3'!F86+'IE4'!B86 -> 0 | G86: =SUM(Budget!$B$83:$E$83) -> 0 | H86: =G86-F86 -> 0
A87: =Data!B94 -> 0 | B87: ='CB4'!$CF$38 -> 0 | C87: =Budget!$E$84 -> 0 | D87: =C87-B87 -> 0 | F87: ='IE3'!F87+'IE4'!B87 -> 0 | G87: =SUM(Budget!$B$84:$E$84) -> 0 | H87: =G87-F87 -> 0
A88: TOTAL EXPENDITURE | B88: =SUM(B43:B87) -> 0 | C88: =SUM(C43:C87) -> 0 | D88: =SUM(D43:D87) -> 0 | F88: =SUM(F43:F87) -> 0 | G88: =SUM(G43:G87) -> 0 | H88: =SUM(H43:H87) -> 0
A90: Surplus / (Deficit) | B90: =B40-B88 -> 0 | C90: =C40-C88 -> 0 | D90: =D40+D88 -> 0 | F90: =F40-F88 -> 0 | G90: =G40-G88 -> 0 | H90: =H40+H88 -> 0

Sheet IE5
A1: =_xlfn.CONCAT(Data!$B$2," Income & Expenditure Account") -> Income & Expenditure Account
A3: Year | B3: =Data!$B$3 -> 0
A4: Month | B4: =Data!B8 -> 0
B7: Actual | C7: Budget | D7: Variance | F7: Actual | G7: Budget | H7: Variance
B8: Month | C8: Month | D8: Month | F8: YTD | G8: YTD | H8: YTD
A9: Income | B9: £ | C9: £ | D9: £ | F9: £ | G9: £ | H9: £ | J9: Reason for Variance above or below 10% of budget | K9: Action Required | L9: Note No.
A10: =Data!$B$18 -> 0 | B10: ='CB5'!$E$38 -> 0 | C10: =Budget!$F$7 -> 0 | D10: =B10-C10 -> 0 | F10: ='IE4'!F10+'IE5'!B10 -> 0 | G10: =SUM(Budget!$B$7:$F$7) -> 0 | H10: =F10-G10 -> 0
A11: =Data!$B$19 -> 0 | B11: ='CB5'!$F$38 -> 0 | C11: =Budget!$F$8 -> 0 | D11: =B11-C11 -> 0 | F11: ='IE4'!F11+'IE5'!B11 -> 0 | G11: =SUM(Budget!$B$8:$F$8) -> 0 | H11: =F11-G11 -> 0
A12: =Data!$B$20 -> 0 | B12: ='CB5'!$G$38 -> 0 | C12: =Budget!$F$9 -> 0 | D12: =B12-C12 -> 0 | F12: ='IE4'!F12+'IE5'!B12 -> 0 | G12: =SUM(Budget!$B$9:$F$9) -> 0 | H12: =F12-G12 -> 0
A13: =Data!$B$21 -> 0 | B13: ='CB5'!$H$38 -> 0 | C13: =Budget!$F$10 -> 0 | D13: =B13-C13 -> 0 | F13: ='IE4'!F13+'IE5'!B13 -> 0 | G13: =SUM(Budget!$B$10:$F$10) -> 0 | H13: =F13-G13 -> 0
A14: =Data!$B$22 -> 0 | B14: ='CB5'!$I$38 -> 0 | C14: =Budget!$F$11 -> 0 | D14: =B14-C14 -> 0 | F14: ='IE4'!F14+'IE5'!B14 -> 0 | G14: =SUM(Budget!$B$11:$F$11) -> 0 | H14: =F14-G14 -> 0
A15: =Data!$B$23 -> 0 | B15: ='CB5'!$J$38 -> 0 | C15: =Budget!$F$12 -> 0 | D15: =B15-C15 -> 0 | F15: ='IE4'!F15+'IE5'!B15 -> 0 | G15: =SUM(Budget!$B$12:$F$12) -> 0 | H15: =F15-G15 -> 0
A16: =Data!$B$24 -> 0 | B16: ='CB5'!$K$38 -> 0 | C16: =Budget!$F$13 -> 0 | D16: =B16-C16 -> 0 | F16: ='IE4'!F16+'IE5'!B16 -> 0 | G16: =SUM(Budget!$B$13:$F$13) -> 0 | H16: =F16-G16 -> 0
A17: =Data!$B$25 -> 0 | B17: ='CB5'!$L$38 -> 0 | C17: =Budget!$F$14 -> 0 | D17: =B17-C17 -> 0 | F17: ='IE4'!F17+'IE5'!B17 -> 0 | G17: =SUM(Budget!$B$14:$F$14) -> 0 | H17: =F17-G17 -> 0
A18: =Data!$B$26 -> 0 | B18: ='CB5'!$M$38 -> 0 | C18: =Budget!$F$15 -> 0 | D18: =B18-C18 -> 0 | F18: ='IE4'!F18+'IE5'!B18 -> 0 | G18: =SUM(Budget!$B$15:$F$15) -> 0 | H18: =F18-G18 -> 0
A19: =Data!$B$27 -> 0 | B19: ='CB5'!$N$38 -> 0 | C19: =Budget!$F$16 -> 0 | D19: =B19-C19 -> 0 | F19: ='IE4'!F19+'IE5'!B19 -> 0 | G19: =SUM(Budget!$B$16:$F$16) -> 0 | H19: =F19-G19 -> 0
A20: =Data!$B$28 -> 0 | B20: ='CB5'!$O$38 -> 0 | C20: =Budget!$F$17 -> 0 | D20: =B20-C20 -> 0 | F20: ='IE4'!F20+'IE5'!B20 -> 0 | G20: =SUM(Budget!$B$17:$F$17) -> 0 | H20: =F20-G20 -> 0
A21: =Data!$B$29 -> 0 | B21: ='CB5'!$P$38 -> 0 | C21: =Budget!$F$18 -> 0 | D21: =B21-C21 -> 0 | F21: ='IE4'!F21+'IE5'!B21 -> 0 | G21: =SUM(Budget!$B$18:$F$18) -> 0 | H21: =F21-G21 -> 0
A22: =Data!$B$30 -> 0 | B22: ='CB5'!$Q$38 -> 0 | C22: =Budget!$F$19 -> 0 | D22: =B22-C22 -> 0 | F22: ='IE4'!F22+'IE5'!B22 -> 0 | G22: =SUM(Budget!$B$19:$F$19) -> 0 | H22: =F22-G22 -> 0
A23: =Data!$B$31 -> 0 | B23: ='CB5'!$R$38 -> 0 | C23: =Budget!$F$20 -> 0 | D23: =B23-C23 -> 0 | F23: ='IE4'!F23+'IE5'!B23 -> 0 | G23: =SUM(Budget!$B$20:$F$20) -> 0 | H23: =F23-G23 -> 0
A24: =Data!$B$32 -> 0 | B24: ='CB5'!$S$38 -> 0 | C24: =Budget!$F$21 -> 0 | D24: =B24-C24 -> 0 | F24: ='IE4'!F24+'IE5'!B24 -> 0 | G24: =SUM(Budget!$B$21:$F$21) -> 0 | H24: =F24-G24 -> 0
A25: =Data!$B$33 -> 0 | B25: ='CB5'!$T$38 -> 0 | C25: =Budget!$F$22 -> 0 | D25: =B25-C25 -> 0 | F25: ='IE4'!F25+'IE5'!B25 -> 0 | G25: =SUM(Budget!$B$22:$F$22) -> 0 | H25: =F25-G25 -> 0
A26: =Data!$B$34 -> 0 | B26: ='CB5'!$U$38 -> 0 | C26: =Budget!$F$23 -> 0 | D26: =B26-C26 -> 0 | F26: ='IE4'!F26+'IE5'!B26 -> 0 | G26: =SUM(Budget!$B$23:$F$23) -> 0 | H26: =F26-G26 -> 0
A27: =Data!$B$35 -> 0 | B27: ='CB5'!$V$38 -> 0 | C27: =Budget!$F$24 -> 0 | D27: =B27-C27 -> 0 | F27: ='IE4'!F27+'IE5'!B27 -> 0 | G27: =SUM(Budget!$B$24:$F$24) -> 0 | H27: =F27-G27 -> 0
A28: =Data!$B$36 -> 0 | B28: ='CB5'!$W$38 -> 0 | C28: =Budget!$F$25 -> 0 | D28: =B28-C28 -> 0 | F28: ='IE4'!F28+'IE5'!B28 -> 0 | G28: =SUM(Budget!$B$25:$F$25) -> 0 | H28: =F28-G28 -> 0
A29: =Data!$B$37 -> 0 | B29: ='CB5'!$X$38 -> 0 | C29: =Budget!$F$26 -> 0 | D29: =B29-C29 -> 0 | F29: ='IE4'!F29+'IE5'!B29 -> 0 | G29: =SUM(Budget!$B$26:$F$26) -> 0 | H29: =F29-G29 -> 0
A30: =Data!$B$38 -> 0 | B30: ='CB5'!$Y$38 -> 0 | C30: =Budget!$F$27 -> 0 | D30: =B30-C30 -> 0 | F30: ='IE4'!F30+'IE5'!B30 -> 0 | G30: =SUM(Budget!$B$27:$F$27) -> 0 | H30: =F30-G30 -> 0
A31: =Data!$B$39 -> 0 | B31: ='CB5'!$Z$38 -> 0 | C31: =Budget!$F$28 -> 0 | D31: =B31-C31 -> 0 | F31: ='IE4'!F31+'IE5'!B31 -> 0 | G31: =SUM(Budget!$B$28:$F$28) -> 0 | H31: =F31-G31 -> 0
A32: =Data!$B$40 -> 0 | B32: ='CB5'!$AA$38 -> 0 | C32: =Budget!$F$29 -> 0 | D32: =B32-C32 -> 0 | F32: ='IE4'!F32+'IE5'!B32 -> 0 | G32: =SUM(Budget!$B$29:$F$29) -> 0 | H32: =F32-G32 -> 0
A33: =Data!$B$41 -> 0 | B33: ='CB5'!$AB$38 -> 0 | C33: =Budget!$F$30 -> 0 | D33: =B33-C33 -> 0 | F33: ='IE4'!F33+'IE5'!B33 -> 0 | G33: =SUM(Budget!$B$30:$F$30) -> 0 | H33: =F33-G33 -> 0
A34: =Data!$B$42 -> 0 | B34: ='CB5'!$AC$38 -> 0 | C34: =Budget!$F$31 -> 0 | D34: =B34-C34 -> 0 | F34: ='IE4'!F34+'IE5'!B34 -> 0 | G34: =SUM(Budget!$B$31:$F$31) -> 0 | H34: =F34-G34 -> 0
A35: =Data!$B$43 -> 0 | B35: ='CB5'!$AD$38 -> 0 | C35: =Budget!$F$32 -> 0 | D35: =B35-C35 -> 0 | F35: ='IE4'!F35+'IE5'!B35 -> 0 | G35: =SUM(Budget!$B$32:$F$32) -> 0 | H35: =F35-G35 -> 0
A36: =Data!$B$44 -> 0 | B36: ='CB5'!$AE$38 -> 0 | C36: =Budget!$F$33 -> 0 | D36: =B36-C36 -> 0 | F36: ='IE4'!F36+'IE5'!B36 -> 0 | G36: =SUM(Budget!$B$33:$F$33) -> 0 | H36: =F36-G36 -> 0
A37: =Data!$B$45 -> 0 | B37: ='CB5'!$AF$38 -> 0 | C37: =Budget!$F$34 -> 0 | D37: =B37-C37 -> 0 | F37: ='IE4'!F37+'IE5'!B37 -> 0 | G37: =SUM(Budget!$B$34:$F$34) -> 0 | H37: =F37-G37 -> 0
A38: =Data!$B$46 -> 0 | B38: ='CB5'!$AG$38 -> 0 | C38: =Budget!$F$35 -> 0 | D38: =B38-C38 -> 0 | F38: ='IE4'!F38+'IE5'!B38 -> 0 | G38: =SUM(Budget!$B$35:$F$35) -> 0 | H38: =F38-G38 -> 0
A39: =Data!$B$47 -> 0 | B39: ='CB5'!$AH$38 -> 0 | C39: =Budget!$F$36 -> 0 | D39: =B39-C39 -> 0 | F39: ='IE4'!F39+'IE5'!B39 -> 0 | G39: =SUM(Budget!$B$36:$F$36) -> 0 | H39: =F39-G39 -> 0
A40: TOTAL INCOME | B40: =SUM(B10:B39) -> 0 | C40: =SUM(C10:C39) -> 0 | D40: =SUM(D10:D39) -> 0 | F40: =SUM(F10:F39) -> 0 | G40: =SUM(G10:G39) -> 0 | H40: =SUM(H10:H39) -> 0
A42: Expenditure
A43: =Data!$B$50 -> 0 | B43: ='CB5'!$AN$38 -> 0 | C43: =Budget!$F$40 -> 0 | D43: =C43-B43 -> 0 | F43: ='IE4'!F43+'IE5'!B43 -> 0 | G43: =SUM(Budget!$B$40:$F$40) -> 0 | H43: =G43-F43 -> 0
A44: =Data!$B$51 -> 0 | B44: ='CB5'!$AO$38 -> 0 | C44: =Budget!$F$41 -> 0 | D44: =C44-B44 -> 0 | F44: ='IE4'!F44+'IE5'!B44 -> 0 | G44: =SUM(Budget!$B$41:$F$41) -> 0 | H44: =G44-F44 -> 0
A45: =Data!$B$52 -> 0 | B45: ='CB5'!$AP$38 -> 0 | C45: =Budget!$F$42 -> 0 | D45: =C45-B45 -> 0 | F45: ='IE4'!F45+'IE5'!B45 -> 0 | G45: =SUM(Budget!$B$42:$F$42) -> 0 | H45: =G45-F45 -> 0
A46: =Data!$B$53 -> 0 | B46: ='CB5'!$AQ$38 -> 0 | C46: =Budget!$F$43 -> 0 | D46: =C46-B46 -> 0 | F46: ='IE4'!F46+'IE5'!B46 -> 0 | G46: =SUM(Budget!$B$43:$F$43) -> 0 | H46: =G46-F46 -> 0
A47: =Data!$B$54 -> 0 | B47: ='CB5'!$AR$38 -> 0 | C47: =Budget!$F$44 -> 0 | D47: =C47-B47 -> 0 | F47: ='IE4'!F47+'IE5'!B47 -> 0 | G47: =SUM(Budget!$B$44:$F$44) -> 0 | H47: =G47-F47 -> 0
A48: =Data!$B$55 -> 0 | B48: ='CB5'!$AS$38 -> 0 | C48: =Budget!$F$45 -> 0 | D48: =C48-B48 -> 0 | F48: ='IE4'!F48+'IE5'!B48 -> 0 | G48: =SUM(Budget!$B$45:$F$45) -> 0 | H48: =G48-F48 -> 0
A49: =Data!$B$56 -> 0 | B49: ='CB5'!$AT$38 -> 0 | C49: =Budget!$F$46 -> 0 | D49: =C49-B49 -> 0 | F49: ='IE4'!F49+'IE5'!B49 -> 0 | G49: =SUM(Budget!$B$46:$F$46) -> 0 | H49: =G49-F49 -> 0
A50: =Data!$B$57 -> 0 | B50: ='CB5'!$AU$38 -> 0 | C50: =Budget!$F$47 -> 0 | D50: =C50-B50 -> 0 | F50: ='IE4'!F50+'IE5'!B50 -> 0 | G50: =SUM(Budget!$B$47:$F$47) -> 0 | H50: =G50-F50 -> 0
A51: =Data!$B$58 -> 0 | B51: ='CB5'!$AV$38 -> 0 | C51: =Budget!$F$48 -> 0 | D51: =C51-B51 -> 0 | F51: ='IE4'!F51+'IE5'!B51 -> 0 | G51: =SUM(Budget!$B$48:$F$48) -> 0 | H51: =G51-F51 -> 0
A52: =Data!$B$59 -> 0 | B52: ='CB5'!$AW$38 -> 0 | C52: =Budget!$F$49 -> 0 | D52: =C52-B52 -> 0 | F52: ='IE4'!F52+'IE5'!B52 -> 0 | G52: =SUM(Budget!$B$49:$F$49) -> 0 | H52: =G52-F52 -> 0
A53: =Data!$B$60 -> 0 | B53: ='CB5'!$AX$38 -> 0 | C53: =Budget!$F$50 -> 0 | D53: =C53-B53 -> 0 | F53: ='IE4'!F53+'IE5'!B53 -> 0 | G53: =SUM(Budget!$B$50:$F$50) -> 0 | H53: =G53-F53 -> 0
A54: =Data!$B$61 -> 0 | B54: ='CB5'!$AY$38 -> 0 | C54: =Budget!$F$51 -> 0 | D54: =C54-B54 -> 0 | F54: ='IE4'!F54+'IE5'!B54 -> 0 | G54: =SUM(Budget!$B$51:$F$51) -> 0 | H54: =G54-F54 -> 0
A55: =Data!$B$62 -> 0 | B55: ='CB5'!$AZ$38 -> 0 | C55: =Budget!$F$52 -> 0 | D55: =C55-B55 -> 0 | F55: ='IE4'!F55+'IE5'!B55 -> 0 | G55: =SUM(Budget!$B$52:$F$52) -> 0 | H55: =G55-F55 -> 0
A56: =Data!$B$63 -> 0 | B56: ='CB5'!$BA$38 -> 0 | C56: =Budget!$F$53 -> 0 | D56: =C56-B56 -> 0 | F56: ='IE4'!F56+'IE5'!B56 -> 0 | G56: =SUM(Budget!$B$53:$F$53) -> 0 | H56: =G56-F56 -> 0
A57: =Data!B64 -> 0 | B57: ='CB5'!$BB$38 -> 0 | C57: =Budget!$F$54 -> 0 | D57: =C57-B57 -> 0 | F57: ='IE4'!F57+'IE5'!B57 -> 0 | G57: =SUM(Budget!$B$54:$F$54) -> 0 | H57: =G57-F57 -> 0
A58: =Data!B65 -> 0 | B58: ='CB5'!$BC$38 -> 0 | C58: =Budget!$F$55 -> 0 | D58: =C58-B58 -> 0 | F58: ='IE4'!F58+'IE5'!B58 -> 0 | G58: =SUM(Budget!$B$55:$F$55) -> 0 | H58: =G58-F58 -> 0
A59: =Data!B66 -> 0 | B59: ='CB5'!$BD$38 -> 0 | C59: =Budget!$F$56 -> 0 | D59: =C59-B59 -> 0 | F59: ='IE4'!F59+'IE5'!B59 -> 0 | G59: =SUM(Budget!$B$56:$F$56) -> 0 | H59: =G59-F59 -> 0
A60: =Data!B67 -> 0 | B60: ='CB5'!$BE$38 -> 0 | C60: =Budget!$F$57 -> 0 | D60: =C60-B60 -> 0 | F60: ='IE4'!F60+'IE5'!B60 -> 0 | G60: =SUM(Budget!$B$57:$F$57) -> 0 | H60: =G60-F60 -> 0
A61: =Data!B68 -> 0 | B61: ='CB5'!$BF$38 -> 0 | C61: =Budget!$F$58 -> 0 | D61: =C61-B61 -> 0 | F61: ='IE4'!F61+'IE5'!B61 -> 0 | G61: =SUM(Budget!$B$58:$F$58) -> 0 | H61: =G61-F61 -> 0
A62: =Data!B69 -> 0 | B62: ='CB5'!$BG$38 -> 0 | C62: =Budget!$F$59 -> 0 | D62: =C62-B62 -> 0 | F62: ='IE4'!F62+'IE5'!B62 -> 0 | G62: =SUM(Budget!$B$59:$F$59) -> 0 | H62: =G62-F62 -> 0
A63: =Data!B70 -> 0 | B63: ='CB5'!$BH$38 -> 0 | C63: =Budget!$F$60 -> 0 | D63: =C63-B63 -> 0 | F63: ='IE4'!F63+'IE5'!B63 -> 0 | G63: =SUM(Budget!$B$60:$F$60) -> 0 | H63: =G63-F63 -> 0
A64: =Data!B71 -> 0 | B64: ='CB5'!$BI$38 -> 0 | C64: =Budget!$F$61 -> 0 | D64: =C64-B64 -> 0 | F64: ='IE4'!F64+'IE5'!B64 -> 0 | G64: =SUM(Budget!$B$61:$F$61) -> 0 | H64: =G64-F64 -> 0
A65: =Data!B72 -> 0 | B65: ='CB5'!$BJ$38 -> 0 | C65: =Budget!$F$62 -> 0 | D65: =C65-B65 -> 0 | F65: ='IE4'!F65+'IE5'!B65 -> 0 | G65: =SUM(Budget!$B$62:$F$62) -> 0 | H65: =G65-F65 -> 0
A66: =Data!B73 -> 0 | B66: ='CB5'!$BK$38 -> 0 | C66: =Budget!$F$63 -> 0 | D66: =C66-B66 -> 0 | F66: ='IE4'!F66+'IE5'!B66 -> 0 | G66: =SUM(Budget!$B$63:$F$63) -> 0 | H66: =G66-F66 -> 0
A67: =Data!B74 -> 0 | B67: ='CB5'!$BL$38 -> 0 | C67: =Budget!$F$64 -> 0 | D67: =C67-B67 -> 0 | F67: ='IE4'!F67+'IE5'!B67 -> 0 | G67: =SUM(Budget!$B$64:$F$64) -> 0 | H67: =G67-F67 -> 0
A68: =Data!B75 -> 0 | B68: ='CB5'!$BM$38 -> 0 | C68: =Budget!$F$65 -> 0 | D68: =C68-B68 -> 0 | F68: ='IE4'!F68+'IE5'!B68 -> 0 | G68: =SUM(Budget!$B$65:$F$65) -> 0 | H68: =G68-F68 -> 0
A69: =Data!B76 -> 0 | B69: ='CB5'!$BN$38 -> 0 | C69: =Budget!$F$66 -> 0 | D69: =C69-B69 -> 0 | F69: ='IE4'!F69+'IE5'!B69 -> 0 | G69: =SUM(Budget!$B$66:$F$66) -> 0 | H69: =G69-F69 -> 0
A70: =Data!B77 -> 0 | B70: ='CB5'!BO$38 -> 0 | C70: =Budget!$F$67 -> 0 | D70: =C70-B70 -> 0 | F70: ='IE4'!F70+'IE5'!B70 -> 0 | G70: =SUM(Budget!$B$67:$F$67) -> 0 | H70: =G70-F70 -> 0
A71: =Data!B78 -> 0 | B71: ='CB5'!$BP$38 -> 0 | C71: =Budget!$F$68 -> 0 | D71: =C71-B71 -> 0 | F71: ='IE4'!F71+'IE5'!B71 -> 0 | G71: =SUM(Budget!$B$68:$F$68) -> 0 | H71: =G71-F71 -> 0
A72: =Data!B79 -> 0 | B72: ='CB5'!$BQ$38 -> 0 | C72: =Budget!$F$69 -> 0 | D72: =C72-B72 -> 0 | F72: ='IE4'!F72+'IE5'!B72 -> 0 | G72: =SUM(Budget!$B$69:$F$69) -> 0 | H72: =G72-F72 -> 0
A73: =Data!B80 -> 0 | B73: ='CB5'!$BR$38 -> 0 | C73: =Budget!$F$70 -> 0 | D73: =C73-B73 -> 0 | F73: ='IE4'!F73+'IE5'!B73 -> 0 | G73: =SUM(Budget!$B$70:$F$70) -> 0 | H73: =G73-F73 -> 0
A74: =Data!B81 -> 0 | B74: ='CB5'!$BS$38 -> 0 | C74: =Budget!$F$71 -> 0 | D74: =C74-B74 -> 0 | F74: ='IE4'!F74+'IE5'!B74 -> 0 | G74: =SUM(Budget!$B$71:$F$71) -> 0 | H74: =G74-F74 -> 0
A75: =Data!B82 -> 0 | B75: ='CB5'!$BT$38 -> 0 | C75: =Budget!$F$72 -> 0 | D75: =C75-B75 -> 0 | F75: ='IE4'!F75+'IE5'!B75 -> 0 | G75: =SUM(Budget!$B$72:$F$72) -> 0 | H75: =G75-F75 -> 0
A76: =Data!B83 -> 0 | B76: ='CB5'!$BU$38 -> 0 | C76: =Budget!$F$73 -> 0 | D76: =C76-B76 -> 0 | F76: ='IE4'!F76+'IE5'!B76 -> 0 | G76: =SUM(Budget!$B$73:$F$73) -> 0 | H76: =G76-F76 -> 0
A77: =Data!B84 -> 0 | B77: ='CB5'!$BV$38 -> 0 | C77: =Budget!$F$74 -> 0 | D77: =C77-B77 -> 0 | F77: ='IE4'!F77+'IE5'!B77 -> 0 | G77: =SUM(Budget!$B$74:$F$74) -> 0 | H77: =G77-F77 -> 0
A78: =Data!B85 -> 0 | B78: ='CB5'!$BW$38 -> 0 | C78: =Budget!$F$75 -> 0 | D78: =C78-B78 -> 0 | F78: ='IE4'!F78+'IE5'!B78 -> 0 | G78: =SUM(Budget!$B$75:$F$75) -> 0 | H78: =G78-F78 -> 0
A79: =Data!B86 -> 0 | B79: ='CB5'!$BX$38 -> 0 | C79: =Budget!$F$76 -> 0 | D79: =C79-B79 -> 0 | F79: ='IE4'!F79+'IE5'!B79 -> 0 | G79: =SUM(Budget!$B$76:$F$76) -> 0 | H79: =G79-F79 -> 0
A80: =Data!B87 -> 0 | B80: ='CB5'!$BY$38 -> 0 | C80: =Budget!$F$77 -> 0 | D80: =C80-B80 -> 0 | F80: ='IE4'!F80+'IE5'!B80 -> 0 | G80: =SUM(Budget!$B$77:$F$77) -> 0 | H80: =G80-F80 -> 0
A81: =Data!B88 -> 0 | B81: ='CB5'!$BZ$38 -> 0 | C81: =Budget!$F$78 -> 0 | D81: =C81-B81 -> 0 | F81: ='IE4'!F81+'IE5'!B81 -> 0 | G81: =SUM(Budget!$B$78:$F$78) -> 0 | H81: =G81-F81 -> 0
A82: =Data!B89 -> 0 | B82: ='CB5'!$CA$38 -> 0 | C82: =Budget!$F$79 -> 0 | D82: =C82-B82 -> 0 | F82: ='IE4'!F82+'IE5'!B82 -> 0 | G82: =SUM(Budget!$B$79:$F$79) -> 0 | H82: =G82-F82 -> 0
A83: =Data!B90 -> 0 | B83: ='CB5'!$CB$38 -> 0 | C83: =Budget!$F$80 -> 0 | D83: =C83-B83 -> 0 | F83: ='IE4'!F83+'IE5'!B83 -> 0 | G83: =SUM(Budget!$B$80:$F$80) -> 0 | H83: =G83-F83 -> 0
A84: =Data!B91 -> 0 | B84: ='CB5'!$CC$38 -> 0 | C84: =Budget!$F$81 -> 0 | D84: =C84-B84 -> 0 | F84: ='IE4'!F84+'IE5'!B84 -> 0 | G84: =SUM(Budget!$B$81:$F$81) -> 0 | H84: =G84-F84 -> 0
A85: =Data!B92 -> 0 | B85: ='CB5'!$CD$38 -> 0 | C85: =Budget!$F$82 -> 0 | D85: =C85-B85 -> 0 | F85: ='IE4'!F85+'IE5'!B85 -> 0 | G85: =SUM(Budget!$B$82:$F$82) -> 0 | H85: =G85-F85 -> 0
A86: =Data!B93 -> 0 | B86: ='CB5'!$CE$38 -> 0 | C86: =Budget!$F$83 -> 0 | D86: =C86-B86 -> 0 | F86: ='IE4'!F86+'IE5'!B86 -> 0 | G86: =SUM(Budget!$B$83:$F$83) -> 0 | H86: =G86-F86 -> 0
A87: =Data!B94 -> 0 | B87: ='CB5'!$CF$38 -> 0 | C87: =Budget!$F$84 -> 0 | D87: =C87-B87 -> 0 | F87: ='IE4'!F87+'IE5'!B87 -> 0 | G87: =SUM(Budget!$B$84:$F$84) -> 0 | H87: =G87-F87 -> 0
A88: TOTAL EXPENDITURE | B88: =SUM(B43:B87) -> 0 | C88: =SUM(C43:C87) -> 0 | D88: =SUM(D43:D87) -> 0 | F88: =SUM(F43:F87) -> 0 | G88: =SUM(G43:G87) -> 0 | H88: =SUM(H43:H87) -> 0
A90: Surplus / (Deficit) | B90: =B40-B88 -> 0 | C90: =C40-C88 -> 0 | D90: =D40+D88 -> 0 | F90: =F40-F88 -> 0 | G90: =G40-G88 -> 0 | H90: =H40+H88 -> 0

Sheet IE6
A1: =_xlfn.CONCAT(Data!$B$2," Income & Expenditure Account") -> Income & Expenditure Account
A3: Year | B3: =Data!$B$3 -> 0
A4: Month | B4: =Data!B9 -> 0
B7: Actual | C7: Budget | D7: Variance | F7: Actual | G7: Budget | H7: Variance
B8: Month | C8: Month | D8: Month | F8: YTD | G8: YTD | H8: YTD
A9: Income | B9: £ | C9: £ | D9: £ | F9: £ | G9: £ | H9: £ | J9: Reason for Variance above or below 10% of budget | K9: Action Required | L9: Note No.
A10: =Data!$B$18 -> 0 | B10: ='CB6'!$E$38 -> 0 | C10: =Budget!$G$7 -> 0 | D10: =B10-C10 -> 0 | F10: ='IE5'!F10+'IE6'!B10 -> 0 | G10: =SUM(Budget!$B$7:$G$7) -> 0 | H10: =F10-G10 -> 0
A11: =Data!$B$19 -> 0 | B11: ='CB6'!$F$38 -> 0 | C11: =Budget!$G$8 -> 0 | D11: =B11-C11 -> 0 | F11: ='IE5'!F11+'IE6'!B11 -> 0 | G11: =SUM(Budget!$B$8:$G$8) -> 0 | H11: =F11-G11 -> 0
A12: =Data!$B$20 -> 0 | B12: ='CB6'!$G$38 -> 0 | C12: =Budget!$G$9 -> 0 | D12: =B12-C12 -> 0 | F12: ='IE5'!F12+'IE6'!B12 -> 0 | G12: =SUM(Budget!$B$9:$G$9) -> 0 | H12: =F12-G12 -> 0
A13: =Data!$B$21 -> 0 | B13: ='CB6'!$H$38 -> 0 | C13: =Budget!$G$10 -> 0 | D13: =B13-C13 -> 0 | F13: ='IE5'!F13+'IE6'!B13 -> 0 | G13: =SUM(Budget!$B$10:$G$10) -> 0 | H13: =F13-G13 -> 0
A14: =Data!$B$22 -> 0 | B14: ='CB6'!$I$38 -> 0 | C14: =Budget!$G$11 -> 0 | D14: =B14-C14 -> 0 | F14: ='IE5'!F14+'IE6'!B14 -> 0 | G14: =SUM(Budget!$B$11:$G$11) -> 0 | H14: =F14-G14 -> 0
A15: =Data!$B$23 -> 0 | B15: ='CB6'!$J$38 -> 0 | C15: =Budget!$G$12 -> 0 | D15: =B15-C15 -> 0 | F15: ='IE5'!F15+'IE6'!B15 -> 0 | G15: =SUM(Budget!$B$12:$G$12) -> 0 | H15: =F15-G15 -> 0
A16: =Data!$B$24 -> 0 | B16: ='CB6'!$K$38 -> 0 | C16: =Budget!$G$13 -> 0 | D16: =B16-C16 -> 0 | F16: ='IE5'!F16+'IE6'!B16 -> 0 | G16: =SUM(Budget!$B$13:$G$13) -> 0 | H16: =F16-G16 -> 0
A17: =Data!$B$25 -> 0 | B17: ='CB6'!$L$38 -> 0 | C17: =Budget!$G$14 -> 0 | D17: =B17-C17 -> 0 | F17: ='IE5'!F17+'IE6'!B17 -> 0 | G17: =SUM(Budget!$B$14:$G$14) -> 0 | H17: =F17-G17 -> 0
A18: =Data!$B$26 -> 0 | B18: ='CB6'!$M$38 -> 0 | C18: =Budget!$G$15 -> 0 | D18: =B18-C18 -> 0 | F18: ='IE5'!F18+'IE6'!B18 -> 0 | G18: =SUM(Budget!$B$15:$G$15) -> 0 | H18: =F18-G18 -> 0
A19: =Data!$B$27 -> 0 | B19: ='CB6'!$N$38 -> 0 | C19: =Budget!$G$16 -> 0 | D19: =B19-C19 -> 0 | F19: ='IE5'!F19+'IE6'!B19 -> 0 | G19: =SUM(Budget!$B$16:$G$16) -> 0 | H19: =F19-G19 -> 0
A20: =Data!$B$28 -> 0 | B20: ='CB6'!$O$38 -> 0 | C20: =Budget!$G$17 -> 0 | D20: =B20-C20 -> 0 | F20: ='IE5'!F20+'IE6'!B20 -> 0 | G20: =SUM(Budget!$B$17:$G$17) -> 0 | H20: =F20-G20 -> 0
A21: =Data!$B$29 -> 0 | B21: ='CB6'!$P$38 -> 0 | C21: =Budget!$G$18 -> 0 | D21: =B21-C21 -> 0 | F21: ='IE5'!F21+'IE6'!B21 -> 0 | G21: =SUM(Budget!$B$18:$G$18) -> 0 | H21: =F21-G21 -> 0
A22: =Data!$B$30 -> 0 | B22: ='CB6'!$Q$38 -> 0 | C22: =Budget!$G$19 -> 0 | D22: =B22-C22 -> 0 | F22: ='IE5'!F22+'IE6'!B22 -> 0 | G22: =SUM(Budget!$B$19:$G$19) -> 0 | H22: =F22-G22 -> 0
A23: =Data!$B$31 -> 0 | B23: ='CB6'!$R$38 -> 0 | C23: =Budget!$G$20 -> 0 | D23: =B23-C23 -> 0 | F23: ='IE5'!F23+'IE6'!B23 -> 0 | G23: =SUM(Budget!$B$20:$G$20) -> 0 | H23: =F23-G23 -> 0
A24: =Data!$B$32 -> 0 | B24: ='CB6'!$S$38 -> 0 | C24: =Budget!$G$21 -> 0 | D24: =B24-C24 -> 0 | F24: ='IE5'!F24+'IE6'!B24 -> 0 | G24: =SUM(Budget!$B$21:$G$21) -> 0 | H24: =F24-G24 -> 0
A25: =Data!$B$33 -> 0 | B25: ='CB6'!$T$38 -> 0 | C25: =Budget!$G$22 -> 0 | D25: =B25-C25 -> 0 | F25: ='IE5'!F25+'IE6'!B25 -> 0 | G25: =SUM(Budget!$B$22:$G$22) -> 0 | H25: =F25-G25 -> 0
A26: =Data!$B$34 -> 0 | B26: ='CB6'!$U$38 -> 0 | C26: =Budget!$G$23 -> 0 | D26: =B26-C26 -> 0 | F26: ='IE5'!F26+'IE6'!B26 -> 0 | G26: =SUM(Budget!$B$23:$G$23) -> 0 | H26: =F26-G26 -> 0
A27: =Data!$B$35 -> 0 | B27: ='CB6'!$V$38 -> 0 | C27: =Budget!$G$24 -> 0 | D27: =B27-C27 -> 0 | F27: ='IE5'!F27+'IE6'!B27 -> 0 | G27: =SUM(Budget!$B$24:$G$24) -> 0 | H27: =F27-G27 -> 0
A28: =Data!$B$36 -> 0 | B28: ='CB6'!$W$38 -> 0 | C28: =Budget!$G$25 -> 0 | D28: =B28-C28 -> 0 | F28: ='IE5'!F28+'IE6'!B28 -> 0 | G28: =SUM(Budget!$B$25:$G$25) -> 0 | H28: =F28-G28 -> 0
A29: =Data!$B$37 -> 0 | B29: ='CB6'!$X$38 -> 0 | C29: =Budget!$G$26 -> 0 | D29: =B29-C29 -> 0 | F29: ='IE5'!F29+'IE6'!B29 -> 0 | G29: =SUM(Budget!$B$26:$G$26) -> 0 | H29: =F29-G29 -> 0
A30: =Data!$B$38 -> 0 | B30: ='CB6'!$Y$38 -> 0 | C30: =Budget!$G$27 -> 0 | D30: =B30-C30 -> 0 | F30: ='IE5'!F30+'IE6'!B30 -> 0 | G30: =SUM(Budget!$B$27:$G$27) -> 0 | H30: =F30-G30 -> 0
A31: =Data!$B$39 -> 0 | B31: ='CB6'!$Z$38 -> 0 | C31: =Budget!$G$28 -> 0 | D31: =B31-C31 -> 0 | F31: ='IE5'!F31+'IE6'!B31 -> 0 | G31: =SUM(Budget!$B$28:$G$28) -> 0 | H31: =F31-G31 -> 0
A32: =Data!$B$40 -> 0 | B32: ='CB6'!$AA$38 -> 0 | C32: =Budget!$G$29 -> 0 | D32: =B32-C32 -> 0 | F32: ='IE5'!F32+'IE6'!B32 -> 0 | G32: =SUM(Budget!$B$29:$G$29) -> 0 | H32: =F32-G32 -> 0
A33: =Data!$B$41 -> 0 | B33: ='CB6'!$AB$38 -> 0 | C33: =Budget!$G$30 -> 0 | D33: =B33-C33 -> 0 | F33: ='IE5'!F33+'IE6'!B33 -> 0 | G33: =SUM(Budget!$B$30:$G$30) -> 0 | H33: =F33-G33 -> 0
A34: =Data!$B$42 -> 0 | B34: ='CB6'!$AC$38 -> 0 | C34: =Budget!$G$31 -> 0 | D34: =B34-C34 -> 0 | F34: ='IE5'!F34+'IE6'!B34 -> 0 | G34: =SUM(Budget!$B$31:$G$31) -> 0 | H34: =F34-G34 -> 0
A35: =Data!$B$43 -> 0 | B35: ='CB6'!$AD$38 -> 0 | C35: =Budget!$G$32 -> 0 | D35: =B35-C35 -> 0 | F35: ='IE5'!F35+'IE6'!B35 -> 0 | G35: =SUM(Budget!$B$32:$G$32) -> 0 | H35: =F35-G35 -> 0
A36: =Data!$B$44 -> 0 | B36: ='CB6'!$AE$38 -> 0 | C36: =Budget!$G$33 -> 0 | D36: =B36-C36 -> 0 | F36: ='IE5'!F36+'IE6'!B36 -> 0 | G36: =SUM(Budget!$B$33:$G$33) -> 0 | H36: =F36-G36 -> 0
A37: =Data!$B$45 -> 0 | B37: ='CB6'!$AF$38 -> 0 | C37: =Budget!$G$34 -> 0 | D37: =B37-C37 -> 0 | F37: ='IE5'!F37+'IE6'!B37 -> 0 | G37: =SUM(Budget!$B$34:$G$34) -> 0 | H37: =F37-G37 -> 0
A38: =Data!$B$46 -> 0 | B38: ='CB6'!$AG$38 -> 0 | C38: =Budget!$G$35 -> 0 | D38: =B38-C38 -> 0 | F38: ='IE5'!F38+'IE6'!B38 -> 0 | G38: =SUM(Budget!$B$35:$G$35) -> 0 | H38: =F38-G38 -> 0
A39: =Data!$B$47 -> 0 | B39: ='CB6'!$AH$38 -> 0 | C39: =Budget!$G$36 -> 0 | D39: =B39-C39 -> 0 | F39: ='IE5'!F39+'IE6'!B39 -> 0 | G39: =SUM(Budget!$B$36:$G$36) -> 0 | H39: =F39-G39 -> 0
A40: TOTAL INCOME | B40: =SUM(B10:B39) -> 0 | C40: =SUM(C10:C39) -> 0 | D40: =SUM(D10:D39) -> 0 | F40: =SUM(F10:F39) -> 0 | G40: =SUM(G10:G39) -> 0 | H40: =SUM(H10:H39) -> 0
A42: Expenditure
A43: =Data!$B$50 -> 0 | B43: ='CB6'!$AN$38 -> 0 | C43: =Budget!$G$40 -> 0 | D43: =C43-B43 -> 0 | F43: ='IE5'!F43+'IE6'!B43 -> 0 | G43: =SUM(Budget!$B$40:$G$40) -> 0 | H43: =G43-F43 -> 0
A44: =Data!$B$51 -> 0 | B44: ='CB6'!$AO$38 -> 0 | C44: =Budget!$G$41 -> 0 | D44: =C44-B44 -> 0 | F44: ='IE5'!F44+'IE6'!B44 -> 0 | G44: =SUM(Budget!$B$41:$G$41) -> 0 | H44: =G44-F44 -> 0
A45: =Data!$B$52 -> 0 | B45: ='CB6'!$AP$38 -> 0 | C45: =Budget!$G$42 -> 0 | D45: =C45-B45 -> 0 | F45: ='IE5'!F45+'IE6'!B45 -> 0 | G45: =SUM(Budget!$B$42:$G$42) -> 0 | H45: =G45-F45 -> 0
A46: =Data!$B$53 -> 0 | B46: ='CB6'!$AQ$38 -> 0 | C46: =Budget!$G$43 -> 0 | D46: =C46-B46 -> 0 | F46: ='IE5'!F46+'IE6'!B46 -> 0 | G46: =SUM(Budget!$B$43:$G$43) -> 0 | H46: =G46-F46 -> 0
A47: =Data!$B$54 -> 0 | B47: ='CB6'!$AR$38 -> 0 | C47: =Budget!$G$44 -> 0 | D47: =C47-B47 -> 0 | F47: ='IE5'!F47+'IE6'!B47 -> 0 | G47: =SUM(Budget!$B$44:$G$44) -> 0 | H47: =G47-F47 -> 0
A48: =Data!$B$55 -> 0 | B48: ='CB6'!$AS$38 -> 0 | C48: =Budget!$G$45 -> 0 | D48: =C48-B48 -> 0 | F48: ='IE5'!F48+'IE6'!B48 -> 0 | G48: =SUM(Budget!$B$45:$G$45) -> 0 | H48: =G48-F48 -> 0
A49: =Data!$B$56 -> 0 | B49: ='CB6'!$AT$38 -> 0 | C49: =Budget!$G$46 -> 0 | D49: =C49-B49 -> 0 | F49: ='IE5'!F49+'IE6'!B49 -> 0 | G49: =SUM(Budget!$B$46:$G$46) -> 0 | H49: =G49-F49 -> 0
A50: =Data!$B$57 -> 0 | B50: ='CB6'!$AU$38 -> 0 | C50: =Budget!$G$47 -> 0 | D50: =C50-B50 -> 0 | F50: ='IE5'!F50+'IE6'!B50 -> 0 | G50: =SUM(Budget!$B$47:$G$47) -> 0 | H50: =G50-F50 -> 0
A51: =Data!$B$58 -> 0 | B51: ='CB6'!$AV$38 -> 0 | C51: =Budget!$G$48 -> 0 | D51: =C51-B51 -> 0 | F51: ='IE5'!F51+'IE6'!B51 -> 0 | G51: =SUM(Budget!$B$48:$G$48) -> 0 | H51: =G51-F51 -> 0
A52: =Data!$B$59 -> 0 | B52: ='CB6'!$AW$38 -> 0 | C52: =Budget!$G$49 -> 0 | D52: =C52-B52 -> 0 | F52: ='IE5'!F52+'IE6'!B52 -> 0 | G52: =SUM(Budget!$B$49:$G$49) -> 0 | H52: =G52-F52 -> 0
A53: =Data!$B$60 -> 0 | B53: ='CB6'!$AX$38 -> 0 | C53: =Budget!$G$50 -> 0 | D53: =C53-B53 -> 0 | F53: ='IE5'!F53+'IE6'!B53 -> 0 | G53: =SUM(Budget!$B$50:$G$50) -> 0 | H53: =G53-F53 -> 0
A54: =Data!$B$61 -> 0 | B54: ='CB6'!$AY$38 -> 0 | C54: =Budget!$G$51 -> 0 | D54: =C54-B54 -> 0 | F54: ='IE5'!F54+'IE6'!B54 -> 0 | G54: =SUM(Budget!$B$51:$G$51) -> 0 | H54: =G54-F54 -> 0
A55: =Data!$B$62 -> 0 | B55: ='CB6'!$AZ$38 -> 0 | C55: =Budget!$G$52 -> 0 | D55: =C55-B55 -> 0 | F55: ='IE5'!F55+'IE6'!B55 -> 0 | G55: =SUM(Budget!$B$52:$G$52) -> 0 | H55: =G55-F55 -> 0
A56: =Data!$B$63 -> 0 | B56: ='CB6'!$BA$38 -> 0 | C56: =Budget!$G$53 -> 0 | D56: =C56-B56 -> 0 | F56: ='IE5'!F56+'IE6'!B56 -> 0 | G56: =SUM(Budget!$B$53:$G$53) -> 0 | H56: =G56-F56 -> 0
A57: =Data!B64 -> 0 | B57: ='CB6'!$BB$38 -> 0 | C57: =Budget!$G$54 -> 0 | D57: =C57-B57 -> 0 | F57: ='IE5'!F57+'IE6'!B57 -> 0 | G57: =SUM(Budget!$B$54:$G$54) -> 0 | H57: =G57-F57 -> 0
A58: =Data!B65 -> 0 | B58: ='CB6'!$BC$38 -> 0 | C58: =Budget!$G$55 -> 0 | D58: =C58-B58 -> 0 | F58: ='IE5'!F58+'IE6'!B58 -> 0 | G58: =SUM(Budget!$B$55:$G$55) -> 0 | H58: =G58-F58 -> 0
A59: =Data!B66 -> 0 | B59: ='CB6'!$BD$38 -> 0 | C59: =Budget!$G$56 -> 0 | D59: =C59-B59 -> 0 | F59: ='IE5'!F59+'IE6'!B59 -> 0 | G59: =SUM(Budget!$B$56:$G$56) -> 0 | H59: =G59-F59 -> 0
A60: =Data!B67 -> 0 | B60: ='CB6'!$BE$38 -> 0 | C60: =Budget!$G$57 -> 0 | D60: =C60-B60 -> 0 | F60: ='IE5'!F60+'IE6'!B60 -> 0 | G60: =SUM(Budget!$B$57:$G$57) -> 0 | H60: =G60-F60 -> 0
A61: =Data!B68 -> 0 | B61: ='CB6'!$BF$38 -> 0 | C61: =Budget!$G$58 -> 0 | D61: =C61-B61 -> 0 | F61: ='IE5'!F61+'IE6'!B61 -> 0 | G61: =SUM(Budget!$B$58:$G$58) -> 0 | H61: =G61-F61 -> 0
A62: =Data!B69 -> 0 | B62: ='CB6'!$BG$38 -> 0 | C62: =Budget!$G$59 -> 0 | D62: =C62-B62 -> 0 | F62: ='IE5'!F62+'IE6'!B62 -> 0 | G62: =SUM(Budget!$B$59:$G$59) -> 0 | H62: =G62-F62 -> 0
A63: =Data!B70 -> 0 | B63: ='CB6'!$BH$38 -> 0 | C63: =Budget!$G$60 -> 0 | D63: =C63-B63 -> 0 | F63: ='IE5'!F63+'IE6'!B63 -> 0 | G63: =SUM(Budget!$B$60:$G$60) -> 0 | H63: =G63-F63 -> 0
A64: =Data!B71 -> 0 | B64: ='CB6'!$BI$38 -> 0 | C64: =Budget!$G$61 -> 0 | D64: =C64-B64 -> 0 | F64: ='IE5'!F64+'IE6'!B64 -> 0 | G64: =SUM(Budget!$B$61:$G$61) -> 0 | H64: =G64-F64 -> 0
A65: =Data!B72 -> 0 | B65: ='CB6'!$BJ$38 -> 0 | C65: =Budget!$G$62 -> 0 | D65: =C65-B65 -> 0 | F65: ='IE5'!F65+'IE6'!B65 -> 0 | G65: =SUM(Budget!$B$62:$G$62) -> 0 | H65: =G65-F65 -> 0
A66: =Data!B73 -> 0 | B66: ='CB6'!$BK$38 -> 0 | C66: =Budget!$G$63 -> 0 | D66: =C66-B66 -> 0 | F66: ='IE5'!F66+'IE6'!B66 -> 0 | G66: =SUM(Budget!$B$63:$G$63) -> 0 | H66: =G66-F66 -> 0
A67: =Data!B74 -> 0 | B67: ='CB6'!$BL$38 -> 0 | C67: =Budget!$G$64 -> 0 | D67: =C67-B67 -> 0 | F67: ='IE5'!F67+'IE6'!B67 -> 0 | G67: =SUM(Budget!$B$64:$G$64) -> 0 | H67: =G67-F67 -> 0
A68: =Data!B75 -> 0 | B68: ='CB6'!$BM$38 -> 0 | C68: =Budget!$G$65 -> 0 | D68: =C68-B68 -> 0 | F68: ='IE5'!F68+'IE6'!B68 -> 0 | G68: =SUM(Budget!$B$65:$G$65) -> 0 | H68: =G68-F68 -> 0
A69: =Data!B76 -> 0 | B69: ='CB6'!$BN$38 -> 0 | C69: =Budget!$G$66 -> 0 | D69: =C69-B69 -> 0 | F69: ='IE5'!F69+'IE6'!B69 -> 0 | G69: =SUM(Budget!$B$66:$G$66) -> 0 | H69: =G69-F69 -> 0
A70: =Data!B77 -> 0 | B70: ='CB6'!BO$38 -> 0 | C70: =Budget!$G$67 -> 0 | D70: =C70-B70 -> 0 | F70: ='IE5'!F70+'IE6'!B70 -> 0 | G70: =SUM(Budget!$B$67:$G$67) -> 0 | H70: =G70-F70 -> 0
A71: =Data!B78 -> 0 | B71: ='CB6'!$BP$38 -> 0 | C71: =Budget!$G$68 -> 0 | D71: =C71-B71 -> 0 | F71: ='IE5'!F71+'IE6'!B71 -> 0 | G71: =SUM(Budget!$B$68:$G$68) -> 0 | H71: =G71-F71 -> 0
A72: =Data!B79 -> 0 | B72: ='CB6'!$BQ$38 -> 0 | C72: =Budget!$G$69 -> 0 | D72: =C72-B72 -> 0 | F72: ='IE5'!F72+'IE6'!B72 -> 0 | G72: =SUM(Budget!$B$69:$G$69) -> 0 | H72: =G72-F72 -> 0
A73: =Data!B80 -> 0 | B73: ='CB6'!$BR$38 -> 0 | C73: =Budget!$G$70 -> 0 | D73: =C73-B73 -> 0 | F73: ='IE5'!F73+'IE6'!B73 -> 0 | G73: =SUM(Budget!$B$70:$G$70) -> 0 | H73: =G73-F73 -> 0
A74: =Data!B81 -> 0 | B74: ='CB6'!$BS$38 -> 0 | C74: =Budget!$G$71 -> 0 | D74: =C74-B74 -> 0 | F74: ='IE5'!F74+'IE6'!B74 -> 0 | G74: =SUM(Budget!$B$71:$G$71) -> 0 | H74: =G74-F74 -> 0
A75: =Data!B82 -> 0 | B75: ='CB6'!$BT$38 -> 0 | C75: =Budget!$G$72 -> 0 | D75: =C75-B75 -> 0 | F75: ='IE5'!F75+'IE6'!B75 -> 0 | G75: =SUM(Budget!$B$72:$G$72) -> 0 | H75: =G75-F75 -> 0
A76: =Data!B83 -> 0 | B76: ='CB6'!$BU$38 -> 0 | C76: =Budget!$G$73 -> 0 | D76: =C76-B76 -> 0 | F76: ='IE5'!F76+'IE6'!B76 -> 0 | G76: =SUM(Budget!$B$73:$G$73) -> 0 | H76: =G76-F76 -> 0
A77: =Data!B84 -> 0 | B77: ='CB6'!$BV$38 -> 0 | C77: =Budget!$G$74 -> 0 | D77: =C77-B77 -> 0 | F77: ='IE5'!F77+'IE6'!B77 -> 0 | G77: =SUM(Budget!$B$74:$G$74) -> 0 | H77: =G77-F77 -> 0
A78: =Data!B85 -> 0 | B78: ='CB6'!$BW$38 -> 0 | C78: =Budget!$G$75 -> 0 | D78: =C78-B78 -> 0 | F78: ='IE5'!F78+'IE6'!B78 -> 0 | G78: =SUM(Budget!$B$75:$G$75) -> 0 | H78: =G78-F78 -> 0
A79: =Data!B86 -> 0 | B79: ='CB6'!$BX$38 -> 0 | C79: =Budget!$G$76 -> 0 | D79: =C79-B79 -> 0 | F79: ='IE5'!F79+'IE6'!B79 -> 0 | G79: =SUM(Budget!$B$76:$G$76) -> 0 | H79: =G79-F79 -> 0
A80: =Data!B87 -> 0 | B80: ='CB6'!$BY$38 -> 0 | C80: =Budget!$G$77 -> 0 | D80: =C80-B80 -> 0 | F80: ='IE5'!F80+'IE6'!B80 -> 0 | G80: =SUM(Budget!$B$77:$G$77) -> 0 | H80: =G80-F80 -> 0
A81: =Data!B88 -> 0 | B81: ='CB6'!$BZ$38 -> 0 | C81: =Budget!$G$78 -> 0 | D81: =C81-B81 -> 0 | F81: ='IE5'!F81+'IE6'!B81 -> 0 | G81: =SUM(Budget!$B$78:$G$78) -> 0 | H81: =G81-F81 -> 0
A82: =Data!B89 -> 0 | B82: ='CB6'!$CA$38 -> 0 | C82: =Budget!$G$79 -> 0 | D82: =C82-B82 -> 0 | F82: ='IE5'!F82+'IE6'!B82 -> 0 | G82: =SUM(Budget!$B$79:$G$79) -> 0 | H82: =G82-F82 -> 0
A83: =Data!B90 -> 0 | B83: ='CB6'!$CB$38 -> 0 | C83: =Budget!$G$80 -> 0 | D83: =C83-B83 -> 0 | F83: ='IE5'!F83+'IE6'!B83 -> 0 | G83: =SUM(Budget!$B$80:$G$80) -> 0 | H83: =G83-F83 -> 0
A84: =Data!B91 -> 0 | B84: ='CB6'!$CC$38 -> 0 | C84: =Budget!$G$81 -> 0 | D84: =C84-B84 -> 0 | F84: ='IE5'!F84+'IE6'!B84 -> 0 | G84: =SUM(Budget!$B$81:$G$81) -> 0 | H84: =G84-F84 -> 0
A85: =Data!B92 -> 0 | B85: ='CB6'!$CD$38 -> 0 | C85: =Budget!$G$82 -> 0 | D85: =C85-B85 -> 0 | F85: ='IE5'!F85+'IE6'!B85 -> 0 | G85: =SUM(Budget!$B$82:$G$82) -> 0 | H85: =G85-F85 -> 0
A86: =Data!B93 -> 0 | B86: ='CB6'!$CE$38 -> 0 | C86: =Budget!$G$83 -> 0 | D86: =C86-B86 -> 0 | F86: ='IE5'!F86+'IE6'!B86 -> 0 | G86: =SUM(Budget!$B$83:$G$83) -> 0 | H86: =G86-F86 -> 0
A87: =Data!B94 -> 0 | B87: ='CB6'!$CF$38 -> 0 | C87: =Budget!$G$84 -> 0 | D87: =C87-B87 -> 0 | F87: ='IE5'!F87+'IE6'!B87 -> 0 | G87: =SUM(Budget!$B$84:$G$84) -> 0 | H87: =G87-F87 -> 0
A88: TOTAL EXPENDITURE | B88: =SUM(B43:B87) -> 0 | C88: =SUM(C43:C87) -> 0 | D88: =SUM(D43:D87) -> 0 | F88: =SUM(F43:F87) -> 0 | G88: =SUM(G43:G87) -> 0 | H88: =SUM(H43:H87) -> 0
A90: Surplus / (Deficit) | B90: =B40-B88 -> 0 | C90: =C40-C88 -> 0 | D90: =D40+D88 -> 0 | F90: =F40-F88 -> 0 | G90: =G40-G88 -> 0 | H90: =H40+H88 -> 0

Sheet IE7
A1: =_xlfn.CONCAT(Data!$B$2," Income & Expenditure Account") -> Income & Expenditure Account
A3: Year | B3: =Data!$B$3 -> 0
A4: Month | B4: =Data!B10 -> 0
B7: Actual | C7: Budget | D7: Variance | F7: Actual | G7: Budget | H7: Variance
B8: Month | C8: Month | D8: Month | F8: YTD | G8: YTD | H8: YTD
A9: Income | B9: £ | C9: £ | D9: £ | F9: £ | G9: £ | H9: £ | J9: Reason for Variance above or below 10% of budget | K9: Action Required | L9: Note No.
A10: =Data!$B$18 -> 0 | B10: ='CB7'!$E$38 -> 0 | C10: =Budget!$H$7 -> 0 | D10: =B10-C10 -> 0 | F10: ='IE6'!F10+'IE7'!B10 -> 0 | G10: =SUM(Budget!$B$7:$H$7) -> 0 | H10: =F10-G10 -> 0
A11: =Data!$B$19 -> 0 | B11: ='CB7'!$F$38 -> 0 | C11: =Budget!$H$8 -> 0 | D11: =B11-C11 -> 0 | F11: ='IE6'!F11+'IE7'!B11 -> 0 | G11: =SUM(Budget!$B$8:$H$8) -> 0 | H11: =F11-G11 -> 0
A12: =Data!$B$20 -> 0 | B12: ='CB7'!$G$38 -> 0 | C12: =Budget!$H$9 -> 0 | D12: =B12-C12 -> 0 | F12: ='IE6'!F12+'IE7'!B12 -> 0 | G12: =SUM(Budget!$B$9:$H$9) -> 0 | H12: =F12-G12 -> 0
A13: =Data!$B$21 -> 0 | B13: ='CB7'!$H$38 -> 0 | C13: =Budget!$H$10 -> 0 | D13: =B13-C13 -> 0 | F13: ='IE6'!F13+'IE7'!B13 -> 0 | G13: =SUM(Budget!$B$10:$H$10) -> 0 | H13: =F13-G13 -> 0
A14: =Data!$B$22 -> 0 | B14: ='CB7'!$I$38 -> 0 | C14: =Budget!$H$11 -> 0 | D14: =B14-C14 -> 0 | F14: ='IE6'!F14+'IE7'!B14 -> 0 | G14: =SUM(Budget!$B$11:$H$11) -> 0 | H14: =F14-G14 -> 0
A15: =Data!$B$23 -> 0 | B15: ='CB7'!$J$38 -> 0 | C15: =Budget!$H$12 -> 0 | D15: =B15-C15 -> 0 | F15: ='IE6'!F15+'IE7'!B15 -> 0 | G15: =SUM(Budget!$B$12:$H$12) -> 0 | H15: =F15-G15 -> 0
A16: =Data!$B$24 -> 0 | B16: ='CB7'!$K$38 -> 0 | C16: =Budget!$H$13 -> 0 | D16: =B16-C16 -> 0 | F16: ='IE6'!F16+'IE7'!B16 -> 0 | G16: =SUM(Budget!$B$13:$H$13) -> 0 | H16: =F16-G16 -> 0
A17: =Data!$B$25 -> 0 | B17: ='CB7'!$L$38 -> 0 | C17: =Budget!$H$14 -> 0 | D17: =B17-C17 -> 0 | F17: ='IE6'!F17+'IE7'!B17 -> 0 | G17: =SUM(Budget!$B$14:$H$14) -> 0 | H17: =F17-G17 -> 0
A18: =Data!$B$26 -> 0 | B18: ='CB7'!$M$38 -> 0 | C18: =Budget!$H$15 -> 0 | D18: =B18-C18 -> 0 | F18: ='IE6'!F18+'IE7'!B18 -> 0 | G18: =SUM(Budget!$B$15:$H$15) -> 0 | H18: =F18-G18 -> 0
A19: =Data!$B$27 -> 0 | B19: ='CB7'!$N$38 -> 0 | C19: =Budget!$H$16 -> 0 | D19: =B19-C19 -> 0 | F19: ='IE6'!F19+'IE7'!B19 -> 0 | G19: =SUM(Budget!$B$16:$H$16) -> 0 | H19: =F19-G19 -> 0
A20: =Data!$B$28 -> 0 | B20: ='CB7'!$O$38 -> 0 | C20: =Budget!$H$17 -> 0 | D20: =B20-C20 -> 0 | F20: ='IE6'!F20+'IE7'!B20 -> 0 | G20: =SUM(Budget!$B$17:$H$17) -> 0 | H20: =F20-G20 -> 0
A21: =Data!$B$29 -> 0 | B21: ='CB7'!$P$38 -> 0 | C21: =Budget!$H$18 -> 0 | D21: =B21-C21 -> 0 | F21: ='IE6'!F21+'IE7'!B21 -> 0 | G21: =SUM(Budget!$B$18:$H$18) -> 0 | H21: =F21-G21 -> 0
A22: =Data!$B$30 -> 0 | B22: ='CB7'!$Q$38 -> 0 | C22: =Budget!$H$19 -> 0 | D22: =B22-C22 -> 0 | F22: ='IE6'!F22+'IE7'!B22 -> 0 | G22: =SUM(Budget!$B$19:$H$19) -> 0 | H22: =F22-G22 -> 0
A23: =Data!$B$31 -> 0 | B23: ='CB7'!$R$38 -> 0 | C23: =Budget!$H$20 -> 0 | D23: =B23-C23 -> 0 | F23: ='IE6'!F23+'IE7'!B23 -> 0 | G23: =SUM(Budget!$B$20:$H$20) -> 0 | H23: =F23-G23 -> 0
A24: =Data!$B$32 -> 0 | B24: ='CB7'!$S$38 -> 0 | C24: =Budget!$H$21 -> 0 | D24: =B24-C24 -> 0 | F24: ='IE6'!F24+'IE7'!B24 -> 0 | G24: =SUM(Budget!$B$21:$H$21) -> 0 | H24: =F24-G24 -> 0
A25: =Data!$B$33 -> 0 | B25: ='CB7'!$T$38 -> 0 | C25: =Budget!$H$22 -> 0 | D25: =B25-C25 -> 0 | F25: ='IE6'!F25+'IE7'!B25 -> 0 | G25: =SUM(Budget!$B$22:$H$22) -> 0 | H25: =F25-G25 -> 0
A26: =Data!$B$34 -> 0 | B26: ='CB7'!$U$38 -> 0 | C26: =Budget!$H$23 -> 0 | D26: =B26-C26 -> 0 | F26: ='IE6'!F26+'IE7'!B26 -> 0 | G26: =SUM(Budget!$B$23:$H$23) -> 0 | H26: =F26-G26 -> 0
A27: =Data!$B$35 -> 0 | B27: ='CB7'!$V$38 -> 0 | C27: =Budget!$H$24 -> 0 | D27: =B27-C27 -> 0 | F27: ='IE6'!F27+'IE7'!B27 -> 0 | G27: =SUM(Budget!$B$24:$H$24) -> 0 | H27: =F27-G27 -> 0
A28: =Data!$B$36 -> 0 | B28: ='CB7'!$W$38 -> 0 | C28: =Budget!$H$25 -> 0 | D28: =B28-C28 -> 0 | F28: ='IE6'!F28+'IE7'!B28 -> 0 | G28: =SUM(Budget!$B$25:$H$25) -> 0 | H28: =F28-G28 -> 0
A29: =Data!$B$37 -> 0 | B29: ='CB7'!$X$38 -> 0 | C29: =Budget!$H$26 -> 0 | D29: =B29-C29 -> 0 | F29: ='IE6'!F29+'IE7'!B29 -> 0 | G29: =SUM(Budget!$B$26:$H$26) -> 0 | H29: =F29-G29 -> 0
A30: =Data!$B$38 -> 0 | B30: ='CB7'!$Y$38 -> 0 | C30: =Budget!$H$27 -> 0 | D30: =B30-C30 -> 0 | F30: ='IE6'!F30+'IE7'!B30 -> 0 | G30: =SUM(Budget!$B$27:$H$27) -> 0 | H30: =F30-G30 -> 0
A31: =Data!$B$39 -> 0 | B31: ='CB7'!$Z$38 -> 0 | C31: =Budget!$H$28 -> 0 | D31: =B31-C31 -> 0 | F31: ='IE6'!F31+'IE7'!B31 -> 0 | G31: =SUM(Budget!$B$28:$H$28) -> 0 | H31: =F31-G31 -> 0
A32: =Data!$B$40 -> 0 | B32: ='CB7'!$AA$38 -> 0 | C32: =Budget!$H$29 -> 0 | D32: =B32-C32 -> 0 | F32: ='IE6'!F32+'IE7'!B32 -> 0 | G32: =SUM(Budget!$B$29:$H$29) -> 0 | H32: =F32-G32 -> 0
A33: =Data!$B$41 -> 0 | B33: ='CB7'!$AB$38 -> 0 | C33: =Budget!$H$30 -> 0 | D33: =B33-C33 -> 0 | F33: ='IE6'!F33+'IE7'!B33 -> 0 | G33: =SUM(Budget!$B$30:$H$30) -> 0 | H33: =F33-G33 -> 0
A34: =Data!$B$42 -> 0 | B34: ='CB7'!$AC$38 -> 0 | C34: =Budget!$H$31 -> 0 | D34: =B34-C34 -> 0 | F34: ='IE6'!F34+'IE7'!B34 -> 0 | G34: =SUM(Budget!$B$31:$H$31) -> 0 | H34: =F34-G34 -> 0
A35: =Data!$B$43 -> 0 | B35: ='CB7'!$AD$38 -> 0 | C35: =Budget!$H$32 -> 0 | D35: =B35-C35 -> 0 | F35: ='IE6'!F35+'IE7'!B35 -> 0 | G35: =SUM(Budget!$B$32:$H$32) -> 0 | H35: =F35-G35 -> 0
A36: =Data!$B$44 -> 0 | B36: ='CB7'!$AE$38 -> 0 | C36: =Budget!$H$33 -> 0 | D36: =B36-C36 -> 0 | F36: ='IE6'!F36+'IE7'!B36 -> 0 | G36: =SUM(Budget!$B$33:$H$33) -> 0 | H36: =F36-G36 -> 0
A37: =Data!$B$45 -> 0 | B37: ='CB7'!$AF$38 -> 0 | C37: =Budget!$H$34 -> 0 | D37: =B37-C37 -> 0 | F37: ='IE6'!F37+'IE7'!B37 -> 0 | G37: =SUM(Budget!$B$34:$H$34) -> 0 | H37: =F37-G37 -> 0
A38: =Data!$B$46 -> 0 | B38: ='CB7'!$AG$38 -> 0 | C38: =Budget!$H$35 -> 0 | D38: =B38-C38 -> 0 | F38: ='IE6'!F38+'IE7'!B38 -> 0 | G38: =SUM(Budget!$B$35:$H$35) -> 0 | H38: =F38-G38 -> 0
A39: =Data!$B$47 -> 0 | B39: ='CB7'!$AH$38 -> 0 | C39: =Budget!$H$36 -> 0 | D39: =B39-C39 -> 0 | F39: ='IE6'!F39+'IE7'!B39 -> 0 | G39: =SUM(Budget!$B$36:$H$36) -> 0 | H39: =F39-G39 -> 0
A40: TOTAL INCOME | B40: =SUM(B10:B39) -> 0 | C40: =SUM(C10:C39) -> 0 | D40: =SUM(D10:D39) -> 0 | F40: =SUM(F10:F39) -> 0 | G40: =SUM(G10:G39) -> 0 | H40: =SUM(H10:H39) -> 0
A42: Expenditure
A43: =Data!$B$50 -> 0 | B43: ='CB7'!$AN$38 -> 0 | C43: =Budget!$H$40 -> 0 | D43: =C43-B43 -> 0 | F43: ='IE6'!F43+'IE7'!B43 -> 0 | G43: =SUM(Budget!$B$40:$H$40) -> 0 | H43: =G43-F43 -> 0
A44: =Data!$B$51 -> 0 | B44: ='CB7'!$AO$38 -> 0 | C44: =Budget!$H$41 -> 0 | D44: =C44-B44 -> 0 | F44: ='IE6'!F44+'IE7'!B44 -> 0 | G44: =SUM(Budget!$B$41:$H$41) -> 0 | H44: =G44-F44 -> 0
A45: =Data!$B$52 -> 0 | B45: ='CB7'!$AP$38 -> 0 | C45: =Budget!$H$42 -> 0 | D45: =C45-B45 -> 0 | F45: ='IE6'!F45+'IE7'!B45 -> 0 | G45: =SUM(Budget!$B$42:$H$42) -> 0 | H45: =G45-F45 -> 0
A46: =Data!$B$53 -> 0 | B46: ='CB7'!$AQ$38 -> 0 | C46: =Budget!$H$43 -> 0 | D46: =C46-B46 -> 0 | F46: ='IE6'!F46+'IE7'!B46 -> 0 | G46: =SUM(Budget!$B$43:$H$43) -> 0 | H46: =G46-F46 -> 0
A47: =Data!$B$54 -> 0 | B47: ='CB7'!$AR$38 -> 0 | C47: =Budget!$H$44 -> 0 | D47: =C47-B47 -> 0 | F47: ='IE6'!F47+'IE7'!B47 -> 0 | G47: =SUM(Budget!$B$44:$H$44) -> 0 | H47: =G47-F47 -> 0
A48: =Data!$B$55 -> 0 | B48: ='CB7'!$AS$38 -> 0 | C48: =Budget!$H$45 -> 0 | D48: =C48-B48 -> 0 | F48: ='IE6'!F48+'IE7'!B48 -> 0 | G48: =SUM(Budget!$B$45:$H$45) -> 0 | H48: =G48-F48 -> 0
A49: =Data!$B$56 -> 0 | B49: ='CB7'!$AT$38 -> 0 | C49: =Budget!$H$46 -> 0 | D49: =C49-B49 -> 0 | F49: ='IE6'!F49+'IE7'!B49 -> 0 | G49: =SUM(Budget!$B$46:$H$46) -> 0 | H49: =G49-F49 -> 0
A50: =Data!$B$57 -> 0 | B50: ='CB7'!$AU$38 -> 0 | C50: =Budget!$H$47 -> 0 | D50: =C50-B50 -> 0 | F50: ='IE6'!F50+'IE7'!B50 -> 0 | G50: =SUM(Budget!$B$47:$H$47) -> 0 | H50: =G50-F50 -> 0
A51: =Data!$B$58 -> 0 | B51: ='CB7'!$AV$38 -> 0 | C51: =Budget!$H$48 -> 0 | D51: =C51-B51 -> 0 | F51: ='IE6'!F51+'IE7'!B51 -> 0 | G51: =SUM(Budget!$B$48:$H$48) -> 0 | H51: =G51-F51 -> 0
A52: =Data!$B$59 -> 0 | B52: ='CB7'!$AW$38 -> 0 | C52: =Budget!$H$49 -> 0 | D52: =C52-B52 -> 0 | F52: ='IE6'!F52+'IE7'!B52 -> 0 | G52: =SUM(Budget!$B$49:$H$49) -> 0 | H52: =G52-F52 -> 0
A53: =Data!$B$60 -> 0 | B53: ='CB7'!$AX$38 -> 0 | C53: =Budget!$H$50 -> 0 | D53: =C53-B53 -> 0 | F53: ='IE6'!F53+'IE7'!B53 -> 0 | G53: =SUM(Budget!$B$50:$H$50) -> 0 | H53: =G53-F53 -> 0
A54: =Data!$B$61 -> 0 | B54: ='CB7'!$AY$38 -> 0 | C54: =Budget!$H$51 -> 0 | D54: =C54-B54 -> 0 | F54: ='IE6'!F54+'IE7'!B54 -> 0 | G54: =SUM(Budget!$B$51:$H$51) -> 0 | H54: =G54-F54 -> 0
A55: =Data!$B$62 -> 0 | B55: ='CB7'!$AZ$38 -> 0 | C55: =Budget!$H$52 -> 0 | D55: =C55-B55 -> 0 | F55: ='IE6'!F55+'IE7'!B55 -> 0 | G55: =SUM(Budget!$B$52:$H$52) -> 0 | H55: =G55-F55 -> 0
A56: =Data!$B$63 -> 0 | B56: ='CB7'!$BA$38 -> 0 | C56: =Budget!$H$53 -> 0 | D56: =C56-B56 -> 0 | F56: ='IE6'!F56+'IE7'!B56 -> 0 | G56: =SUM(Budget!$B$53:$H$53) -> 0 | H56: =G56-F56 -> 0
A57: =Data!B64 -> 0 | B57: ='CB7'!$BB$38 -> 0 | C57: =Budget!$H$54 -> 0 | D57: =C57-B57 -> 0 | F57: ='IE6'!F57+'IE7'!B57 -> 0 | G57: =SUM(Budget!$B$54:$H$54) -> 0 | H57: =G57-F57 -> 0
A58: =Data!B65 -> 0 | B58: ='CB7'!$BC$38 -> 0 | C58: =Budget!$H$55 -> 0 | D58: =C58-B58 -> 0 | F58: ='IE6'!F58+'IE7'!B58 -> 0 | G58: =SUM(Budget!$B$55:$H$55) -> 0 | H58: =G58-F58 -> 0
A59: =Data!B66 -> 0 | B59: ='CB7'!$BD$38 -> 0 | C59: =Budget!$H$56 -> 0 | D59: =C59-B59 -> 0 | F59: ='IE6'!F59+'IE7'!B59 -> 0 | G59: =SUM(Budget!$B$56:$H$56) -> 0 | H59: =G59-F59 -> 0
A60: =Data!B67 -> 0 | B60: ='CB7'!$BE$38 -> 0 | C60: =Budget!$H$57 -> 0 | D60: =C60-B60 -> 0 | F60: ='IE6'!F60+'IE7'!B60 -> 0 | G60: =SUM(Budget!$B$57:$H$57) -> 0 | H60: =G60-F60 -> 0
A61: =Data!B68 -> 0 | B61: ='CB7'!$BF$38 -> 0 | C61: =Budget!$H$58 -> 0 | D61: =C61-B61 -> 0 | F61: ='IE6'!F61+'IE7'!B61 -> 0 | G61: =SUM(Budget!$B$58:$H$58) -> 0 | H61: =G61-F61 -> 0
A62: =Data!B69 -> 0 | B62: ='CB7'!$BG$38 -> 0 | C62: =Budget!$H$59 -> 0 | D62: =C62-B62 -> 0 | F62: ='IE6'!F62+'IE7'!B62 -> 0 | G62: =SUM(Budget!$B$59:$H$59) -> 0 | H62: =G62-F62 -> 0
A63: =Data!B70 -> 0 | B63: ='CB7'!$BH$38 -> 0 | C63: =Budget!$H$60 -> 0 | D63: =C63-B63 -> 0 | F63: ='IE6'!F63+'IE7'!B63 -> 0 | G63: =SUM(Budget!$B$60:$H$60) -> 0 | H63: =G63-F63 -> 0
A64: =Data!B71 -> 0 | B64: ='CB7'!$BI$38 -> 0 | C64: =Budget!$H$61 -> 0 | D64: =C64-B64 -> 0 | F64: ='IE6'!F64+'IE7'!B64 -> 0 | G64: =SUM(Budget!$B$61:$H$61) -> 0 | H64: =G64-F64 -> 0
A65: =Data!B72 -> 0 | B65: ='CB7'!$BJ$38 -> 0 | C65: =Budget!$H$62 -> 0 | D65: =C65-B65 -> 0 | F65: ='IE6'!F65+'IE7'!B65 -> 0 | G65: =SUM(Budget!$B$62:$H$62) -> 0 | H65: =G65-F65 -> 0
A66: =Data!B73 -> 0 | B66: ='CB7'!$BK$38 -> 0 | C66: =Budget!$H$63 -> 0 | D66: =C66-B66 -> 0 | F66: ='IE6'!F66+'IE7'!B66 -> 0 | G66: =SUM(Budget!$B$63:$H$63) -> 0 | H66: =G66-F66 -> 0
A67: =Data!B74 -> 0 | B67: ='CB7'!$BL$38 -> 0 | C67: =Budget!$H$64 -> 0 | D67: =C67-B67 -> 0 | F67: ='IE6'!F67+'IE7'!B67 -> 0 | G67: =SUM(Budget!$B$64:$H$64) -> 0 | H67: =G67-F67 -> 0
A68: =Data!B75 -> 0 | B68: ='CB7'!$BM$38 -> 0 | C68: =Budget!$H$65 -> 0 | D68: =C68-B68 -> 0 | F68: ='IE6'!F68+'IE7'!B68 -> 0 | G68: =SUM(Budget!$B$65:$H$65) -> 0 | H68: =G68-F68 -> 0
A69: =Data!B76 -> 0 | B69: ='CB7'!$BN$38 -> 0 | C69: =Budget!$H$66 -> 0 | D69: =C69-B69 -> 0 | F69: ='IE6'!F69+'IE7'!B69 -> 0 | G69: =SUM(Budget!$B$66:$H$66) -> 0 | H69: =G69-F69 -> 0
A70: =Data!B77 -> 0 | B70: ='CB7'!BO$38 -> 0 | C70: =Budget!$H$67 -> 0 | D70: =C70-B70 -> 0 | F70: ='IE6'!F70+'IE7'!B70 -> 0 | G70: =SUM(Budget!$B$67:$H$67) -> 0 | H70: =G70-F70 -> 0
A71: =Data!B78 -> 0 | B71: ='CB7'!$BP$38 -> 0 | C71: =Budget!$H$68 -> 0 | D71: =C71-B71 -> 0 | F71: ='IE6'!F71+'IE7'!B71 -> 0 | G71: =SUM(Budget!$B$68:$H$68) -> 0 | H71: =G71-F71 -> 0
A72: =Data!B79 -> 0 | B72: ='CB7'!$BQ$38 -> 0 | C72: =Budget!$H$69 -> 0 | D72: =C72-B72 -> 0 | F72: ='IE6'!F72+'IE7'!B72 -> 0 | G72: =SUM(Budget!$B$69:$H$69) -> 0 | H72: =G72-F72 -> 0
A73: =Data!B80 -> 0 | B73: ='CB7'!$BR$38 -> 0 | C73: =Budget!$H$70 -> 0 | D73: =C73-B73 -> 0 | F73: ='IE6'!F73+'IE7'!B73 -> 0 | G73: =SUM(Budget!$B$70:$H$70) -> 0 | H73: =G73-F73 -> 0
A74: =Data!B81 -> 0 | B74: ='CB7'!$BS$38 -> 0 | C74: =Budget!$H$71 -> 0 | D74: =C74-B74 -> 0 | F74: ='IE6'!F74+'IE7'!B74 -> 0 | G74: =SUM(Budget!$B$71:$H$71) -> 0 | H74: =G74-F74 -> 0
A75: =Data!B82 -> 0 | B75: ='CB7'!$BT$38 -> 0 | C75: =Budget!$H$72 -> 0 | D75: =C75-B75 -> 0 | F75: ='IE6'!F75+'IE7'!B75 -> 0 | G75: =SUM(Budget!$B$72:$H$72) -> 0 | H75: =G75-F75 -> 0
A76: =Data!B83 -> 0 | B76: ='CB7'!$BU$38 -> 0 | C76: =Budget!$H$73 -> 0 | D76: =C76-B76 -> 0 | F76: ='IE6'!F76+'IE7'!B76 -> 0 | G76: =SUM(Budget!$B$73:$H$73) -> 0 | H76: =G76-F76 -> 0
A77: =Data!B84 -> 0 | B77: ='CB7'!$BV$38 -> 0 | C77: =Budget!$H$74 -> 0 | D77: =C77-B77 -> 0 | F77: ='IE6'!F77+'IE7'!B77 -> 0 | G77: =SUM(Budget!$B$74:$H$74) -> 0 | H77: =G77-F77 -> 0
A78: =Data!B85 -> 0 | B78: ='CB7'!$BW$38 -> 0 | C78: =Budget!$H$75 -> 0 | D78: =C78-B78 -> 0 | F78: ='IE6'!F78+'IE7'!B78 -> 0 | G78: =SUM(Budget!$B$75:$H$75) -> 0 | H78: =G78-F78 -> 0
A79: =Data!B86 -> 0 | B79: ='CB7'!$BX$38 -> 0 | C79: =Budget!$H$76 -> 0 | D79: =C79-B79 -> 0 | F79: ='IE6'!F79+'IE7'!B79 -> 0 | G79: =SUM(Budget!$B$76:$H$76) -> 0 | H79: =G79-F79 -> 0
A80: =Data!B87 -> 0 | B80: ='CB7'!$BY$38 -> 0 | C80: =Budget!$H$77 -> 0 | D80: =C80-B80 -> 0 | F80: ='IE6'!F80+'IE7'!B80 -> 0 | G80: =SUM(Budget!$B$77:$H$77) -> 0 | H80: =G80-F80 -> 0
A81: =Data!B88 -> 0 | B81: ='CB7'!$BZ$38 -> 0 | C81: =Budget!$H$78 -> 0 | D81: =C81-B81 -> 0 | F81: ='IE6'!F81+'IE7'!B81 -> 0 | G81: =SUM(Budget!$B$78:$H$78) -> 0 | H81: =G81-F81 -> 0
A82: =Data!B89 -> 0 | B82: ='CB7'!$CA$38 -> 0 | C82: =Budget!$H$79 -> 0 | D82: =C82-B82 -> 0 | F82: ='IE6'!F82+'IE7'!B82 -> 0 | G82: =SUM(Budget!$B$79:$H$79) -> 0 | H82: =G82-F82 -> 0
A83: =Data!B90 -> 0 | B83: ='CB7'!$CB$38 -> 0 | C83: =Budget!$H$80 -> 0 | D83: =C83-B83 -> 0 | F83: ='IE6'!F83+'IE7'!B83 -> 0 | G83: =SUM(Budget!$B$80:$H$80) -> 0 | H83: =G83-F83 -> 0
A84: =Data!B91 -> 0 | B84: ='CB7'!$CC$38 -> 0 | C84: =Budget!$H$81 -> 0 | D84: =C84-B84 -> 0 | F84: ='IE6'!F84+'IE7'!B84 -> 0 | G84: =SUM(Budget!$B$81:$H$81) -> 0 | H84: =G84-F84 -> 0
A85: =Data!B92 -> 0 | B85: ='CB7'!$CD$38 -> 0 | C85: =Budget!$H$82 -> 0 | D85: =C85-B85 -> 0 | F85: ='IE6'!F85+'IE7'!B85 -> 0 | G85: =SUM(Budget!$B$82:$H$82) -> 0 | H85: =G85-F85 -> 0
A86: =Data!B93 -> 0 | B86: ='CB7'!$CE$38 -> 0 | C86: =Budget!$H$83 -> 0 | D86: =C86-B86 -> 0 | F86: ='IE6'!F86+'IE7'!B86 -> 0 | G86: =SUM(Budget!$B$83:$H$83) -> 0 | H86: =G86-F86 -> 0
A87: =Data!B94 -> 0 | B87: ='CB7'!$CF$38 -> 0 | C87: =Budget!$H$84 -> 0 | D87: =C87-B87 -> 0 | F87: ='IE6'!F87+'IE7'!B87 -> 0 | G87: =SUM(Budget!$B$84:$H$84) -> 0 | H87: =G87-F87 -> 0
A88: TOTAL EXPENDITURE | B88: =SUM(B43:B87) -> 0 | C88: =SUM(C43:C87) -> 0 | D88: =SUM(D43:D87) -> 0 | F88: =SUM(F43:F87) -> 0 | G88: =SUM(G43:G87) -> 0 | H88: =SUM(H43:H87) -> 0
A90: Surplus / (Deficit) | B90: =B40-B88 -> 0 | C90: =C40-C88 -> 0 | D90: =D40+D88 -> 0 | F90: =F40-F88 -> 0 | G90: =G40-G88 -> 0 | H90: =H40+H88 -> 0

Sheet IE8
A1: =_xlfn.CONCAT(Data!$B$2," Income & Expenditure Account") -> Income & Expenditure Account
A3: Year | B3: =Data!$B$3 -> 0
A4: Month | B4: =Data!B11 -> 0
B7: Actual | C7: Budget | D7: Variance | F7: Actual | G7: Budget | H7: Variance
B8: Month | C8: Month | D8: Month | F8: YTD | G8: YTD | H8: YTD
A9: Income | B9: £ | C9: £ | D9: £ | F9: £ | G9: £ | H9: £ | J9: Reason for Variance above or below 10% of budget | K9: Action Required | L9: Note No.
A10: =Data!$B$18 -> 0 | B10: ='CB8'!$E$38 -> 0 | C10: =Budget!$I$7 -> 0 | D10: =B10-C10 -> 0 | F10: ='IE7'!F10+'IE8'!B10 -> 0 | G10: =SUM(Budget!$B$7:$I$7) -> 0 | H10: =F10-G10 -> 0
A11: =Data!$B$19 -> 0 | B11: ='CB8'!$F$38 -> 0 | C11: =Budget!$I$8 -> 0 | D11: =B11-C11 -> 0 | F11: ='IE7'!F11+'IE8'!B11 -> 0 | G11: =SUM(Budget!$B$8:$I$8) -> 0 | H11: =F11-G11 -> 0
A12: =Data!$B$20 -> 0 | B12: ='CB8'!$G$38 -> 0 | C12: =Budget!$I$9 -> 0 | D12: =B12-C12 -> 0 | F12: ='IE7'!F12+'IE8'!B12 -> 0 | G12: =SUM(Budget!$B$9:$I$9) -> 0 | H12: =F12-G12 -> 0
A13: =Data!$B$21 -> 0 | B13: ='CB8'!$H$38 -> 0 | C13: =Budget!$I$10 -> 0 | D13: =B13-C13 -> 0 | F13: ='IE7'!F13+'IE8'!B13 -> 0 | G13: =SUM(Budget!$B$10:$I$10) -> 0 | H13: =F13-G13 -> 0
A14: =Data!$B$22 -> 0 | B14: ='CB8'!$I$38 -> 0 | C14: =Budget!$I$11 -> 0 | D14: =B14-C14 -> 0 | F14: ='IE7'!F14+'IE8'!B14 -> 0 | G14: =SUM(Budget!$B$11:$I$11) -> 0 | H14: =F14-G14 -> 0
A15: =Data!$B$23 -> 0 | B15: ='CB8'!$J$38 -> 0 | C15: =Budget!$I$12 -> 0 | D15: =B15-C15 -> 0 | F15: ='IE7'!F15+'IE8'!B15 -> 0 | G15: =SUM(Budget!$B$12:$I$12) -> 0 | H15: =F15-G15 -> 0
A16: =Data!$B$24 -> 0 | B16: ='CB8'!$K$38 -> 0 | C16: =Budget!$I$13 -> 0 | D16: =B16-C16 -> 0 | F16: ='IE7'!F16+'IE8'!B16 -> 0 | G16: =SUM(Budget!$B$13:$I$13) -> 0 | H16: =F16-G16 -> 0
A17: =Data!$B$25 -> 0 | B17: ='CB8'!$L$38 -> 0 | C17: =Budget!$I$14 -> 0 | D17: =B17-C17 -> 0 | F17: ='IE7'!F17+'IE8'!B17 -> 0 | G17: =SUM(Budget!$B$14:$I$14) -> 0 | H17: =F17-G17 -> 0
A18: =Data!$B$26 -> 0 | B18: ='CB8'!$M$38 -> 0 | C18: =Budget!$I$15 -> 0 | D18: =B18-C18 -> 0 | F18: ='IE7'!F18+'IE8'!B18 -> 0 | G18: =SUM(Budget!$B$15:$I$15) -> 0 | H18: =F18-G18 -> 0
A19: =Data!$B$27 -> 0 | B19: ='CB8'!$N$38 -> 0 | C19: =Budget!$I$16 -> 0 | D19: =B19-C19 -> 0 | F19: ='IE7'!F19+'IE8'!B19 -> 0 | G19: =SUM(Budget!$B$16:$I$16) -> 0 | H19: =F19-G19 -> 0
A20: =Data!$B$28 -> 0 | B20: ='CB8'!$O$38 -> 0 | C20: =Budget!$I$17 -> 0 | D20: =B20-C20 -> 0 | F20: ='IE7'!F20+'IE8'!B20 -> 0 | G20: =SUM(Budget!$B$17:$I$17) -> 0 | H20: =F20-G20 -> 0
A21: =Data!$B$29 -> 0 | B21: ='CB8'!$P$38 -> 0 | C21: =Budget!$I$18 -> 0 | D21: =B21-C21 -> 0 | F21: ='IE7'!F21+'IE8'!B21 -> 0 | G21: =SUM(Budget!$B$18:$I$18) -> 0 | H21: =F21-G21 -> 0
A22: =Data!$B$30 -> 0 | B22: ='CB8'!$Q$38 -> 0 | C22: =Budget!$I$19 -> 0 | D22: =B22-C22 -> 0 | F22: ='IE7'!F22+'IE8'!B22 -> 0 | G22: =SUM(Budget!$B$19:$I$19) -> 0 | H22: =F22-G22 -> 0
A23: =Data!$B$31 -> 0 | B23: ='CB8'!$R$38 -> 0 | C23: =Budget!$I$20 -> 0 | D23: =B23-C23 -> 0 | F23: ='IE7'!F23+'IE8'!B23 -> 0 | G23: =SUM(Budget!$B$20:$I$20) -> 0 | H23: =F23-G23 -> 0
A24: =Data!$B$32 -> 0 | B24: ='CB8'!$S$38 -> 0 | C24: =Budget!$I$21 -> 0 | D24: =B24-C24 -> 0 | F24: ='IE7'!F24+'IE8'!B24 -> 0 | G24: =SUM(Budget!$B$21:$I$21) -> 0 | H24: =F24-G24 -> 0
A25: =Data!$B$33 -> 0 | B25: ='CB8'!$T$38 -> 0 | C25: =Budget!$I$22 -> 0 | D25: =B25-C25 -> 0 | F25: ='IE7'!F25+'IE8'!B25 -> 0 | G25: =SUM(Budget!$B$22:$I$22) -> 0 | H25: =F25-G25 -> 0
A26: =Data!$B$34 -> 0 | B26: ='CB8'!$U$38 -> 0 | C26: =Budget!$I$23 -> 0 | D26: =B26-C26 -> 0 | F26: ='IE7'!F26+'IE8'!B26 -> 0 | G26: =SUM(Budget!$B$23:$I$23) -> 0 | H26: =F26-G26 -> 0
A27: =Data!$B$35 -> 0 | B27: ='CB8'!$V$38 -> 0 | C27: =Budget!$I$24 -> 0 | D27: =B27-C27 -> 0 | F27: ='IE7'!F27+'IE8'!B27 -> 0 | G27: =SUM(Budget!$B$24:$I$24) -> 0 | H27: =F27-G27 -> 0
A28: =Data!$B$36 -> 0 | B28: ='CB8'!$W$38 -> 0 | C28: =Budget!$I$25 -> 0 | D28: =B28-C28 -> 0 | F28: ='IE7'!F28+'IE8'!B28 -> 0 | G28: =SUM(Budget!$B$25:$I$25) -> 0 | H28: =F28-G28 -> 0
A29: =Data!$B$37 -> 0 | B29: ='CB8'!$X$38 -> 0 | C29: =Budget!$I$26 -> 0 | D29: =B29-C29 -> 0 | F29: ='IE7'!F29+'IE8'!B29 -> 0 | G29: =SUM(Budget!$B$26:$I$26) -> 0 | H29: =F29-G29 -> 0
A30: =Data!$B$38 -> 0 | B30: ='CB8'!$Y$38 -> 0 | C30: =Budget!$I$27 -> 0 | D30: =B30-C30 -> 0 | F30: ='IE7'!F30+'IE8'!B30 -> 0 | G30: =SUM(Budget!$B$27:$I$27) -> 0 | H30: =F30-G30 -> 0
A31: =Data!$B$39 -> 0 | B31: ='CB8'!$Z$38 -> 0 | C31: =Budget!$I$28 -> 0 | D31: =B31-C31 -> 0 | F31: ='IE7'!F31+'IE8'!B31 -> 0 | G31: =SUM(Budget!$B$28:$I$28) -> 0 | H31: =F31-G31 -> 0
A32: =Data!$B$40 -> 0 | B32: ='CB8'!$AA$38 -> 0 | C32: =Budget!$I$29 -> 0 | D32: =B32-C32 -> 0 | F32: ='IE7'!F32+'IE8'!B32 -> 0 | G32: =SUM(Budget!$B$29:$I$29) -> 0 | H32: =F32-G32 -> 0
A33: =Data!$B$41 -> 0 | B33: ='CB8'!$AB$38 -> 0 | C33: =Budget!$I$30 -> 0 | D33: =B33-C33 -> 0 | F33: ='IE7'!F33+'IE8'!B33 -> 0 | G33: =SUM(Budget!$B$30:$I$30) -> 0 | H33: =F33-G33 -> 0
A34: =Data!$B$42 -> 0 | B34: ='CB8'!$AC$38 -> 0 | C34: =Budget!$I$31 -> 0 | D34: =B34-C34 -> 0 | F34: ='IE7'!F34+'IE8'!B34 -> 0 | G34: =SUM(Budget!$B$31:$I$31) -> 0 | H34: =F34-G34 -> 0
A35: =Data!$B$43 -> 0 | B35: ='CB8'!$AD$38 -> 0 | C35: =Budget!$I$32 -> 0 | D35: =B35-C35 -> 0 | F35: ='IE7'!F35+'IE8'!B35 -> 0 | G35: =SUM(Budget!$B$32:$I$32) -> 0 | H35: =F35-G35 -> 0
A36: =Data!$B$44 -> 0 | B36: ='CB8'!$AE$38 -> 0 | C36: =Budget!$I$33 -> 0 | D36: =B36-C36 -> 0 | F36: ='IE7'!F36+'IE8'!B36 -> 0 | G36: =SUM(Budget!$B$33:$I$33) -> 0 | H36: =F36-G36 -> 0
A37: =Data!$B$45 -> 0 | B37: ='CB8'!$AF$38 -> 0 | C37: =Budget!$I$34 -> 0 | D37: =B37-C37 -> 0 | F37: ='IE7'!F37+'IE8'!B37 -> 0 | G37: =SUM(Budget!$B$34:$I$34) -> 0 | H37: =F37-G37 -> 0
A38: =Data!$B$46 -> 0 | B38: ='CB8'!$AG$38 -> 0 | C38: =Budget!$I$35 -> 0 | D38: =B38-C38 -> 0 | F38: ='IE7'!F38+'IE8'!B38 -> 0 | G38: =SUM(Budget!$B$35:$I$35) -> 0 | H38: =F38-G38 -> 0
A39: =Data!$B$47 -> 0 | B39: ='CB8'!$AH$38 -> 0 | C39: =Budget!$I$36 -> 0 | D39: =B39-C39 -> 0 | F39: ='IE7'!F39+'IE8'!B39 -> 0 | G39: =SUM(Budget!$B$36:$I$36) -> 0 | H39: =F39-G39 -> 0
A40: TOTAL INCOME | B40: =SUM(B10:B39) -> 0 | C40: =SUM(C10:C39) -> 0 | D40: =SUM(D10:D39) -> 0 | F40: =SUM(F10:F39) -> 0 | G40: =SUM(G10:G39) -> 0 | H40: =SUM(H10:H39) -> 0
A42: Expenditure
A43: =Data!$B$50 -> 0 | B43: ='CB8'!$AN$38 -> 0 | C43: =Budget!$I$40 -> 0 | D43: =C43-B43 -> 0 | F43: ='IE7'!F43+'IE8'!B43 -> 0 | G43: =SUM(Budget!$B$40:$I$40) -> 0 | H43: =G43-F43 -> 0
A44: =Data!$B$51 -> 0 | B44: ='CB8'!$AO$38 -> 0 | C44: =Budget!$I$41 -> 0 | D44: =C44-B44 -> 0 | F44: ='IE7'!F44+'IE8'!B44 -> 0 | G44: =SUM(Budget!$B$41:$I$41) -> 0 | H44: =G44-F44 -> 0
A45: =Data!$B$52 -> 0 | B45: ='CB8'!$AP$38 -> 0 | C45: =Budget!$I$42 -> 0 | D45: =C45-B45 -> 0 | F45: ='IE7'!F45+'IE8'!B45 -> 0 | G45: =SUM(Budget!$B$42:$I$42) -> 0 | H45: =G45-F45 -> 0
A46: =Data!$B$53 -> 0 | B46: ='CB8'!$AQ$38 -> 0 | C46: =Budget!$I$43 -> 0 | D46: =C46-B46 -> 0 | F46: ='IE7'!F46+'IE8'!B46 -> 0 | G46: =SUM(Budget!$B$43:$I$43) -> 0 | H46: =G46-F46 -> 0
A47: =Data!$B$54 -> 0 | B47: ='CB8'!$AR$38 -> 0 | C47: =Budget!$I$44 -> 0 | D47: =C47-B47 -> 0 | F47: ='IE7'!F47+'IE8'!B47 -> 0 | G47: =SUM(Budget!$B$44:$I$44) -> 0 | H47: =G47-F47 -> 0
A48: =Data!$B$55 -> 0 | B48: ='CB8'!$AS$38 -> 0 | C48: =Budget!$I$45 -> 0 | D48: =C48-B48 -> 0 | F48: ='IE7'!F48+'IE8'!B48 -> 0 | G48: =SUM(Budget!$B$45:$I$45) -> 0 | H48: =G48-F48 -> 0
A49: =Data!$B$56 -> 0 | B49: ='CB8'!$AT$38 -> 0 | C49: =Budget!$I$46 -> 0 | D49: =C49-B49 -> 0 | F49: ='IE7'!F49+'IE8'!B49 -> 0 | G49: =SUM(Budget!$B$46:$I$46) -> 0 | H49: =G49-F49 -> 0
A50: =Data!$B$57 -> 0 | B50: ='CB8'!$AU$38 -> 0 | C50: =Budget!$I$47 -> 0 | D50: =C50-B50 -> 0 | F50: ='IE7'!F50+'IE8'!B50 -> 0 | G50: =SUM(Budget!$B$47:$I$47) -> 0 | H50: =G50-F50 -> 0
A51: =Data!$B$58 -> 0 | B51: ='CB8'!$AV$38 -> 0 | C51: =Budget!$I$48 -> 0 | D51: =C51-B51 -> 0 | F51: ='IE7'!F51+'IE8'!B51 -> 0 | G51: =SUM(Budget!$B$48:$I$48) -> 0 | H51: =G51-F51 -> 0
A52: =Data!$B$59 -> 0 | B52: ='CB8'!$AW$38 -> 0 | C52: =Budget!$I$49 -> 0 | D52: =C52-B52 -> 0 | F52: ='IE7'!F52+'IE8'!B52 -> 0 | G52: =SUM(Budget!$B$49:$I$49) -> 0 | H52: =G52-F52 -> 0
A53: =Data!$B$60 -> 0 | B53: ='CB8'!$AX$38 -> 0 | C53: =Budget!$I$50 -> 0 | D53: =C53-B53 -> 0 | F53: ='IE7'!F53+'IE8'!B53 -> 0 | G53: =SUM(Budget!$B$50:$I$50) -> 0 | H53: =G53-F53 -> 0
A54: =Data!$B$61 -> 0 | B54: ='CB8'!$AY$38 -> 0 | C54: =Budget!$I$51 -> 0 | D54: =C54-B54 -> 0 | F54: ='IE7'!F54+'IE8'!B54 -> 0 | G54: =SUM(Budget!$B$51:$I$51) -> 0 | H54: =G54-F54 -> 0
A55: =Data!$B$62 -> 0 | B55: ='CB8'!$AZ$38 -> 0 | C55: =Budget!$I$52 -> 0 | D55: =C55-B55 -> 0 | F55: ='IE7'!F55+'IE8'!B55 -> 0 | G55: =SUM(Budget!$B$52:$I$52) -> 0 | H55: =G55-F55 -> 0
A56: =Data!$B$63 -> 0 | B56: ='CB8'!$BA$38 -> 0 | C56: =Budget!$I$53 -> 0 | D56: =C56-B56 -> 0 | F56: ='IE7'!F56+'IE8'!B56 -> 0 | G56: =SUM(Budget!$B$53:$I$53) -> 0 | H56: =G56-F56 -> 0
A57: =Data!B64 -> 0 | B57: ='CB8'!$BB$38 -> 0 | C57: =Budget!$I$54 -> 0 | D57: =C57-B57 -> 0 | F57: ='IE7'!F57+'IE8'!B57 -> 0 | G57: =SUM(Budget!$B$54:$I$54) -> 0 | H57: =G57-F57 -> 0
A58: =Data!B65 -> 0 | B58: ='CB8'!$BC$38 -> 0 | C58: =Budget!$I$55 -> 0 | D58: =C58-B58 -> 0 | F58: ='IE7'!F58+'IE8'!B58 -> 0 | G58: =SUM(Budget!$B$55:$I$55) -> 0 | H58: =G58-F58 -> 0
A59: =Data!B66 -> 0 | B59: ='CB8'!$BD$38 -> 0 | C59: =Budget!$I$56 -> 0 | D59: =C59-B59 -> 0 | F59: ='IE7'!F59+'IE8'!B59 -> 0 | G59: =SUM(Budget!$B$56:$I$56) -> 0 | H59: =G59-F59 -> 0
A60: =Data!B67 -> 0 | B60: ='CB8'!$BE$38 -> 0 | C60: =Budget!$I$57 -> 0 | D60: =C60-B60 -> 0 | F60: ='IE7'!F60+'IE8'!B60 -> 0 | G60: =SUM(Budget!$B$57:$I$57) -> 0 | H60: =G60-F60 -> 0
A61: =Data!B68 -> 0 | B61: ='CB8'!$BF$38 -> 0 | C61: =Budget!$I$58 -> 0 | D61: =C61-B61 -> 0 | F61: ='IE7'!F61+'IE8'!B61 -> 0 | G61: =SUM(Budget!$B$58:$I$58) -> 0 | H61: =G61-F61 -> 0
A62: =Data!B69 -> 0 | B62: ='CB8'!$BG$38 -> 0 | C62: =Budget!$I$59 -> 0 | D62: =C62-B62 -> 0 | F62: ='IE7'!F62+'IE8'!B62 -> 0 | G62: =SUM(Budget!$B$59:$I$59) -> 0 | H62: =G62-F62 -> 0
A63: =Data!B70 -> 0 | B63: ='CB8'!$BH$38 -> 0 | C63: =Budget!$I$60 -> 0 | D63: =C63-B63 -> 0 | F63: ='IE7'!F63+'IE8'!B63 -> 0 | G63: =SUM(Budget!$B$60:$I$60) -> 0 | H63: =G63-F63 -> 0
A64: =Data!B71 -> 0 | B64: ='CB8'!$BI$38 -> 0 | C64: =Budget!$I$61 -> 0 | D64: =C64-B64 -> 0 | F64: ='IE7'!F64+'IE8'!B64 -> 0 | G64: =SUM(Budget!$B$61:$I$61) -> 0 | H64: =G64-F64 -> 0
A65: =Data!B72 -> 0 | B65: ='CB8'!$BJ$38 -> 0 | C65: =Budget!$I$62 -> 0 | D65: =C65-B65 -> 0 | F65: ='IE7'!F65+'IE8'!B65 -> 0 | G65: =SUM(Budget!$B$62:$I$62) -> 0 | H65: =G65-F65 -> 0
A66: =Data!B73 -> 0 | B66: ='CB8'!$BK$38 -> 0 | C66: =Budget!$I$63 -> 0 | D66: =C66-B66 -> 0 | F66: ='IE7'!F66+'IE8'!B66 -> 0 | G66: =SUM(Budget!$B$63:$I$63) -> 0 | H66: =G66-F66 -> 0
A67: =Data!B74 -> 0 | B67: ='CB8'!$BL$38 -> 0 | C67: =Budget!$I$64 -> 0 | D67: =C67-B67 -> 0 | F67: ='IE7'!F67+'IE8'!B67 -> 0 | G67: =SUM(Budget!$B$64:$I$64) -> 0 | H67: =G67-F67 -> 0
A68: =Data!B75 -> 0 | B68: ='CB8'!$BM$38 -> 0 | C68: =Budget!$I$65 -> 0 | D68: =C68-B68 -> 0 | F68: ='IE7'!F68+'IE8'!B68 -> 0 | G68: =SUM(Budget!$B$65:$I$65) -> 0 | H68: =G68-F68 -> 0
A69: =Data!B76 -> 0 | B69: ='CB8'!$BN$38 -> 0 | C69: =Budget!$I$66 -> 0 | D69: =C69-B69 -> 0 | F69: ='IE7'!F69+'IE8'!B69 -> 0 | G69: =SUM(Budget!$B$66:$I$66) -> 0 | H69: =G69-F69 -> 0
A70: =Data!B77 -> 0 | B70: ='CB8'!BO$38 -> 0 | C70: =Budget!$I$67 -> 0 | D70: =C70-B70 -> 0 | F70: ='IE7'!F70+'IE8'!B70 -> 0 | G70: =SUM(Budget!$B$67:$I$67) -> 0 | H70: =G70-F70 -> 0
A71: =Data!B78 -> 0 | B71: ='CB8'!$BP$38 -> 0 | C71: =Budget!$I$68 -> 0 | D71: =C71-B71 -> 0 | F71: ='IE7'!F71+'IE8'!B71 -> 0 | G71: =SUM(Budget!$B$68:$I$68) -> 0 | H71: =G71-F71 -> 0
A72: =Data!B79 -> 0 | B72: ='CB8'!$BQ$38 -> 0 | C72: =Budget!$I$69 -> 0 | D72: =C72-B72 -> 0 | F72: ='IE7'!F72+'IE8'!B72 -> 0 | G72: =SUM(Budget!$B$69:$I$69) -> 0 | H72: =G72-F72 -> 0
A73: =Data!B80 -> 0 | B73: ='CB8'!$BR$38 -> 0 | C73: =Budget!$I$70 -> 0 | D73: =C73-B73 -> 0 | F73: ='IE7'!F73+'IE8'!B73 -> 0 | G73: =SUM(Budget!$B$70:$I$70) -> 0 | H73: =G73-F73 -> 0
A74: =Data!B81 -> 0 | B74: ='CB8'!$BS$38 -> 0 | C74: =Budget!$I$71 -> 0 | D74: =C74-B74 -> 0 | F74: ='IE7'!F74+'IE8'!B74 -> 0 | G74: =SUM(Budget!$B$71:$I$71) -> 0 | H74: =G74-F74 -> 0
A75: =Data!B82 -> 0 | B75: ='CB8'!$BT$38 -> 0 | C75: =Budget!$I$72 -> 0 | D75: =C75-B75 -> 0 | F75: ='IE7'!F75+'IE8'!B75 -> 0 | G75: =SUM(Budget!$B$72:$I$72) -> 0 | H75: =G75-F75 -> 0
A76: =Data!B83 -> 0 | B76: ='CB8'!$BU$38 -> 0 | C76: =Budget!$I$73 -> 0 | D76: =C76-B76 -> 0 | F76: ='IE7'!F76+'IE8'!B76 -> 0 | G76: =SUM(Budget!$B$73:$I$73) -> 0 | H76: =G76-F76 -> 0
A77: =Data!B84 -> 0 | B77: ='CB8'!$BV$38 -> 0 | C77: =Budget!$I$74 -> 0 | D77: =C77-B77 -> 0 | F77: ='IE7'!F77+'IE8'!B77 -> 0 | G77: =SUM(Budget!$B$74:$I$74) -> 0 | H77: =G77-F77 -> 0
A78: =Data!B85 -> 0 | B78: ='CB8'!$BW$38 -> 0 | C78: =Budget!$I$75 -> 0 | D78: =C78-B78 -> 0 | F78: ='IE7'!F78+'IE8'!B78 -> 0 | G78: =SUM(Budget!$B$75:$I$75) -> 0 | H78: =G78-F78 -> 0
A79: =Data!B86 -> 0 | B79: ='CB8'!$BX$38 -> 0 | C79: =Budget!$I$76 -> 0 | D79: =C79-B79 -> 0 | F79: ='IE7'!F79+'IE8'!B79 -> 0 | G79: =SUM(Budget!$B$76:$I$76) -> 0 | H79: =G79-F79 -> 0
A80: =Data!B87 -> 0 | B80: ='CB8'!$BY$38 -> 0 | C80: =Budget!$I$77 -> 0 | D80: =C80-B80 -> 0 | F80: ='IE7'!F80+'IE8'!B80 -> 0 | G80: =SUM(Budget!$B$77:$I$77) -> 0 | H80: =G80-F80 -> 0
A81: =Data!B88 -> 0 | B81: ='CB8'!$BZ$38 -> 0 | C81: =Budget!$I$78 -> 0 | D81: =C81-B81 -> 0 | F81: ='IE7'!F81+'IE8'!B81 -> 0 | G81: =SUM(Budget!$B$78:$I$78) -> 0 | H81: =G81-F81 -> 0
A82: =Data!B89 -> 0 | B82: ='CB8'!$CA$38 -> 0 | C82: =Budget!$I$79 -> 0 | D82: =C82-B82 -> 0 | F82: ='IE7'!F82+'IE8'!B82 -> 0 | G82: =SUM(Budget!$B$79:$I$79) -> 0 | H82: =G82-F82 -> 0
A83: =Data!B90 -> 0 | B83: ='CB8'!$CB$38 -> 0 | C83: =Budget!$I$80 -> 0 | D83: =C83-B83 -> 0 | F83: ='IE7'!F83+'IE8'!B83 -> 0 | G83: =SUM(Budget!$B$80:$I$80) -> 0 | H83: =G83-F83 -> 0
A84: =Data!B91 -> 0 | B84: ='CB8'!$CC$38 -> 0 | C84: =Budget!$I$81 -> 0 | D84: =C84-B84 -> 0 | F84: ='IE7'!F84+'IE8'!B84 -> 0 | G84: =SUM(Budget!$B$81:$I$81) -> 0 | H84: =G84-F84 -> 0
A85: =Data!B92 -> 0 | B85: ='CB8'!$CD$38 -> 0 | C85: =Budget!$I$82 -> 0 | D85: =C85-B85 -> 0 | F85: ='IE7'!F85+'IE8'!B85 -> 0 | G85: =SUM(Budget!$B$82:$I$82) -> 0 | H85: =G85-F85 -> 0
A86: =Data!B93 -> 0 | B86: ='CB8'!$CE$38 -> 0 | C86: =Budget!$I$83 -> 0 | D86: =C86-B86 -> 0 | F86: ='IE7'!F86+'IE8'!B86 -> 0 | G86: =SUM(Budget!$B$83:$I$83) -> 0 | H86: =G86-F86 -> 0
A87: =Data!B94 -> 0 | B87: ='CB8'!$CF$38 -> 0 | C87: =Budget!$I$84 -> 0 | D87: =C87-B87 -> 0 | F87: ='IE7'!F87+'IE8'!B87 -> 0 | G87: =SUM(Budget!$B$84:$I$84) -> 0 | H87: =G87-F87 -> 0
A88: TOTAL EXPENDITURE | B88: =SUM(B43:B87) -> 0 | C88: =SUM(C43:C87) -> 0 | D88: =SUM(D43:D87) -> 0 | F88: =SUM(F43:F87) -> 0 | G88: =SUM(G43:G87) -> 0 | H88: =SUM(H43:H87) -> 0
A90: Surplus / (Deficit) | B90: =B40-B88 -> 0 | C90: =C40-C88 -> 0 | D90: =D40+D88 -> 0 | F90: =F40-F88 -> 0 | G90: =G40-G88 -> 0 | H90: =H40+H88 -> 0

Sheet IE9
A1: =_xlfn.CONCAT(Data!$B$2," Income & Expenditure Account") -> Income & Expenditure Account
A3: Year | B3: =Data!$B$3 -> 0
A4: Month | B4: =Data!B12 -> 0
B7: Actual | C7: Budget | D7: Variance | F7: Actual | G7: Budget | H7: Variance
B8: Month | C8: Month | D8: Month | F8: YTD | G8: YTD | H8: YTD
A9: Income | B9: £ | C9: £ | D9: £ | F9: £ | G9: £ | H9: £ | J9: Reason for Variance above or below 10% of budget | K9: Action Required | L9: Note No.
A10: =Data!$B$18 -> 0 | B10: ='CB9'!$E$38 -> 0 | C10: =Budget!$J$7 -> 0 | D10: =B10-C10 -> 0 | F10: ='IE8'!F10+'IE9'!B10 -> 0 | G10: =SUM(Budget!$B$7:$J$7) -> 0 | H10: =F10-G10 -> 0
A11: =Data!$B$19 -> 0 | B11: ='CB9'!$F$38 -> 0 | C11: =Budget!$J$8 -> 0 | D11: =B11-C11 -> 0 | F11: ='IE8'!F11+'IE9'!B11 -> 0 | G11: =SUM(Budget!$B$8:$J$8) -> 0 | H11: =F11-G11 -> 0
A12: =Data!$B$20 -> 0 | B12: ='CB9'!$G$38 -> 0 | C12: =Budget!$J$9 -> 0 | D12: =B12-C12 -> 0 | F12: ='IE8'!F12+'IE9'!B12 -> 0 | G12: =SUM(Budget!$B$9:$J$9) -> 0 | H12: =F12-G12 -> 0
A13: =Data!$B$21 -> 0 | B13: ='CB9'!$H$38 -> 0 | C13: =Budget!$J$10 -> 0 | D13: =B13-C13 -> 0 | F13: ='IE8'!F13+'IE9'!B13 -> 0 | G13: =SUM(Budget!$B$10:$J$10) -> 0 | H13: =F13-G13 -> 0
A14: =Data!$B$22 -> 0 | B14: ='CB9'!$I$38 -> 0 | C14: =Budget!$J$11 -> 0 | D14: =B14-C14 -> 0 | F14: ='IE8'!F14+'IE9'!B14 -> 0 | G14: =SUM(Budget!$B$11:$J$11) -> 0 | H14: =F14-G14 -> 0
A15: =Data!$B$23 -> 0 | B15: ='CB9'!$J$38 -> 0 | C15: =Budget!$J$12 -> 0 | D15: =B15-C15 -> 0 | F15: ='IE8'!F15+'IE9'!B15 -> 0 | G15: =SUM(Budget!$B$12:$J$12) -> 0 | H15: =F15-G15 -> 0
A16: =Data!$B$24 -> 0 | B16: ='CB9'!$K$38 -> 0 | C16: =Budget!$J$13 -> 0 | D16: =B16-C16 -> 0 | F16: ='IE8'!F16+'IE9'!B16 -> 0 | G16: =SUM(Budget!$B$13:$J$13) -> 0 | H16: =F16-G16 -> 0
A17: =Data!$B$25 -> 0 | B17: ='CB9'!$L$38 -> 0 | C17: =Budget!$J$14 -> 0 | D17: =B17-C17 -> 0 | F17: ='IE8'!F17+'IE9'!B17 -> 0 | G17: =SUM(Budget!$B$14:$J$14) -> 0 | H17: =F17-G17 -> 0
A18: =Data!$B$26 -> 0 | B18: ='CB9'!$M$38 -> 0 | C18: =Budget!$J$15 -> 0 | D18: =B18-C18 -> 0 | F18: ='IE8'!F18+'IE9'!B18 -> 0 | G18: =SUM(Budget!$B$15:$J$15) -> 0 | H18: =F18-G18 -> 0
A19: =Data!$B$27 -> 0 | B19: ='CB9'!$N$38 -> 0 | C19: =Budget!$J$16 -> 0 | D19: =B19-C19 -> 0 | F19: ='IE8'!F19+'IE9'!B19 -> 0 | G19: =SUM(Budget!$B$16:$J$16) -> 0 | H19: =F19-G19 -> 0
A20: =Data!$B$28 -> 0 | B20: ='CB9'!$O$38 -> 0 | C20: =Budget!$J$17 -> 0 | D20: =B20-C20 -> 0 | F20: ='IE8'!F20+'IE9'!B20 -> 0 | G20: =SUM(Budget!$B$17:$J$17) -> 0 | H20: =F20-G20 -> 0
A21: =Data!$B$29 -> 0 | B21: ='CB9'!$P$38 -> 0 | C21: =Budget!$J$18 -> 0 | D21: =B21-C21 -> 0 | F21: ='IE8'!F21+'IE9'!B21 -> 0 | G21: =SUM(Budget!$B$18:$J$18) -> 0 | H21: =F21-G21 -> 0
A22: =Data!$B$30 -> 0 | B22: ='CB9'!$Q$38 -> 0 | C22: =Budget!$J$19 -> 0 | D22: =B22-C22 -> 0 | F22: ='IE8'!F22+'IE9'!B22 -> 0 | G22: =SUM(Budget!$B$19:$J$19) -> 0 | H22: =F22-G22 -> 0
A23: =Data!$B$31 -> 0 | B23: ='CB9'!$R$38 -> 0 | C23: =Budget!$J$20 -> 0 | D23: =B23-C23 -> 0 | F23: ='IE8'!F23+'IE9'!B23 -> 0 | G23: =SUM(Budget!$B$20:$J$20) -> 0 | H23: =F23-G23 -> 0
A24: =Data!$B$32 -> 0 | B24: ='CB9'!$S$38 -> 0 | C24: =Budget!$J$21 -> 0 | D24: =B24-C24 -> 0 | F24: ='IE8'!F24+'IE9'!B24 -> 0 | G24: =SUM(Budget!$B$21:$J$21) -> 0 | H24: =F24-G24 -> 0
A25: =Data!$B$33 -> 0 | B25: ='CB9'!$T$38 -> 0 | C25: =Budget!$J$22 -> 0 | D25: =B25-C25 -> 0 | F25: ='IE8'!F25+'IE9'!B25 -> 0 | G25: =SUM(Budget!$B$22:$J$22) -> 0 | H25: =F25-G25 -> 0
A26: =Data!$B$34 -> 0 | B26: ='CB9'!$U$38 -> 0 | C26: =Budget!$J$23 -> 0 | D26: =B26-C26 -> 0 | F26: ='IE8'!F26+'IE9'!B26 -> 0 | G26: =SUM(Budget!$B$23:$J$23) -> 0 | H26: =F26-G26 -> 0
A27: =Data!$B$35 -> 0 | B27: ='CB9'!$V$38 -> 0 | C27: =Budget!$J$24 -> 0 | D27: =B27-C27 -> 0 | F27: ='IE8'!F27+'IE9'!B27 -> 0 | G27: =SUM(Budget!$B$24:$J$24) -> 0 | H27: =F27-G27 -> 0
A28: =Data!$B$36 -> 0 | B28: ='CB9'!$W$38 -> 0 | C28: =Budget!$J$25 -> 0 | D28: =B28-C28 -> 0 | F28: ='IE8'!F28+'IE9'!B28 -> 0 | G28: =SUM(Budget!$B$25:$J$25) -> 0 | H28: =F28-G28 -> 0
A29: =Data!$B$37 -> 0 | B29: ='CB9'!$X$38 -> 0 | C29: =Budget!$J$26 -> 0 | D29: =B29-C29 -> 0 | F29: ='IE8'!F29+'IE9'!B29 -> 0 | G29: =SUM(Budget!$B$26:$J$26) -> 0 | H29: =F29-G29 -> 0
A30: =Data!$B$38 -> 0 | B30: ='CB9'!$Y$38 -> 0 | C30: =Budget!$J$27 -> 0 | D30: =B30-C30 -> 0 | F30: ='IE8'!F30+'IE9'!B30 -> 0 | G30: =SUM(Budget!$B$27:$J$27) -> 0 | H30: =F30-G30 -> 0
A31: =Data!$B$39 -> 0 | B31: ='CB9'!$Z$38 -> 0 | C31: =Budget!$J$28 -> 0 | D31: =B31-C31 -> 0 | F31: ='IE8'!F31+'IE9'!B31 -> 0 | G31: =SUM(Budget!$B$28:$J$28) -> 0 | H31: =F31-G31 -> 0
A32: =Data!$B$40 -> 0 | B32: ='CB9'!$AA$38 -> 0 | C32: =Budget!$J$29 -> 0 | D32: =B32-C32 -> 0 | F32: ='IE8'!F32+'IE9'!B32 -> 0 | G32: =SUM(Budget!$B$29:$J$29) -> 0 | H32: =F32-G32 -> 0
A33: =Data!$B$41 -> 0 | B33: ='CB9'!$AB$38 -> 0 | C33: =Budget!$J$30 -> 0 | D33: =B33-C33 -> 0 | F33: ='IE8'!F33+'IE9'!B33 -> 0 | G33: =SUM(Budget!$B$30:$J$30) -> 0 | H33: =F33-G33 -> 0
A34: =Data!$B$42 -> 0 | B34: ='CB9'!$AC$38 -> 0 | C34: =Budget!$J$31 -> 0 | D34: =B34-C34 -> 0 | F34: ='IE8'!F34+'IE9'!B34 -> 0 | G34: =SUM(Budget!$B$31:$J$31) -> 0 | H34: =F34-G34 -> 0
A35: =Data!$B$43 -> 0 | B35: ='CB9'!$AD$38 -> 0 | C35: =Budget!$J$32 -> 0 | D35: =B35-C35 -> 0 | F35: ='IE8'!F35+'IE9'!B35 -> 0 | G35: =SUM(Budget!$B$32:$J$32) -> 0 | H35: =F35-G35 -> 0
A36: =Data!$B$44 -> 0 | B36: ='CB9'!$AE$38 -> 0 | C36: =Budget!$J$33 -> 0 | D36: =B36-C36 -> 0 | F36: ='IE8'!F36+'IE9'!B36 -> 0 | G36: =SUM(Budget!$B$33:$J$33) -> 0 | H36: =F36-G36 -> 0
A37: =Data!$B$45 -> 0 | B37: ='CB9'!$AF$38 -> 0 | C37: =Budget!$J$34 -> 0 | D37: =B37-C37 -> 0 | F37: ='IE8'!F37+'IE9'!B37 -> 0 | G37: =SUM(Budget!$B$34:$J$34) -> 0 | H37: =F37-G37 -> 0
A38: =Data!$B$46 -> 0 | B38: ='CB9'!$AG$38 -> 0 | C38: =Budget!$J$35 -> 0 | D38: =B38-C38 -> 0 | F38: ='IE8'!F38+'IE9'!B38 -> 0 | G38: =SUM(Budget!$B$35:$J$35) -> 0 | H38: =F38-G38 -> 0
A39: =Data!$B$47 -> 0 | B39: ='CB9'!$AH$38 -> 0 | C39: =Budget!$J$36 -> 0 | D39: =B39-C39 -> 0 | F39: ='IE8'!F39+'IE9'!B39 -> 0 | G39: =SUM(Budget!$B$36:$J$36) -> 0 | H39: =F39-G39 -> 0
A40: TOTAL INCOME | B40: =SUM(B10:B39) -> 0 | C40: =SUM(C10:C39) -> 0 | D40: =SUM(D10:D39) -> 0 | F40: =SUM(F10:F39) -> 0 | G40: =SUM(G10:G39) -> 0 | H40: =SUM(H10:H39) -> 0
A42: Expenditure
A43: =Data!$B$50 -> 0 | B43: ='CB9'!$AN$38 -> 0 | C43: =Budget!$J$40 -> 0 | D43: =C43-B43 -> 0 | F43: ='IE8'!F43+'IE9'!B43 -> 0 | G43: =SUM(Budget!$B$40:$J$40) -> 0 | H43: =G43-F43 -> 0
A44: =Data!$B$51 -> 0 | B44: ='CB9'!$AO$38 -> 0 | C44: =Budget!$J$41 -> 0 | D44: =C44-B44 -> 0 | F44: ='IE8'!F44+'IE9'!B44 -> 0 | G44: =SUM(Budget!$B$41:$J$41) -> 0 | H44: =G44-F44 -> 0
A45: =Data!$B$52 -> 0 | B45: ='CB9'!$AP$38 -> 0 | C45: =Budget!$J$42 -> 0 | D45: =C45-B45 -> 0 | F45: ='IE8'!F45+'IE9'!B45 -> 0 | G45: =SUM(Budget!$B$42:$J$42) -> 0 | H45: =G45-F45 -> 0
A46: =Data!$B$53 -> 0 | B46: ='CB9'!$AQ$38 -> 0 | C46: =Budget!$J$43 -> 0 | D46: =C46-B46 -> 0 | F46: ='IE8'!F46+'IE9'!B46 -> 0 | G46: =SUM(Budget!$B$43:$J$43) -> 0 | H46: =G46-F46 -> 0
A47: =Data!$B$54 -> 0 | B47: ='CB9'!$AR$38 -> 0 | C47: =Budget!$J$44 -> 0 | D47: =C47-B47 -> 0 | F47: ='IE8'!F47+'IE9'!B47 -> 0 | G47: =SUM(Budget!$B$44:$J$44) -> 0 | H47: =G47-F47 -> 0
A48: =Data!$B$55 -> 0 | B48: ='CB9'!$AS$38 -> 0 | C48: =Budget!$J$45 -> 0 | D48: =C48-B48 -> 0 | F48: ='IE8'!F48+'IE9'!B48 -> 0 | G48: =SUM(Budget!$B$45:$J$45) -> 0 | H48: =G48-F48 -> 0
A49: =Data!$B$56 -> 0 | B49: ='CB9'!$AT$38 -> 0 | C49: =Budget!$J$46 -> 0 | D49: =C49-B49 -> 0 | F49: ='IE8'!F49+'IE9'!B49 -> 0 | G49: =SUM(Budget!$B$46:$J$46) -> 0 | H49: =G49-F49 -> 0
A50: =Data!$B$57 -> 0 | B50: ='CB9'!$AU$38 -> 0 | C50: =Budget!$J$47 -> 0 | D50: =C50-B50 -> 0 | F50: ='IE8'!F50+'IE9'!B50 -> 0 | G50: =SUM(Budget!$B$47:$J$47) -> 0 | H50: =G50-F50 -> 0
A51: =Data!$B$58 -> 0 | B51: ='CB9'!$AV$38 -> 0 | C51: =Budget!$J$48 -> 0 | D51: =C51-B51 -> 0 | F51: ='IE8'!F51+'IE9'!B51 -> 0 | G51: =SUM(Budget!$B$48:$J$48) -> 0 | H51: =G51-F51 -> 0
A52: =Data!$B$59 -> 0 | B52: ='CB9'!$AW$38 -> 0 | C52: =Budget!$J$49 -> 0 | D52: =C52-B52 -> 0 | F52: ='IE8'!F52+'IE9'!B52 -> 0 | G52: =SUM(Budget!$B$49:$J$49) -> 0 | H52: =G52-F52 -> 0
A53: =Data!$B$60 -> 0 | B53: ='CB9'!$AX$38 -> 0 | C53: =Budget!$J$50 -> 0 | D53: =C53-B53 -> 0 | F53: ='IE8'!F53+'IE9'!B53 -> 0 | G53: =SUM(Budget!$B$50:$J$50) -> 0 | H53: =G53-F53 -> 0
A54: =Data!$B$61 -> 0 | B54: ='CB9'!$AY$38 -> 0 | C54: =Budget!$J$51 -> 0 | D54: =C54-B54 -> 0 | F54: ='IE8'!F54+'IE9'!B54 -> 0 | G54: =SUM(Budget!$B$51:$J$51) -> 0 | H54: =G54-F54 -> 0
A55: =Data!$B$62 -> 0 | B55: ='CB9'!$AZ$38 -> 0 | C55: =Budget!$J$52 -> 0 | D55: =C55-B55 -> 0 | F55: ='IE8'!F55+'IE9'!B55 -> 0 | G55: =SUM(Budget!$B$52:$J$52) -> 0 | H55: =G55-F55 -> 0
A56: =Data!$B$63 -> 0 | B56: ='CB9'!$BA$38 -> 0 | C56: =Budget!$J$53 -> 0 | D56: =C56-B56 -> 0 | F56: ='IE8'!F56+'IE9'!B56 -> 0 | G56: =SUM(Budget!$B$53:$J$53) -> 0 | H56: =G56-F56 -> 0
A57: =Data!B64 -> 0 | B57: ='CB9'!$BB$38 -> 0 | C57: =Budget!$J$54 -> 0 | D57: =C57-B57 -> 0 | F57: ='IE8'!F57+'IE9'!B57 -> 0 | G57: =SUM(Budget!$B$54:$J$54) -> 0 | H57: =G57-F57 -> 0
A58: =Data!B65 -> 0 | B58: ='CB9'!$BC$38 -> 0 | C58: =Budget!$J$55 -> 0 | D58: =C58-B58 -> 0 | F58: ='IE8'!F58+'IE9'!B58 -> 0 | G58: =SUM(Budget!$B$55:$J$55) -> 0 | H58: =G58-F58 -> 0
A59: =Data!B66 -> 0 | B59: ='CB9'!$BD$38 -> 0 | C59: =Budget!$J$56 -> 0 | D59: =C59-B59 -> 0 | F59: ='IE8'!F59+'IE9'!B59 -> 0 | G59: =SUM(Budget!$B$56:$J$56) -> 0 | H59: =G59-F59 -> 0
A60: =Data!B67 -> 0 | B60: ='CB9'!$BE$38 -> 0 | C60: =Budget!$J$57 -> 0 | D60: =C60-B60 -> 0 | F60: ='IE8'!F60+'IE9'!B60 -> 0 | G60: =SUM(Budget!$B$57:$J$57) -> 0 | H60: =G60-F60 -> 0
A61: =Data!B68 -> 0 | B61: ='CB9'!$BF$38 -> 0 | C61: =Budget!$J$58 -> 0 | D61: =C61-B61 -> 0 | F61: ='IE8'!F61+'IE9'!B61 -> 0 | G61: =SUM(Budget!$B$58:$J$58) -> 0 | H61: =G61-F61 -> 0
A62: =Data!B69 -> 0 | B62: ='CB9'!$BG$38 -> 0 | C62: =Budget!$J$59 -> 0 | D62: =C62-B62 -> 0 | F62: ='IE8'!F62+'IE9'!B62 -> 0 | G62: =SUM(Budget!$B$59:$J$59) -> 0 | H62: =G62-F62 -> 0
A63: =Data!B70 -> 0 | B63: ='CB9'!$BH$38 -> 0 | C63: =Budget!$J$60 -> 0 | D63: =C63-B63 -> 0 | F63: ='IE8'!F63+'IE9'!B63 -> 0 | G63: =SUM(Budget!$B$60:$J$60) -> 0 | H63: =G63-F63 -> 0
A64: =Data!B71 -> 0 | B64: ='CB9'!$BI$38 -> 0 | C64: =Budget!$J$61 -> 0 | D64: =C64-B64 -> 0 | F64: ='IE8'!F64+'IE9'!B64 -> 0 | G64: =SUM(Budget!$B$61:$J$61) -> 0 | H64: =G64-F64 -> 0
A65: =Data!B72 -> 0 | B65: ='CB9'!$BJ$38 -> 0 | C65: =Budget!$J$62 -> 0 | D65: =C65-B65 -> 0 | F65: ='IE8'!F65+'IE9'!B65 -> 0 | G65: =SUM(Budget!$B$62:$J$62) -> 0 | H65: =G65-F65 -> 0
A66: =Data!B73 -> 0 | B66: ='CB9'!$BK$38 -> 0 | C66: =Budget!$J$63 -> 0 | D66: =C66-B66 -> 0 | F66: ='IE8'!F66+'IE9'!B66 -> 0 | G66: =SUM(Budget!$B$63:$J$63) -> 0 | H66: =G66-F66 -> 0
A67: =Data!B74 -> 0 | B67: ='CB9'!$BL$38 -> 0 | C67: =Budget!$J$64 -> 0 | D67: =C67-B67 -> 0 | F67: ='IE8'!F67+'IE9'!B67 -> 0 | G67: =SUM(Budget!$B$64:$J$64) -> 0 | H67: =G67-F67 -> 0
A68: =Data!B75 -> 0 | B68: ='CB9'!$BM$38 -> 0 | C68: =Budget!$J$65 -> 0 | D68: =C68-B68 -> 0 | F68: ='IE8'!F68+'IE9'!B68 -> 0 | G68: =SUM(Budget!$B$65:$J$65) -> 0 | H68: =G68-F68 -> 0
A69: =Data!B76 -> 0 | B69: ='CB9'!$BN$38 -> 0 | C69: =Budget!$J$66 -> 0 | D69: =C69-B69 -> 0 | F69: ='IE8'!F69+'IE9'!B69 -> 0 | G69: =SUM(Budget!$B$66:$J$66) -> 0 | H69: =G69-F69 -> 0
A70: =Data!B77 -> 0 | B70: ='CB9'!BO$38 -> 0 | C70: =Budget!$J$67 -> 0 | D70: =C70-B70 -> 0 | F70: ='IE8'!F70+'IE9'!B70 -> 0 | G70: =SUM(Budget!$B$67:$J$67) -> 0 | H70: =G70-F70 -> 0
A71: =Data!B78 -> 0 | B71: ='CB9'!$BP$38 -> 0 | C71: =Budget!$J$68 -> 0 | D71: =C71-B71 -> 0 | F71: ='IE8'!F71+'IE9'!B71 -> 0 | G71: =SUM(Budget!$B$68:$J$68) -> 0 | H71: =G71-F71 -> 0
A72: =Data!B79 -> 0 | B72: ='CB9'!$BQ$38 -> 0 | C72: =Budget!$J$69 -> 0 | D72: =C72-B72 -> 0 | F72: ='IE8'!F72+'IE9'!B72 -> 0 | G72: =SUM(Budget!$B$69:$J$69) -> 0 | H72: =G72-F72 -> 0
A73: =Data!B80 -> 0 | B73: ='CB9'!$BR$38 -> 0 | C73: =Budget!$J$70 -> 0 | D73: =C73-B73 -> 0 | F73: ='IE8'!F73+'IE9'!B73 -> 0 | G73: =SUM(Budget!$B$70:$J$70) -> 0 | H73: =G73-F73 -> 0
A74: =Data!B81 -> 0 | B74: ='CB9'!$BS$38 -> 0 | C74: =Budget!$J$71 -> 0 | D74: =C74-B74 -> 0 | F74: ='IE8'!F74+'IE9'!B74 -> 0 | G74: =SUM(Budget!$B$71:$J$71) -> 0 | H74: =G74-F74 -> 0
A75: =Data!B82 -> 0 | B75: ='CB9'!$BT$38 -> 0 | C75: =Budget!$J$72 -> 0 | D75: =C75-B75 -> 0 | F75: ='IE8'!F75+'IE9'!B75 -> 0 | G75: =SUM(Budget!$B$72:$J$72) -> 0 | H75: =G75-F75 -> 0
A76: =Data!B83 -> 0 | B76: ='CB9'!$BU$38 -> 0 | C76: =Budget!$J$73 -> 0 | D76: =C76-B76 -> 0 | F76: ='IE8'!F76+'IE9'!B76 -> 0 | G76: =SUM(Budget!$B$73:$J$73) -> 0 | H76: =G76-F76 -> 0
A77: =Data!B84 -> 0 | B77: ='CB9'!$BV$38 -> 0 | C77: =Budget!$J$74 -> 0 | D77: =C77-B77 -> 0 | F77: ='IE8'!F77+'IE9'!B77 -> 0 | G77: =SUM(Budget!$B$74:$J$74) -> 0 | H77: =G77-F77 -> 0
A78: =Data!B85 -> 0 | B78: ='CB9'!$BW$38 -> 0 | C78: =Budget!$J$75 -> 0 | D78: =C78-B78 -> 0 | F78: ='IE8'!F78+'IE9'!B78 -> 0 | G78: =SUM(Budget!$B$75:$J$75) -> 0 | H78: =G78-F78 -> 0
A79: =Data!B86 -> 0 | B79: ='CB9'!$BX$38 -> 0 | C79: =Budget!$J$76 -> 0 | D79: =C79-B79 -> 0 | F79: ='IE8'!F79+'IE9'!B79 -> 0 | G79: =SUM(Budget!$B$76:$J$76) -> 0 | H79: =G79-F79 -> 0
A80: =Data!B87 -> 0 | B80: ='CB9'!$BY$38 -> 0 | C80: =Budget!$J$77 -> 0 | D80: =C80-B80 -> 0 | F80: ='IE8'!F80+'IE9'!B80 -> 0 | G80: =SUM(Budget!$B$77:$J$77) -> 0 | H80: =G80-F80 -> 0
A81: =Data!B88 -> 0 | B81: ='CB9'!$BZ$38 -> 0 | C81: =Budget!$J$78 -> 0 | D81: =C81-B81 -> 0 | F81: ='IE8'!F81+'IE9'!B81 -> 0 | G81: =SUM(Budget!$B$78:$J$78) -> 0 | H81: =G81-F81 -> 0
A82: =Data!B89 -> 0 | B82: ='CB9'!$CA$38 -> 0 | C82: =Budget!$J$79 -> 0 | D82: =C82-B82 -> 0 | F82: ='IE8'!F82+'IE9'!B82 -> 0 | G82: =SUM(Budget!$B$79:$J$79) -> 0 | H82: =G82-F82 -> 0
A83: =Data!B90 -> 0 | B83: ='CB9'!$CB$38 -> 0 | C83: =Budget!$J$80 -> 0 | D83: =C83-B83 -> 0 | F83: ='IE8'!F83+'IE9'!B83 -> 0 | G83: =SUM(Budget!$B$80:$J$80) -> 0 | H83: =G83-F83 -> 0
A84: =Data!B91 -> 0 | B84: ='CB9'!$CC$38 -> 0 | C84: =Budget!$J$81 -> 0 | D84: =C84-B84 -> 0 | F84: ='IE8'!F84+'IE9'!B84 -> 0 | G84: =SUM(Budget!$B$81:$J$81) -> 0 | H84: =G84-F84 -> 0
A85: =Data!B92 -> 0 | B85: ='CB9'!$CD$38 -> 0 | C85: =Budget!$J$82 -> 0 | D85: =C85-B85 -> 0 | F85: ='IE8'!F85+'IE9'!B85 -> 0 | G85: =SUM(Budget!$B$82:$J$82) -> 0 | H85: =G85-F85 -> 0
A86: =Data!B93 -> 0 | B86: ='CB9'!$CE$38 -> 0 | C86: =Budget!$J$83 -> 0 | D86: =C86-B86 -> 0 | F86: ='IE8'!F86+'IE9'!B86 -> 0 | G86: =SUM(Budget!$B$83:$J$83) -> 0 | H86: =G86-F86 -> 0
A87: =Data!B94 -> 0 | B87: ='CB9'!$CF$38 -> 0 | C87: =Budget!$J$84 -> 0 | D87: =C87-B87 -> 0 | F87: ='IE8'!F87+'IE9'!B87 -> 0 | G87: =SUM(Budget!$B$84:$J$84) -> 0 | H87: =G87-F87 -> 0
A88: TOTAL EXPENDITURE | B88: =SUM(B43:B87) -> 0 | C88: =SUM(C43:C87) -> 0 | D88: =SUM(D43:D87) -> 0 | F88: =SUM(F43:F87) -> 0 | G88: =SUM(G43:G87) -> 0 | H88: =SUM(H43:H87) -> 0
A90: Surplus / (Deficit) | B90: =B40-B88 -> 0 | C90: =C40-C88 -> 0 | D90: =D40+D88 -> 0 | F90: =F40-F88 -> 0 | G90: =G40-G88 -> 0 | H90: =H40+H88 -> 0

Sheet IE10
A1: =_xlfn.CONCAT(Data!$B$2," Income & Expenditure Account") -> Income & Expenditure Account
A3: Year | B3: =Data!$B$3 -> 0
A4: Month | B4: =Data!B13 -> 0
B7: Actual | C7: Budget | D7: Variance | F7: Actual | G7: Budget | H7: Variance
B8: Month | C8: Month | D8: Month | F8: YTD | G8: YTD | H8: YTD
A9: Income | B9: £ | C9: £ | D9: £ | F9: £ | G9: £ | H9: £ | J9: Reason for Variance above or below 10% of budget | K9: Action Required | L9: Note No.
A10: =Data!$B$18 -> 0 | B10: ='CB10'!$E$38 -> 0 | C10: =Budget!$K$7 -> 0 | D10: =B10-C10 -> 0 | F10: ='IE9'!F10+'IE10'!B10 -> 0 | G10: =SUM(Budget!$B$7:$K$7) -> 0 | H10: =F10-G10 -> 0
A11: =Data!$B$19 -> 0 | B11: ='CB10'!$F$38 -> 0 | C11: =Budget!$K$8 -> 0 | D11: =B11-C11 -> 0 | F11: ='IE9'!F11+'IE10'!B11 -> 0 | G11: =SUM(Budget!$B$8:$K$8) -> 0 | H11: =F11-G11 -> 0
A12: =Data!$B$20 -> 0 | B12: ='CB10'!$G$38 -> 0 | C12: =Budget!$K$9 -> 0 | D12: =B12-C12 -> 0 | F12: ='IE9'!F12+'IE10'!B12 -> 0 | G12: =SUM(Budget!$B$9:$K$9) -> 0 | H12: =F12-G12 -> 0
A13: =Data!$B$21 -> 0 | B13: ='CB10'!$H$38 -> 0 | C13: =Budget!$K$10 -> 0 | D13: =B13-C13 -> 0 | F13: ='IE9'!F13+'IE10'!B13 -> 0 | G13: =SUM(Budget!$B$10:$K$10) -> 0 | H13: =F13-G13 -> 0
A14: =Data!$B$22 -> 0 | B14: ='CB10'!$I$38 -> 0 | C14: =Budget!$K$11 -> 0 | D14: =B14-C14 -> 0 | F14: ='IE9'!F14+'IE10'!B14 -> 0 | G14: =SUM(Budget!$B$11:$K$11) -> 0 | H14: =F14-G14 -> 0
A15: =Data!$B$23 -> 0 | B15: ='CB10'!$J$38 -> 0 | C15: =Budget!$K$12 -> 0 | D15: =B15-C15 -> 0 | F15: ='IE9'!F15+'IE10'!B15 -> 0 | G15: =SUM(Budget!$B$12:$K$12) -> 0 | H15: =F15-G15 -> 0
A16: =Data!$B$24 -> 0 | B16: ='CB10'!$K$38 -> 0 | C16: =Budget!$K$13 -> 0 | D16: =B16-C16 -> 0 | F16: ='IE9'!F16+'IE10'!B16 -> 0 | G16: =SUM(Budget!$B$13:$K$13) -> 0 | H16: =F16-G16 -> 0
A17: =Data!$B$25 -> 0 | B17: ='CB10'!$L$38 -> 0 | C17: =Budget!$K$14 -> 0 | D17: =B17-C17 -> 0 | F17: ='IE9'!F17+'IE10'!B17 -> 0 | G17: =SUM(Budget!$B$14:$K$14) -> 0 | H17: =F17-G17 -> 0
A18: =Data!$B$26 -> 0 | B18: ='CB10'!$M$38 -> 0 | C18: =Budget!$K$15 -> 0 | D18: =B18-C18 -> 0 | F18: ='IE9'!F18+'IE10'!B18 -> 0 | G18: =SUM(Budget!$B$15:$K$15) -> 0 | H18: =F18-G18 -> 0
A19: =Data!$B$27 -> 0 | B19: ='CB10'!$N$38 -> 0 | C19: =Budget!$K$16 -> 0 | D19: =B19-C19 -> 0 | F19: ='IE9'!F19+'IE10'!B19 -> 0 | G19: =SUM(Budget!$B$16:$K$16) -> 0 | H19: =F19-G19 -> 0
A20: =Data!$B$28 -> 0 | B20: ='CB10'!$O$38 -> 0 | C20: =Budget!$K$17 -> 0 | D20: =B20-C20 -> 0 | F20: ='IE9'!F20+'IE10'!B20 -> 0 | G20: =SUM(Budget!$B$17:$K$17) -> 0 | H20: =F20-G20 -> 0
A21: =Data!$B$29 -> 0 | B21: ='CB10'!$P$38 -> 0 | C21: =Budget!$K$18 -> 0 | D21: =B21-C21 -> 0 | F21: ='IE9'!F21+'IE10'!B21 -> 0 | G21: =SUM(Budget!$B$18:$K$18) -> 0 | H21: =F21-G21 -> 0
A22: =Data!$B$30 -> 0 | B22: ='CB10'!$Q$38 -> 0 | C22: =Budget!$K$19 -> 0 | D22: =B22-C22 -> 0 | F22: ='IE9'!F22+'IE10'!B22 -> 0 | G22: =SUM(Budget!$B$19:$K$19) -> 0 | H22: =F22-G22 -> 0
A23: =Data!$B$31 -> 0 | B23: ='CB10'!$R$38 -> 0 | C23: =Budget!$K$20 -> 0 | D23: =B23-C23 -> 0 | F23: ='IE9'!F23+'IE10'!B23 -> 0 | G23: =SUM(Budget!$B$20:$K$20) -> 0 | H23: =F23-G23 -> 0
A24: =Data!$B$32 -> 0 | B24: ='CB10'!$S$38 -> 0 | C24: =Budget!$K$21 -> 0 | D24: =B24-C24 -> 0 | F24: ='IE9'!F24+'IE10'!B24 -> 0 | G24: =SUM(Budget!$B$21:$K$21) -> 0 | H24: =F24-G24 -> 0
A25: =Data!$B$33 -> 0 | B25: ='CB10'!$T$38 -> 0 | C25: =Budget!$K$22 -> 0 | D25: =B25-C25 -> 0 | F25: ='IE9'!F25+'IE10'!B25 -> 0 | G25: =SUM(Budget!$B$22:$K$22) -> 0 | H25: =F25-G25 -> 0
A26: =Data!$B$34 -> 0 | B26: ='CB10'!$U$38 -> 0 | C26: =Budget!$K$23 -> 0 | D26: =B26-C26 -> 0 | F26: ='IE9'!F26+'IE10'!B26 -> 0 | G26: =SUM(Budget!$B$23:$K$23) -> 0 | H26: =F26-G26 -> 0
A27: =Data!$B$35 -> 0 | B27: ='CB10'!$V$38 -> 0 | C27: =Budget!$K$24 -> 0 | D27: =B27-C27 -> 0 | F27: ='IE9'!F27+'IE10'!B27 -> 0 | G27: =SUM(Budget!$B$24:$K$24) -> 0 | H27: =F27-G27 -> 0
A28: =Data!$B$36 -> 0 | B28: ='CB10'!$W$38 -> 0 | C28: =Budget!$K$25 -> 0 | D28: =B28-C28 -> 0 | F28: ='IE9'!F28+'IE10'!B28 -> 0 | G28: =SUM(Budget!$B$25:$K$25) -> 0 | H28: =F28-G28 -> 0
A29: =Data!$B$37 -> 0 | B29: ='CB10'!$X$38 -> 0 | C29: =Budget!$K$26 -> 0 | D29: =B29-C29 -> 0 | F29: ='IE9'!F29+'IE10'!B29 -> 0 | G29: =SUM(Budget!$B$26:$K$26) -> 0 | H29: =F29-G29 -> 0
A30: =Data!$B$38 -> 0 | B30: ='CB10'!$Y$38 -> 0 | C30: =Budget!$K$27 -> 0 | D30: =B30-C30 -> 0 | F30: ='IE9'!F30+'IE10'!B30 -> 0 | G30: =SUM(Budget!$B$27:$K$27) -> 0 | H30: =F30-G30 -> 0
A31: =Data!$B$39 -> 0 | B31: ='CB10'!$Z$38 -> 0 | C31: =Budget!$K$28 -> 0 | D31: =B31-C31 -> 0 | F31: ='IE9'!F31+'IE10'!B31 -> 0 | G31: =SUM(Budget!$B$28:$K$28) -> 0 | H31: =F31-G31 -> 0
A32: =Data!$B$40 -> 0 | B32: ='CB10'!$AA$38 -> 0 | C32: =Budget!$K$29 -> 0 | D32: =B32-C32 -> 0 | F32: ='IE9'!F32+'IE10'!B32 -> 0 | G32: =SUM(Budget!$B$29:$K$29) -> 0 | H32: =F32-G32 -> 0
A33: =Data!$B$41 -> 0 | B33: ='CB10'!$AB$38 -> 0 | C33: =Budget!$K$30 -> 0 | D33: =B33-C33 -> 0 | F33: ='IE9'!F33+'IE10'!B33 -> 0 | G33: =SUM(Budget!$B$30:$K$30) -> 0 | H33: =F33-G33 -> 0
A34: =Data!$B$42 -> 0 | B34: ='CB10'!$AC$38 -> 0 | C34: =Budget!$K$31 -> 0 | D34: =B34-C34 -> 0 | F34: ='IE9'!F34+'IE10'!B34 -> 0 | G34: =SUM(Budget!$B$31:$K$31) -> 0 | H34: =F34-G34 -> 0
A35: =Data!$B$43 -> 0 | B35: ='CB10'!$AD$38 -> 0 | C35: =Budget!$K$32 -> 0 | D35: =B35-C35 -> 0 | F35: ='IE9'!F35+'IE10'!B35 -> 0 | G35: =SUM(Budget!$B$32:$K$32) -> 0 | H35: =F35-G35 -> 0
A36: =Data!$B$44 -> 0 | B36: ='CB10'!$AE$38 -> 0 | C36: =Budget!$K$33 -> 0 | D36: =B36-C36 -> 0 | F36: ='IE9'!F36+'IE10'!B36 -> 0 | G36: =SUM(Budget!$B$33:$K$33) -> 0 | H36: =F36-G36 -> 0
A37: =Data!$B$45 -> 0 | B37: ='CB10'!$AF$38 -> 0 | C37: =Budget!$K$34 -> 0 | D37: =B37-C37 -> 0 | F37: ='IE9'!F37+'IE10'!B37 -> 0 | G37: =SUM(Budget!$B$34:$K$34) -> 0 | H37: =F37-G37 -> 0
A38: =Data!$B$46 -> 0 | B38: ='CB10'!$AG$38 -> 0 | C38: =Budget!$K$35 -> 0 | D38: =B38-C38 -> 0 | F38: ='IE9'!F38+'IE10'!B38 -> 0 | G38: =SUM(Budget!$B$35:$K$35) -> 0 | H38: =F38-G38 -> 0
A39: =Data!$B$47 -> 0 | B39: ='CB10'!$AH$38 -> 0 | C39: =Budget!$K$36 -> 0 | D39: =B39-C39 -> 0 | F39: ='IE9'!F39+'IE10'!B39 -> 0 | G39: =SUM(Budget!$B$36:$K$36) -> 0 | H39: =F39-G39 -> 0
A40: TOTAL INCOME | B40: =SUM(B10:B39) -> 0 | C40: =SUM(C10:C39) -> 0 | D40: =SUM(D10:D39) -> 0 | F40: =SUM(F10:F39) -> 0 | G40: =SUM(G10:G39) -> 0 | H40: =SUM(H10:H39) -> 0
A42: Expenditure
A43: =Data!$B$50 -> 0 | B43: ='CB10'!$AN$38 -> 0 | C43: =Budget!$K$40 -> 0 | D43: =C43-B43 -> 0 | F43: ='IE9'!F43+'IE10'!B43 -> 0 | G43: =SUM(Budget!$B$40:$K$40) -> 0 | H43: =G43-F43 -> 0
A44: =Data!$B$51 -> 0 | B44: ='CB10'!$AO$38 -> 0 | C44: =Budget!$K$41 -> 0 | D44: =C44-B44 -> 0 | F44: ='IE9'!F44+'IE10'!B44 -> 0 | G44: =SUM(Budget!$B$41:$K$41) -> 0 | H44: =G44-F44 -> 0
A45: =Data!$B$52 -> 0 | B45: ='CB10'!$AP$38 -> 0 | C45: =Budget!$K$42 -> 0 | D45: =C45-B45 -> 0 | F45: ='IE9'!F45+'IE10'!B45 -> 0 | G45: =SUM(Budget!$B$42:$K$42) -> 0 | H45: =G45-F45 -> 0
A46: =Data!$B$53 -> 0 | B46: ='CB10'!$AQ$38 -> 0 | C46: =Budget!$K$43 -> 0 | D46: =C46-B46 -> 0 | F46: ='IE9'!F46+'IE10'!B46 -> 0 | G46: =SUM(Budget!$B$43:$K$43) -> 0 | H46: =G46-F46 -> 0
A47: =Data!$B$54 -> 0 | B47: ='CB10'!$AR$38 -> 0 | C47: =Budget!$K$44 -> 0 | D47: =C47-B47 -> 0 | F47: ='IE9'!F47+'IE10'!B47 -> 0 | G47: =SUM(Budget!$B$44:$K$44) -> 0 | H47: =G47-F47 -> 0
A48: =Data!$B$55 -> 0 | B48: ='CB10'!$AS$38 -> 0 | C48: =Budget!$K$45 -> 0 | D48: =C48-B48 -> 0 | F48: ='IE9'!F48+'IE10'!B48 -> 0 | G48: =SUM(Budget!$B$45:$K$45) -> 0 | H48: =G48-F48 -> 0
A49: =Data!$B$56 -> 0 | B49: ='CB10'!$AT$38 -> 0 | C49: =Budget!$K$46 -> 0 | D49: =C49-B49 -> 0 | F49: ='IE9'!F49+'IE10'!B49 -> 0 | G49: =SUM(Budget!$B$46:$K$46) -> 0 | H49: =G49-F49 -> 0
A50: =Data!$B$57 -> 0 | B50: ='CB10'!$AU$38 -> 0 | C50: =Budget!$K$47 -> 0 | D50: =C50-B50 -> 0 | F50: ='IE9'!F50+'IE10'!B50 -> 0 | G50: =SUM(Budget!$B$47:$K$47) -> 0 | H50: =G50-F50 -> 0
A51: =Data!$B$58 -> 0 | B51: ='CB10'!$AV$38 -> 0 | C51: =Budget!$K$48 -> 0 | D51: =C51-B51 -> 0 | F51: ='IE9'!F51+'IE10'!B51 -> 0 | G51: =SUM(Budget!$B$48:$K$48) -> 0 | H51: =G51-F51 -> 0
A52: =Data!$B$59 -> 0 | B52: ='CB10'!$AW$38 -> 0 | C52: =Budget!$K$49 -> 0 | D52: =C52-B52 -> 0 | F52: ='IE9'!F52+'IE10'!B52 -> 0 | G52: =SUM(Budget!$B$49:$K$49) -> 0 | H52: =G52-F52 -> 0
A53: =Data!$B$60 -> 0 | B53: ='CB10'!$AX$38 -> 0 | C53: =Budget!$K$50 -> 0 | D53: =C53-B53 -> 0 | F53: ='IE9'!F53+'IE10'!B53 -> 0 | G53: =SUM(Budget!$B$50:$K$50) -> 0 | H53: =G53-F53 -> 0
A54: =Data!$B$61 -> 0 | B54: ='CB10'!$AY$38 -> 0 | C54: =Budget!$K$51 -> 0 | D54: =C54-B54 -> 0 | F54: ='IE9'!F54+'IE10'!B54 -> 0 | G54: =SUM(Budget!$B$51:$K$51) -> 0 | H54: =G54-F54 -> 0
A55: =Data!$B$62 -> 0 | B55: ='CB10'!$AZ$38 -> 0 | C55: =Budget!$K$52 -> 0 | D55: =C55-B55 -> 0 | F55: ='IE9'!F55+'IE10'!B55 -> 0 | G55: =SUM(Budget!$B$52:$K$52) -> 0 | H55: =G55-F55 -> 0
A56: =Data!$B$63 -> 0 | B56: ='CB10'!$BA$38 -> 0 | C56: =Budget!$K$53 -> 0 | D56: =C56-B56 -> 0 | F56: ='IE9'!F56+'IE10'!B56 -> 0 | G56: =SUM(Budget!$B$53:$K$53) -> 0 | H56: =G56-F56 -> 0
A57: =Data!B64 -> 0 | B57: ='CB10'!$BB$38 -> 0 | C57: =Budget!$K$54 -> 0 | D57: =C57-B57 -> 0 | F57: ='IE9'!F57+'IE10'!B57 -> 0 | G57: =SUM(Budget!$B$54:$K$54) -> 0 | H57: =G57-F57 -> 0
A58: =Data!B65 -> 0 | B58: ='CB10'!$BC$38 -> 0 | C58: =Budget!$K$55 -> 0 | D58: =C58-B58 -> 0 | F58: ='IE9'!F58+'IE10'!B58 -> 0 | G58: =SUM(Budget!$B$55:$K$55) -> 0 | H58: =G58-F58 -> 0
A59: =Data!B66 -> 0 | B59: ='CB10'!$BD$38 -> 0 | C59: =Budget!$K$56 -> 0 | D59: =C59-B59 -> 0 | F59: ='IE9'!F59+'IE10'!B59 -> 0 | G59: =SUM(Budget!$B$56:$K$56) -> 0 | H59: =G59-F59 -> 0
A60: =Data!B67 -> 0 | B60: ='CB10'!$BE$38 -> 0 | C60: =Budget!$K$57 -> 0 | D60: =C60-B60 -> 0 | F60: ='IE9'!F60+'IE10'!B60 -> 0 | G60: =SUM(Budget!$B$57:$K$57) -> 0 | H60: =G60-F60 -> 0
A61: =Data!B68 -> 0 | B61: ='CB10'!$BF$38 -> 0 | C61: =Budget!$K$58 -> 0 | D61: =C61-B61 -> 0 | F61: ='IE9'!F61+'IE10'!B61 -> 0 | G61: =SUM(Budget!$B$58:$K$58) -> 0 | H61: =G61-F61 -> 0
A62: =Data!B69 -> 0 | B62: ='CB10'!$BG$38 -> 0 | C62: =Budget!$K$59 -> 0 | D62: =C62-B62 -> 0 | F62: ='IE9'!F62+'IE10'!B62 -> 0 | G62: =SUM(Budget!$B$59:$K$59) -> 0 | H62: =G62-F62 -> 0
